Workbook
Name Indirect_Cost_Plan___2015_16: #REF!
Name Indirect_Cost_Plan___2015_16: #REF!
Name Indirect_Cost_Plan___2015_16: #REF!
Name NvsEndTime: 45448.5669097222

Sheet Master Grant List
B1: MASTER GRANT LIST
A6: Fund | B6: Grant - Program Title | C6: ALN/Name | D6: FAIN# | E6: TAPS | F6: Award # | G6: Awarding Federal Agency | H6: FY26 Restricted Indirect Cost Rate+ | I6: FY26 Unrestricted Indirect Cost Rate+ | J6: Last Date to Incur Expenditures | K6: Last Date to Submit Reimbursement Request/Close out Grants | L6: Federal Award Date | M6: Project Period
A7: 4201 | B7: Title I, Part A - Improving the Academic Achievement of the Disadvantaged (TIPA) | C7: 84.010A Title I, Part A, Basic USDE | D7: S010A250009 | E7: 26A001 | F7: 500-2126C-6CB01 | G7: U.S. Dept. of Education | H7: 0.0221 | I7: 0.1634 | J7: 46203 | K7: 46204 | L7: 45839 | M7: 07/01/25 - 06/30/26
A8: 4203 | B8: Title II, Part A - Supporting Effective Instruction | C8: 84.367A Title II, A Teacher & Principal Training Fund USDE | D8: S367A240009 | E8: 25A011 | F8: 500-2245C-5CT01 | G8: U.S. Dept. of Education | H8: 0.0221 | I8: 0.1634 | J8: 46203 | K8: 46204 | L8: 45474 | M8: 07/01/24 - 06/30/26
A9: 4203 | B9: Title II, Part A - Supporting Effective Instruction | C9: 84.367A Title II, A Teacher & Principal Training Fund USDE | D9: S367A250009 | E9: 26A011 | F9: 500-2246C-6CT01 | G9: U.S. Dept. of Education | H9: 0.0221 | I9: 0.1634 | J9: 46203 | K9: 46204 | L9: 45839 | M9: 07/01/25 - 06/30/26
A10: 4204 | B10: Stronger Connections Grant Program | C10: 84.424F Title II BSCA SSAE Program USDE | D10: S424F220010 | E10: 24A278 | F10: 500-2423A-4CR01 | G10: U.S. Dept. of Education | H10: 0.0221 | I10: 0.1634 | J10: 46295 | K10: 46296 | L10: 44819 | M10: 01/01/24 - 09/30/26
A11: 4221 | B11: Title I, Part A - Unified School Improvement Grant (UniSIG) | C11: 84.010A PL 114-95 ESSA 2015, Title I, Part A | D11: S010A240009 | E11: 25A002 | F11: 500-2265D-5C001 | G11: U.S. Dept. of Education | H11: 0.0221 | I11: 0.1634 | J11: 45869 | K11: 45870 | L11: 45474 | M11: 08/01/24 - 07/31/25
A12: 4221 | B12: Title I, Part A - Unified School Improvement Grant (UniSIG) | C12: 84.010A Title I Part A School Improvement 1003 USDE | D12: S010A250009 | E12: 26A002 | F12: 500-2266D-6C001 | G12: U.S. Dept. of Education | H12: 0.0221 | I12: 0.1634 | J12: 46234 | K12: 46235 | L12: 45839 | M12: 08/01/25 - 07/31/26
A13: 4253 | B13: IDEA Part B, K-12 Entitlement | C13: 84.027A IDEA - Part B, PL 108-446 Section 611 | D13: H027A250024 | E13: 26C001 | F13: 500-2636C-6CB01 | G13: U.S. Dept. of Education | H13: 0.0221 | I13: 0.1634 | J13: 46203 | K13: 46204 | L13: 45839 | M13: 07/01/25 - 06/30/26
A14: 4255 | B14: IDEA Part B, Preschool Entitlement | C14: 84.173A IDEA, Part B - Preschool Section 619 USDE | D14: H173A250027 | E14: 26C002 | F14: 500-2676C-6CP01 | G14: U.S. Dept. of Education | H14: 0.0221 | I14: 0.1634 | J14: 46203 | K14: 46204 | L14: 45839 | M14: 07/01/25 - 06/30/26
A15: 4382 | B15: Title III, Part A - English Language Acquisition, Language Ehancement, and Academic Achievement | C15: 84.365A Title III Part A, English Language Acquisition | D15: T365A240009 | E15: 25A014 | F15: 500-1025B-5C001 | G15: U.S. Dept. of Education | H15: 0.0221 | I15: 0.1634 | J15: 46203 | K15: 46204 | L15: 45474 | M15: 07/01/24 - 06/30/26
A16: 4383 | B16: Title IV, Part A - Student Support and Academic Enrichment (SSAE) | C16: 84.424A Title IV Student Support and Acadmic Enrichment USDE | D16: S424A240010 | E16: 25A120 | F16: 500-2415A-5C001 | G16: U.S. Dept. of Education | H16: 0.0221 | I16: 0.1634 | J16: 46203 | K16: 46204 | L16: 45474 | M16: 07/01/24 - 06/30/26
A17: 4410 | B17: Public Charter School Program Grant (CSP) Planning, Program Design and Implementation (2024-2025) | C17: 84.282A Title IV Part C ESSA PL 114-95 Section 4303 | D17: S282A200017 | E17: 25C113 | F17: 500-2981F-5C101 | G17: U.S. Dept. of Education | H17: 0.0221 | I17: 0.1634 | J17: 46203 | K17: 46204 | L17: 44105 | M17: 10/31/24 - 06/30/26
A18: 4410 | B18: 2022-2025 Public Charter School Program (CSP) Planning, Program Design and Implementation | C18: 84.282A Title IV Part C ESSA 2015 20 USC 7221-7221j USDE | D18: S282A200017 | E18: 23C091 | F18: 500-2981F-3C101 | G18: U.S. Dept. of Education | H18: 0.0221 | I18: 0.1634 | J18: 46203 | K18: 46204 | L18: 44105 | M18: 09/07/22 - 06/30/26
... A21: 4451 | B21: Strengthening Career & Technical Education for the 21st Century Act - Perkins V | C21: 84.048 Perkins V, Title I; WIA, Sect 503 USDE | D21: V048A250009 | E21: 26B004 | F21: 500-1616S-6CS01 | G21: U.S. Dept. of Education | H21: 0.0221 | I21: 0.1634 | J21: 46203 | K21: 46204 | L21: 45839 | M21: 07/01/25 - 06/30/26
M33: TOTAL
B35: TERMS AND SPECIAL CONDITIONS
B36: This project and any amendments are subject to the procedures outlined in the Project Application and Amendment Procedures for Federal and State Programs (Green Book) and the General Assurances for Participation in Federal and State Programs.
B37: As a sub-recipient of Federal funds there is a requirement that you permit the Palm Beach County School District and auditors to have access to your records and financial statements as necessary for the Palm Beach County School District to meet the requirements of section, 200.300 Statutory and national policy requirements through 300.309 Period of performance, and Subpart F-Audit Requirements of this Part.
B39: Pursuant to OMB Uniform Guidance (2 CFR 200.501), "Each non-federal entity that expends $750,000 or more in any fiscal year of such non-federal entity shall be required to have a "Single or program specific audit". For further information, please see link below.
B40: https://www2.ed.gov/policy/fund/guid/uniform-guidance/index.html
B41: Palm Beach County School District Contacts: | C41: Name | D41: Phone#
A42: 4201/4221 | B42: Title I | C42: Nicole Smith | D42: 561-434-8111
A43: 4203 | B43: Title II | C43: Tangela Steele | D43: 561-649-6868
A44: 4204 | B44: Stronger Connections | C44: Samantha Palaigos | D44: 561-434-7368
A45: 4382 | B45: Title III | C45: Katty Chois | D45: 561-434-8774
A46: 4383 | B46: Title IV | C46: Tangela Steele | D46: 561-649-6868
A47: 4253/4255 | B47: IDEA | C47: Jennifer Zapata | D47: 561-434-8707
A48: 4410 | B48: CSP Grant | C48: Simone Oladejo | D48: 561-434-8230
A49: 4445 | B49: 21st CCLC | C49: Simone Oladejo | D49: 561-434-8230
A50: 4451 | B50: Carl D Perkins - Secondary | C50: Fred Passelli | D50: 561-434-8636
B53: *Note - To see Indirect Cost Plan - 2025-26 - The School District of Palm Beach County Website/Choice/Career Programs/Charter Schools/Charter School Fiscal Oversight/ Indirect Cost Plan - 2025-26
B55: `
B56: * On-Behalf Payment Detail: | C56: CFDA # | E56: Paid To | F56: On-Behalf Amount | G56: Date Paid | H56: Description

Sheet #0040 Palm Beach Prep Char. MS
A1: Palm Beach Prep Charter MS
A2: Federal Grant Allocations/Reimbursements as of: 12/31/25
A3: Department # 0040
A4: DUNS #150889900 | R4: July 1, 2025 - June 30, 2026
A6: Fund | B6: Grant - Program Title | C6: ALN/Name | D6: FAIN# | E6: TAPS | F6: Award # | G6: Awarding Federal Agency | H6: FY26 Restricted Indirect Cost Rate+ | I6: FY26 Unrestricted Indirect Cost Rate+ | J6: Last Date to Incur Expenditures | K6: Last Date to Submit Reimbursement Request/Close out Grants | L6: Federal Award Date | M6: Project Period | N6: Original Allocation Amount | O6: Incr <Decr> in Allocation Amount | P6: Revised Allocation Amount | R6: Cash Payments | S6: On-Behalf Payments * | T6: Total Payments ** | U6: Available Budget as of 12/31/25
A7: 4201 | B7: Title I, Part A - Improving the Academic Achievement of the Disadvantaged (TIPA) | C7: 84.010A Title I, Part A, Basic | D7: S010A250009 | E7: 26A001 | F7: 500-2126C-6CB01 | G7: U.S. Dept. of Education | H7: 0.0221 | I7: 0.1634 | J7: 46203 | K7: 46204 | L7: 45839 | M7: 07/01/25 - 06/30/26 | N7: 19626.5 | P7: =N7+O7 -> 19626.5 | R7: 0 | S7: 0 | T7: =R7+S7 -> 0 | U7: =P7-T7 -> 19626.5
A8: 4221 | B8: Title I, Part A - Unified School Improvement Grant (UniSIG) | C8: 84.010A Title I Part A School Improvement 1003 USDE | D8: S010A250009 | E8: 26A002 | F8: 500-2266D-6C001 | G8: U.S. Dept. of Education | H8: 0.0221 | I8: 0.1634 | J8: 46234 | K8: 46235 | L8: 45839 | M8: 08/01/25 - 07/31/26 | N8: 118750 | O8: 0 | P8: =N8+O8 -> 118750 | R8: 0 | S8: 0 | T8: =R8+S8 -> 0 | U8: =P8-T8 -> 118750
M9: TOTAL | N9: =SUM(N7:N8) -> 138376.5 | O9: =SUM(O7:O8) -> 0 | P9: =SUM(P7:P8) -> 138376.5 | R9: =SUM(R7:R8) -> 0 | S9: =SUM(S7:S8) -> 0 | T9: =SUM(T7:T8) -> 0 | U9: =SUM(U7:U8) -> 138376.5
B11: TERMS AND SPECIAL CONDITIONS
B12: This project and any amendments are subject to the procedures outlined in the Project Application and Amendment Procedures for Federal and State Programs (Green Book) and the General Assurances for Participation in Federal and State Programs.
B13: As a sub-recipient of Federal funds there is a requirement that you permit the Palm Beach County School District and auditors to have access to your records and financial statements as necessary for the Palm Beach County School District to meet the requirements of section, 200.300 Statutory and national policy requirements through 300.309 Period of performance, and Subpart F-Audit Requirements of this Part.
B15: Pursuant to OMB Uniform Guidance (2 CFR 200.501), "Each non-federal entity that expends $750,000 or more in any fiscal year of such non-federal entity shall be required to have a "Single or program specific audit". For further information, please see link below.
B16: https://www2.ed.gov/policy/fund/guid/uniform-guidance/index.html
B17: Palm Beach County School District Contacts: | C17: Name | D17: Phone#
B18: Title I | C18: Nicole Smith | D18: 561-434-8111
B25: *Note - To see Indirect Cost Plan - 2025-26 - The School District of Palm Beach County Website/Choice/Career Programs/Charter Schools/Charter School Fiscal Oversight/ Indirect Cost Plan - 2025-26
B27: ` | R27: ** Required to be recorded as Revenue and
B28: * On-Behalf Payment Detail: | C28: CFDA # | E28: Paid To | F28: On-Behalf Amount | G28: Date Paid | H28: Description | R28: Expenditure under the applicable Federal Award
R52: Total Payments: | T52: =SUM(T9) -> 0

Sheet #0100 The Learning Center HS
A1: The Learning Center High School
A2: ='#0040 Palm Beach Prep Char. MS'!A2 -> Federal Grant Allocations/Reimbursements as of: 12/31/25
A3: Department # 0100
A4: DUNS #150889900 | R4: ='#0040 Palm Beach Prep Char. MS'!R4 -> July 1, 2025 - June 30, 2026
A6: Fund | B6: Grant - Program Title | C6: ALN/Name | D6: FAIN# | E6: TAPS | F6: Award # | G6: Awarding Federal Agency | H6: FY26 Restricted Indirect Cost Rate+ | I6: FY26 Unrestricted Indirect Cost Rate+ | J6: Last Date to Incur Expenditures | K6: Last Date to Submit Reimbursement Request/Close out Grants | L6: Federal Award Date | M6: Project Period | N6: Original Allocation Amount | O6: Incr <Decr> in Allocation Amount | P6: Revised Allocation Amount | R6: Cash Payments | S6: On-Behalf Payments * | T6: Total Payments ** | U6: ='#0040 Palm Beach Prep Char. MS'!U6 -> Available Budget as of 12/31/25
A7: 4410 | B7: Public Charter School Program Grant (CSP) Planning, Program Design and Implementation (2024-2025) | C7: 84.282A Title IV Part C ESSA PL 114-95 Section 4303 | D7: S282A200017 | E7: 25C113 | F7: 500-2981F-5C101 | G7: U.S. Dept. of Education | H7: 0.0221 | I7: 0.1634 | J7: 46203 | K7: 46204 | L7: 44105 | M7: 10/31/24 - 06/30/26 | N7: 899993 | P7: =N7+O7 -> 899993 | R7: 368229.87 | T7: =R7+S7 -> 368229.87 | U7: =P7-T7 -> 531763.13
M9: TOTAL | N9: =SUM(N7:N8) -> 899993 | O9: =SUM(O7:O8) -> 0 | P9: =SUM(P7:P8) -> 899993 | R9: =SUM(R7:R8) -> 368229.87 | S9: =SUM(S7:S8) -> 0 | T9: =SUM(T7:T8) -> 368229.87 | U9: =SUM(U7:U8) -> 531763.13
B11: TERMS AND SPECIAL CONDITIONS
B12: This project and any amendments are subject to the procedures outlined in the Project Application and Amendment Procedures for Federal and State Programs (Green Book) and the General Assurances for Participation in Federal and State Programs.
B13: As a sub-recipient of Federal funds there is a requirement that you permit the Palm Beach County School District and auditors to have access to your records and financial statements as necessary for the Palm Beach County School District to meet the requirements of section, 200.300 Statutory and national policy requirements through 300.309 Period of performance, and Subpart F-Audit Requirements of this Part.
B15: Pursuant to OMB Uniform Guidance (2 CFR 200.501), "Each non-federal entity that expends $750,000 or more in any fiscal year of such non-federal entity shall be required to have a "Single or program specific audit". For further information, please see link below.
B16: https://www2.ed.gov/policy/fund/guid/uniform-guidance/index.html
B17: Palm Beach County School District Contacts: | C17: Name | D17: Phone#
A18: 4410 | B18: CSP Grant | C18: Simone Oladejo | D18: 561-434-8230
B25: *Note - To see Indirect Cost Plan - 2025-26 - The School District of Palm Beach County Website/Choice/Career Programs/Charter Schools/Charter School Fiscal Oversight/ Indirect Cost Plan - 2025-26
B27: ` | R27: ** Required to be recorded as Revenue and
B28: * On-Behalf Payment Detail: | C28: CFDA # | E28: Paid To | F28: On-Behalf Amount | G28: Date Paid | H28: Description | R28: Expenditure under the applicable Federal Award
R52: Total Payments: | T52: =SUM(T9) -> 368229.87

Sheet #1461 Inlet Grove Comm HS 
A1: Inlet Grove Community High School
A2: ='#0040 Palm Beach Prep Char. MS'!A2 -> Federal Grant Allocations/Reimbursements as of: 12/31/25
A3: Department # 1461
A4: DUNS #150889900 | R4: ='#0040 Palm Beach Prep Char. MS'!R4 -> July 1, 2025 - June 30, 2026
A6: Fund | B6: Grant - Program Title | C6: ALN/Name | D6: FAIN# | E6: TAPS | F6: Award # | G6: Awarding Federal Agency | H6: FY26 Restricted Indirect Cost Rate+ | I6: FY26 Unrestricted Indirect Cost Rate+ | J6: Last Date to Incur Expenditures | K6: Last Date to Submit Reimbursement Request/Close out Grants | L6: Federal Award Date | M6: Project Period | N6: Original Allocation Amount | O6: Incr <Decr> in Allocation Amount | P6: Revised Allocation Amount | R6: Cash Payments | S6: On-Behalf Payments * | T6: Total Payments ** | U6: ='#0100 The Learning Center HS'!U6 -> Available Budget as of 12/31/25
A7: 4201 | B7: Title I, Part A - Improving the Academic Achievement of the Disadvantaged (TIPA) | C7: 84.010A Title I, Part A, Basic USDE | D7: S010A250009 | E7: 26A001 | F7: 500-2126C-6CB01 | G7: U.S. Dept. of Education | H7: 0.0221 | I7: 0.1634 | J7: 46203 | K7: 46204 | L7: 45839 | M7: 07/01/25 - 06/30/26 | N7: 324258.75 | O7: 36946.5 | P7: =N7+O7 -> 361205.25 | R7: 100092.06 | S7: 0 | T7: =R7+S7 -> 100092.06 | U7: =P7-T7 -> 261113.19
A8: 4451 | B8: Strengthening Career & Technical Education for the 21st Century Act - Perkins V | C8: 84.048 Perkins V, Title I; WIA, Sect 503 USDE | D8: V048A250009 | E8: 26B004 | F8: 500-1616S-6CS01 | G8: U.S. Dept. of Education | H8: 0.0221 | I8: 0.1634 | J8: 46203 | K8: 46204 | L8: 45839 | M8: 07/01/25 - 06/30/26 | N8: 7937 | P8: =N8+O8 -> 7937 | R8: 5000 | S8: 0 | T8: =R8+S8 -> 5000 | U8: =P8-T8 -> 2937
P9: =N9+O9 -> 0 | S9: 0 | T9: =R9+S9 -> 0 | U9: =P9-T9 -> 0
M10: TOTAL | N10: =SUM(N7:N9) -> 332195.75 | O10: =SUM(O7:O9) -> 36946.5 | P10: =SUM(P7:P9) -> 369142.25 | R10: =SUM(R7:R9) -> 105092.06 | S10: =SUM(S7:S9) -> 0 | T10: =SUM(T7:T9) -> 105092.06 | U10: =SUM(U7:U9) -> 264050.19
B12: TERMS AND SPECIAL CONDITIONS
B13: This project and any amendments are subject to the procedures outlined in the Project Application and Amendment Procedures for Federal and State Programs (Green Book) and the General Assurances for Participation in Federal and State Programs.
B14: As a sub-recipient of Federal funds there is a requirement that you permit the Palm Beach County School District and auditors to have access to your records and financial statements as necessary for the Palm Beach County School District to meet the requirements of section, 200.300 Statutory and national policy requirements through 300.309 Period of performance, and Subpart F-Audit Requirements of this Part.
B16: Pursuant to OMB Uniform Guidance (2 CFR 200.501), "Each non-federal entity that expends $750,000 or more in any fiscal year of such non-federal entity shall be required to have a "Single or program specific audit". For further information, please see link below.
B17: https://www2.ed.gov/policy/fund/guid/uniform-guidance/index.html
B20: Palm Beach County School District Contacts: | C20: Name | D20: Phone#
B21: Title I | C21: Nicole Smith | D21: 561-434-8111
B22: Carl D Perkins - Secondary | C22: Fred Passelli | D22: 561-434-8636
B26: *Note - To see Indirect Cost Plan - 2025-26 - The School District of Palm Beach County Website/Choice/Career Programs/Charter Schools/Charter School Fiscal Oversight/ Indirect Cost Plan - 2025-26
R29: ** Required to be recorded as Revenue and
B30: * On-Behalf Payment Detail: | C30: CFDA # | F30: Paid To | G30: On-Behalf Amount | M30: Date Paid | N30: Description | R30: Expenditure under the applicable Federal Award
R52: Total Payments: | T52: =SUM(T10) -> 105092.06

Sheet #1571 South Tech Charter Acad
B1: South Tech Charter Academy | Q1: July 1, 2018 - June 30, 2019
B2: Federal Grant Allocations/Reimbursements as of : | C2: 43465 | Q2: Reimbursements as of 12/31/18
A3: Fund | B3: Department # 1571
B4: DUNS #179459669 | M4: Award | N4: Award | O4: Award | Q4: Cash | R4: On-Behalf | S4: Total
G5: FY19 | H5: FY19 | M5: Original | N5: Incr<Decr> | O5: Revised | Q5: Payments | R5: Payments | S5: Payments
B6: Program Title | C6: CFDA#/Name | D6: FAIN# | E6: Award # | F6: Awarding Federal Agency | G6: Restricted Indirect Cost Rate+ | H6: Unrestricted Indirect Cost Rate+ | I6: Last Date to Incur Expenditures | J6: Last Date to Submit Reimbursement Request/Close out Grants | K6: Federal Award Date | L6: Project Period | M6: Amount | N6: Amount | O6: Amount | R6: * | S6: **
B7: Title 1 Part A Education of Disadvantaged Children & Youth | C7: 84.010 Title I, Part A, Basic | D7: S010A150009 | E7: 500-2129B-9CB01 | F7: U.S. Dept. of Education | G7: 0.0277 | H7: 0.1506 | I7: 43646 | J7: 43647 | K7: 43282 | L7: 07/01/18 - 06/30/19 | M7: 0 | N7: 0 | O7: =M7+N7 -> 0 | Q7: 0 | S7: =Q7+R7 -> 0
B8: IDEA, Part B -K-12, Entitlement | C8: 84.027 IDEA Part B -K-12 Entitlement | D8: H027A150024 | E8: 500-2639B-9CB01 | F8: U.S. Dept. of Education | G8: 0.0314 | H8: 0.1621 | I8: 42916 | J8: 42917 | K8: 42552 | L8: 07/01/2016 - 06/30/2017 | M8: 0 | O8: =M8+N8 -> 0 | Q8: 0 | S8: =Q8+R8 -> 0
B9: Carl D. Perkins - Career & Technical Education, Secondary Sec. 131 | C9: 84.048 Carl D Perkins Career & Technical Education | D9: V048A150009 | E9: 500-1617A-7CS01 | F9: U.S. Dept. of Education | G9: 0.0314 | H9: 0.1621 | I9: 42916 | J9: 42917 | K9: 42552 | L9: 07/01/2016 - 06/30/2017 | M9: 0 | N9: 0 | O9: =M9+N9 -> 0 | Q9: 0 | R9: 0 | S9: =Q9+R9 -> 0
L11: TOTAL | M11: =SUM(M7:M10) -> 0 | N11: =SUM(N7:N10) -> 0 | O11: =SUM(O7:O10) -> 0 | Q11: =SUM(Q7:Q10) -> 0 | R11: =SUM(R7:R10) -> 0 | S11: =SUM(S7:S10) -> 0
B13: TERMS AND SPECIAL CONDITIONS
B14: This project and any amendments are subject to the procedures outlined in the Project Application and Amendment Procedures for Federal and State Programs (Green Book) and the General Assurances for Participation in Federal and State Programs.
B16: As a sub-recipient of Federal funds there is a requirement that you permit the Palm Beach County School District and auditors to have access to your records and financial statements as necessary for the Palm Beach County School District to meet the requirements of section, 200.300 Statutory and national policy requirements through 300.309 Period of performance, and Subpart F-Audit Requirements of this Part.
B18: Pursuant to OMB Uniform Guidance (2 CFR 200.501), "Each non-federal entity that expends $750,000 or more in any fiscal year of such non-federal entity shall be required to have a "Single or program specific audit". For further information, please see link below.
B19: https://www2.ed.gov/policy/fund/guid/uniform-guidance/index.html
B21: Palm Beach County School District Contacts: | C21: Name | D21: Phone#
B26: Indirect Cost Plan - 2018-19
Q29: ** Required to be recorded as Revenue and
B30: * On-Behalf Payment Detail: | C30: CFDA # | D30: Paid To | E30: On-Behalf Amount | F30: Date Paid | G30: Description | Q30: Expenditure under the applicable Federal Award
E39: =SUM(E31:E38) -> 0

Sheet #1571 South Tech Academy
A1: South Tech Academy
A2: ='#0040 Palm Beach Prep Char. MS'!A2 -> Federal Grant Allocations/Reimbursements as of: 12/31/25
A3: Department # 1571
R4: ='#0040 Palm Beach Prep Char. MS'!R4 -> July 1, 2025 - June 30, 2026
A6: Fund | B6: Grant - Program Title | C6: ALN/Name | D6: FAIN# | E6: TAPS | F6: Award # | G6: Awarding Federal Agency | H6: ='#1461 Inlet Grove Comm HS '!H6 -> FY26 Restricted Indirect Cost Rate+ | I6: ='#1461 Inlet Grove Comm HS '!I6 -> FY26 Unrestricted Indirect Cost Rate+ | J6: Last Date to Incur Expenditures | K6: Last Date to Submit Reimbursement Request/Close out Grants | L6: Federal Award Date | M6: Project Period | N6: Original Allocation Amount | O6: Incr <Decr> in Allocation Amount | P6: Revised Allocation Amount | R6: Cash Payments | S6: On-Behalf Payments * | T6: Total Payments ** | U6: ='#1461 Inlet Grove Comm HS '!U6 -> Available Budget as of 12/31/25
A7: 4451 | B7: Strengthening Career & Technical Education for the 21st Century Act - Perkins V | C7: 84.048 Perkins V, Title I; WIA, Sect 503 USDE | D7: V048A250009 | E7: 26B004 | F7: 500-1616S-6CS01 | G7: U.S. Dept. of Education | H7: 0.0221 | I7: 0.1634 | J7: 46203 | K7: 46204 | L7: 45839 | M7: 07/01/25 - 06/30/26 | N7: 7937 | O7: 20000 | P7: =SUM(N7:O7) -> 27937 | R7: 0 | S7: 0 | T7: =R7+S7 -> 0 | U7: =P7-R7 -> 27937
P8: =SUM(N8:O8) -> 0
M9: TOTAL | N9: =SUM(N7:N7) -> 7937 | O9: =SUM(O7:O7) -> 20000 | P9: =SUM(P7:P7) -> 27937 | R9: =SUM(R7:R7) -> 0 | S9: =SUM(S7:S7) -> 0 | T9: =SUM(T7:T7) -> 0 | U9: =SUM(U7) -> 27937
B11: TERMS AND SPECIAL CONDITIONS
B12: This project and any amendments are subject to the procedures outlined in the Project Application and Amendment Procedures for Federal and State Programs (Green Book) and the General Assurances for Participation in Federal and State Programs.
B14: As a sub-recipient of Federal funds there is a requirement that you permit the Palm Beach County School District and auditors to have access to your records and financial statements as necessary for the Palm Beach County School District to meet the requirements of section, 200.300 Statutory and national policy requirements through 300.309 Period of performance, and Subpart F-Audit Requirements of this Part.
B16: Pursuant to OMB Uniform Guidance (2 CFR 200.501), "Each non-federal entity that expends $750,000 or more in any fiscal year of such non-federal entity shall be required to have a "Single or program specific audit". For further information, please see link below.
B17: https://www2.ed.gov/policy/fund/guid/uniform-guidance/index.html
B19: Palm Beach County School District Contacts: | C19: Name | D19: Phone#
B20: Carl D Perkins - Secondary | C20: Fred Passelli | D20: 561-434-8636
B22: *Note - To see Indirect Cost Plan - 2025-26 - The School District of Palm Beach County Website/Choice/Career Programs/Charter Schools/Charter School Fiscal Oversight/ Indirect Cost Plan - 2025-26
B24: ` | R24: ** Required to be recorded as Revenue and
B25: * On-Behalf Payment Detail: | C25: CFDA # | E25: Paid To | F25: On-Behalf Amount | G25: Date Paid | H25: Description | R25: Expenditure under the applicable Federal Award
S52: Total Payments: | T52: =T9 -> 0

Sheet #2521 Ed Venture 
A1: Ed Venture Charter School
A2: =('#1461 Inlet Grove Comm HS '!A2) -> Federal Grant Allocations/Reimbursements as of: 12/31/25
A3: Department # 2521
A4: DUNS #150889900 | R4: ='#0040 Palm Beach Prep Char. MS'!R4 -> July 1, 2025 - June 30, 2026
A6: Fund | B6: Grant - Program Title | C6: ALN/Name | D6: FAIN# | E6: TAPS | F6: Award # | G6: Awarding Federal Agency | H6: ='#1461 Inlet Grove Comm HS '!H6 -> FY26 Restricted Indirect Cost Rate+ | I6: ='#1461 Inlet Grove Comm HS '!I6 -> FY26 Unrestricted Indirect Cost Rate+ | J6: Last Date to Incur Expenditures | K6: Last Date to Submit Reimbursement Request/Close out Grants | L6: Federal Award Date | M6: Project Period | N6: Original Allocation Amount | O6: Incr <Decr> in Allocation Amount | P6: Revised Allocation Amount | R6: Cash Payments | S6: On-Behalf Payments * | T6: Total Payments ** | U6: ='#1461 Inlet Grove Comm HS '!U6 -> Available Budget as of 12/31/25
A7: 4253 | B7: IDEA Part B, K-12 Entitlement | C7: 84.027A IDEA - Part B, PL 108-446 Section 611 | D7: H027A250024 | E7: 26C001 | F7: 500-2636C-6CB01 | G7: U.S. Dept. of Education | H7: 0.0221 | I7: 0.1634 | J7: 46203 | K7: 46204 | L7: 45839 | M7: 07/01/25 - 06/30/26 | N7: 25699.11 | O7: -2176.72 | P7: =N7+O7 -> 23522.39 | R7: 23522.39 | S7: 0 | T7: =R7+S7 -> 23522.39 | U7: =P7-T7 -> 0
P8: =N8+O8 -> 0 | R8: 0 | T8: =R8+S8 -> 0 | U8: =P8-T8 -> 0
M9: TOTAL | N9: =SUM(N7:N8) -> 25699.11 | O9: =SUM(O7:O8) -> -2176.72 | P9: =SUM(P7:P8) -> 23522.39 | R9: =SUM(R7:R8) -> 23522.39 | S9: =SUM(S7:S8) -> 0 | T9: =SUM(T7:T8) -> 23522.39 | U9: =SUM(U7:U8) -> 0
B12: TERMS AND SPECIAL CONDITIONS
B13: This project and any amendments are subject to the procedures outlined in the Project Application and Amendment Procedures for Federal and State Programs (Green Book) and the General Assurances for Participation in Federal and State Programs.
B15: As a sub-recipient of Federal funds there is a requirement that you permit the Palm Beach County School District and auditors to have access to your records and financial statements as necessary for the Palm Beach County School District to meet the requirements of section, 200.300 Statutory and national policy requirements through 300.309 Period of performance, and Subpart F-Audit Requirements of this Part.
B17: Pursuant to OMB Uniform Guidance (2 CFR 200.501), "Each non-federal entity that expends $750,000 or more in any fiscal year of such non-federal entity shall be required to have a "Single or program specific audit". For further information, please see link below.
B18: https://www2.ed.gov/policy/fund/guid/uniform-guidance/index.html
B20: Palm Beach County School District Contacts: | C20: Name | D20: Phone#
B21: IDEA | C21: Jennifer Zapata | D21: 561-434-8707
B27: *Note - To see Indirect Cost Plan - 2025-26 - The School District of Palm Beach County Website/Choice/Career Programs/Charter Schools/Charter School Fiscal Oversight/ Indirect Cost Plan - 2025-26
R30: ** Required to be recorded as Revenue and
B31: * On-Behalf Payment Detail: | C31: CFDA # | F31: Paid To | G31: On-Behalf Amount | M31: Date Paid | N31: Description | R31: Expenditure under the applicable Federal Award
Y46: Total Payments: | Z46: =T9 -> 23522.39
S52: Total Payments: | T52: =T9 -> 23522.39

Sheet #2531 Bodwell 
A1: Bodwell Academy
A2: =('#1461 Inlet Grove Comm HS '!A2) -> Federal Grant Allocations/Reimbursements as of: 12/31/25
A3: Department # 2531
A4: DUNS #150889900 | R4: ='#0040 Palm Beach Prep Char. MS'!R4 -> July 1, 2025 - June 30, 2026
A6: Fund | B6: Grant - Program Title | C6: ALN/Name | D6: FAIN# | E6: TAPS | F6: Award # | G6: Awarding Federal Agency | H6: ='#1461 Inlet Grove Comm HS '!H6 -> FY26 Restricted Indirect Cost Rate+ | I6: ='#1461 Inlet Grove Comm HS '!I6 -> FY26 Unrestricted Indirect Cost Rate+ | J6: Last Date to Incur Expenditures | K6: Last Date to Submit Reimbursement Request/Close out Grants | L6: Federal Award Date | M6: Project Period | N6: Original Allocation Amount | O6: Incr <Decr> in Allocation Amount | P6: Revised Allocation Amount | R6: Cash Payments | S6: On-Behalf Payments * | T6: Total Payments ** | U6: ='#1461 Inlet Grove Comm HS '!U6 -> Available Budget as of 12/31/25
A7: 4201 | B7: Title I, Part A - Improving the Academic Achievement of the Disadvantaged (TIPA) | C7: 84.010A Title I, Part A, Basic | D7: S010A250009 | E7: 26A001 | F7: 500-2126C-6CB01 | G7: U.S. Dept. of Education | H7: 0.0221 | I7: 0.1634 | J7: 46203 | K7: 46204 | L7: 45839 | M7: 07/01/25 - 06/30/26 | N7: 13181.25 | P7: =N7+O7 -> 13181.25 | R7: 0 | S7: 0 | T7: =R7+S7 -> 0 | U7: =P7-T7 -> 13181.25
A8: 4253 | B8: IDEA Part B, K-12 Entitlement | C8: 84.027A IDEA - Part B, PL 108-446 Section 611 | D8: H027A250024 | E8: 26C001 | F8: 500-2636C-6CB01 | G8: U.S. Dept. of Education | H8: 0.0221 | I8: 0.1634 | J8: 46203 | K8: 46204 | L8: 45839 | M8: 07/01/25 - 06/30/26 | N8: 2548 | O8: =59617+53270.75 -> 112887.75 | P8: =N8+O8 -> 115435.75 | R8: 62165 | T8: =R8+S8 -> 62165 | U8: =P8-T8 -> 53270.75
P9: =N9+O9 -> 0 | R9: 0 | S9: 0 | T9: =R9+S9 -> 0 | U9: =P9-T9 -> 0
M10: TOTAL | N10: =SUM(N7:N9) -> 15729.25 | O10: =SUM(O7:O9) -> 112887.75 | P10: =SUM(P7:P9) -> 128617 | R10: =SUM(R7:R9) -> 62165 | S10: =SUM(S7:S9) -> 0 | T10: =SUM(T7:T9) -> 62165 | U10: =SUM(U7:U9) -> 66452
B12: TERMS AND SPECIAL CONDITIONS
B13: This project and any amendments are subject to the procedures outlined in the Project Application and Amendment Procedures for Federal and State Programs (Green Book) and the General Assurances for Participation in Federal and State Programs.
B15: As a sub-recipient of Federal funds there is a requirement that you permit the Palm Beach County School District and auditors to have access to your records and financial statements as necessary for the Palm Beach County School District to meet the requirements of section, 200.300 Statutory and national policy requirements through 300.309 Period of performance, and Subpart F-Audit Requirements of this Part.
B17: Pursuant to OMB Uniform Guidance (2 CFR 200.501), "Each non-federal entity that expends $750,000 or more in any fiscal year of such non-federal entity shall be required to have a "Single or program specific audit". For further information, please see link below.
B18: https://www2.ed.gov/policy/fund/guid/uniform-guidance/index.html
B20: Palm Beach County School District Contacts: | C20: Name | D20: Phone#
B21: Title I | C21: Nicole Smith | D21: 561-434-8111
B22: IDEA | C22: Jennifer Zapata | D22: 561-434-8707
B26: *Note - To see Indirect Cost Plan - 2025-26 - The School District of Palm Beach County Website/Choice/Career Programs/Charter Schools/Charter School Fiscal Oversight/ Indirect Cost Plan - 2025-26
R29: ** Required to be recorded as Revenue and
B30: * On-Behalf Payment Detail: | C30: CFDA # | F30: Paid To | G30: On-Behalf Amount | M30: Date Paid | N30: Description | R30: Expenditure under the applicable Federal Award
S52: Total Payments: | T52: =T10 -> 62165

Sheet #2791 The Learning Center @ Els
A1: The Learning Center @ the Els Center of Excellence
A2: =('#1461 Inlet Grove Comm HS '!A2) -> Federal Grant Allocations/Reimbursements as of: 12/31/25
A3: Department # 2791
A4: DUNS #150889900 | R4: ='#0040 Palm Beach Prep Char. MS'!R4 -> July 1, 2025 - June 30, 2026
A6: Fund | B6: Grant - Program Title | C6: ALN/Name | D6: FAIN# | E6: TAPS | F6: Award # | G6: Awarding Federal Agency | H6: ='#1461 Inlet Grove Comm HS '!H6 -> FY26 Restricted Indirect Cost Rate+ | I6: ='#1461 Inlet Grove Comm HS '!I6 -> FY26 Unrestricted Indirect Cost Rate+ | J6: Last Date to Incur Expenditures | K6: Last Date to Submit Reimbursement Request/Close out Grants | L6: Federal Award Date | M6: Project Period | N6: Original Allocation Amount | O6: Incr <Decr> in Allocation Amount | P6: Revised Allocation Amount | R6: Cash Payments | S6: On-Behalf Payments * | T6: Total Payments ** | U6: ='#1461 Inlet Grove Comm HS '!U6 -> Available Budget as of 12/31/25
N7: 0 | P7: =N7+O7 -> 0 | R7: 0 | T7: =R7+S7 -> 0 | U7: =P7-T7 -> 0
N8: 0 | O8: 0 | P8: =N8+O8 -> 0 | R8: 0 | T8: =R8+S8 -> 0 | U8: =P8-T8 -> 0
N9: 0 | P9: =N9+O9 -> 0 | R9: 0 | U9: =P9-T9 -> 0
M10: TOTAL | N10: =SUM(N7:N9) -> 0 | O10: =SUM(O7:O9) -> 0 | P10: =SUM(P7:P9) -> 0 | R10: =SUM(R7:R9) -> 0 | S10: =SUM(S7:S9) -> 0 | T10: =SUM(T7:T9) -> 0 | U10: =SUM(U7:U9) -> 0
B13: TERMS AND SPECIAL CONDITIONS
B14: This project and any amendments are subject to the procedures outlined in the Project Application and Amendment Procedures for Federal and State Programs (Green Book) and the General Assurances for Participation in Federal and State Programs.
B16: As a sub-recipient of Federal funds there is a requirement that you permit the Palm Beach County School District and auditors to have access to your records and financial statements as necessary for the Palm Beach County School District to meet the requirements of section, 200.300 Statutory and national policy requirements through 300.309 Period of performance, and Subpart F-Audit Requirements of this Part.
B18: Pursuant to OMB Uniform Guidance (2 CFR 200.501), "Each non-federal entity that expends $750,000 or more in any fiscal year of such non-federal entity shall be required to have a "Single or program specific audit". For further information, please see link below.
B19: https://www2.ed.gov/policy/fund/guid/uniform-guidance/index.html
B21: Palm Beach County School District Contacts: | C21: Name | D21: Phone#
B28: *Note - To see Indirect Cost Plan - 2025-26 - The School District of Palm Beach County Website/Choice/Career Programs/Charter Schools/Charter School Fiscal Oversight/ Indirect Cost Plan - 2025-26
R31: ** Required to be recorded as Revenue and
B32: * On-Behalf Payment Detail: | C32: CFDA # | F32: Paid To | G32: On-Behalf Amount | M32: Date Paid | N32: Description | R32: Expenditure under the applicable Federal Award
S45: Total Payments: | T45: =T10 -> 0

Sheet #2801 PB Maritime Acad Elem
A1: Palm Beach Maritime Academy Elementary
A2: =('#1461 Inlet Grove Comm HS '!A2) -> Federal Grant Allocations/Reimbursements as of: 12/31/25
A3: Department # 2801
A4: DUNS #150889900 | R4: ='#0040 Palm Beach Prep Char. MS'!R4 -> July 1, 2025 - June 30, 2026
A6: Fund | B6: Grant - Program Title | C6: ALN/Name | D6: FAIN# | E6: TAPS | F6: Award # | G6: Awarding Federal Agency | H6: ='#1461 Inlet Grove Comm HS '!H6 -> FY26 Restricted Indirect Cost Rate+ | I6: ='#1461 Inlet Grove Comm HS '!I6 -> FY26 Unrestricted Indirect Cost Rate+ | J6: Last Date to Incur Expenditures | K6: Last Date to Submit Reimbursement Request/Close out Grants | L6: Federal Award Date | M6: Project Period | N6: Original Allocation Amount | O6: Incr <Decr> in Allocation Amount | P6: Revised Allocation Amount | R6: Cash Payments | S6: On-Behalf Payments * | T6: Total Payments ** | U6: ='#2791 The Learning Center @ Els'!U6 -> Available Budget as of 12/31/25
A7: 4201 | B7: Title I, Part A - Improving the Academic Achievement of the Disadvantaged (TIPA) | C7: 84.010A Title I, Part A, Basic | D7: S010A250009 | E7: 26A001 | F7: 500-2126C-6CB01 | G7: U.S. Dept. of Education | H7: 0.0221 | I7: 0.1634 | J7: 46203 | K7: 46204 | L7: 45839 | M7: 07/01/25 - 06/30/26 | N7: 337691.25 | O7: 0 | P7: =N7+O7 -> 337691.25 | R7: 40481.85 | S7: 0 | T7: =R7+S7 -> 40481.85 | U7: =P7-T7 -> 297209.4
A8: 4204 | B8: Stronger Connections Grant Program | C8: 84.424F Title II BSCA SSAE Program | D8: S424F220010 | E8: 24A278 | F8: 500-2423A-4CR01 | G8: U.S. Dept. of Education | H8: 0.0221 | I8: 0.1634 | J8: 46295 | K8: 46296 | L8: 44819 | M8: 01/01/24 - 09/30/26 | N8: 4152.06 | O8: 3409.96 | P8: =N8+O8 -> 7562.02 | R8: 0 | T8: =R8+S8 -> 0 | U8: =P8-T8 -> 7562.02
P9: =N9+O9 -> 0 | R9: 0 | T9: =R9+S9 -> 0 | U9: =P9-T9 -> 0
P10: =N10+O10 -> 0 | R10: 0 | T10: =R10+S10 -> 0 | U10: =P10-T10 -> 0
M11: TOTAL | N11: =SUM(N7:N10) -> 341843.31 | O11: =SUM(O7:O10) -> 3409.96 | P11: =SUM(P7:P10) -> 345253.27 | R11: =SUM(R7:R10) -> 40481.85 | S11: =SUM(S7:S10) -> 0 | T11: =SUM(T7:T10) -> 40481.85 | U11: =SUM(U7:U10) -> 304771.42
B14: TERMS AND SPECIAL CONDITIONS
B15: This project and any amendments are subject to the procedures outlined in the Project Application and Amendment Procedures for Federal and State Programs (Green Book) and the General Assurances for Participation in Federal and State Programs.
B17: As a sub-recipient of Federal funds there is a requirement that you permit the Palm Beach County School District and auditors to have access to your records and financial statements as necessary for the Palm Beach County School District to meet the requirements of section, 200.300 Statutory and national policy requirements through 300.309 Period of performance, and Subpart F-Audit Requirements of this Part.
B19: Pursuant to OMB Uniform Guidance (2 CFR 200.501), "Each non-federal entity that expends $750,000 or more in any fiscal year of such non-federal entity shall be required to have a "Single or program specific audit". For further information, please see link below.
B20: https://www2.ed.gov/policy/fund/guid/uniform-guidance/index.html
B22: Palm Beach County School District Contacts: | C22: Name | D22: Phone#
B23: Title I | C23: Nicole Smith | D23: 561-434-8111
B24: Stronger Connections | C24: Samantha Palaigos | D24: 561-434-7368
B28: *Note - To see Indirect Cost Plan - 2025-26 - The School District of Palm Beach County Website/Choice/Career Programs/Charter Schools/Charter School Fiscal Oversight/ Indirect Cost Plan - 2025-26
R31: ** Required to be recorded as Revenue and
B32: * On-Behalf Payment Detail: | C32: CFDA # | F32: Paid To | G32: On-Behalf Amount | M32: Date Paid | N32: Description | R32: Expenditure under the applicable Federal Award
S52: Total Payments: | T52: =T11 -> 40481.85

Sheet #2911 Western Academy
A1: Western Academy Charter School
A2: =('#1461 Inlet Grove Comm HS '!A2) -> Federal Grant Allocations/Reimbursements as of: 12/31/25
A3: Department # 2911
A4: DUNS #150889900 | R4: ='#0040 Palm Beach Prep Char. MS'!R4 -> July 1, 2025 - June 30, 2026
A6: Fund | B6: Grant - Program Title | C6: ALN/Name | D6: FAIN# | E6: TAPS | F6: Award # | G6: Awarding Federal Agency | H6: ='#1461 Inlet Grove Comm HS '!H6 -> FY26 Restricted Indirect Cost Rate+ | I6: ='#1461 Inlet Grove Comm HS '!I6 -> FY26 Unrestricted Indirect Cost Rate+ | J6: Last Date to Incur Expenditures | K6: Last Date to Submit Reimbursement Request/Close out Grants | L6: Federal Award Date | M6: Project Period | N6: Original Allocation Amount | O6: Incr <Decr> in Allocation Amount | P6: Revised Allocation Amount | R6: Cash Payments | S6: On-Behalf Payments * | T6: Total Payments ** | U6: ='#2801 PB Maritime Acad Elem'!U6 -> Available Budget as of 12/31/25
A7: 4204 | B7: Stronger Connections Grant Program | C7: 84.424F Title II BSCA SSAE Program | D7: S424F220010 | E7: 24A278 | F7: 500-2423A-4CR01 | G7: U.S. Dept. of Education | H7: 0.0221 | I7: 0.1634 | J7: 46295 | K7: 46296 | L7: 44819 | M7: 01/01/24 - 09/30/26 | N7: 2115.2 | O7: 3716 | P7: =N7+O7 -> 5831.2 | R7: 0 | S7: 0 | T7: =R7+S7 -> 0 | U7: =P7-R7 -> 5831.2
A8: 4253 | B8: IDEA Part B, K-12 Entitlement | C8: 84.027A IDEA - Part B, PL 108-446 Section 611 | D8: H027A250024 | E8: 26C001 | F8: 500-2636C-6CB01 | G8: U.S. Dept. of Education | H8: 0.0221 | I8: 0.1634 | J8: 46203 | K8: 46204 | L8: 45839 | M8: 07/01/25 - 06/30/26 | N8: 9596.41 | O8: 0 | P8: =N8+O8 -> 9596.41 | R8: 9596.41 | T8: =R8+S8 -> 9596.41 | U8: =P8-R8 -> 0
M9: TOTAL | N9: =SUM(N7:N8) -> 11711.61 | O9: =SUM(O7:O8) -> 3716 | P9: =SUM(P7:P8) -> 15427.61 | R9: =SUM(R7:R8) -> 9596.41 | S9: =SUM(S7:S8) -> 0 | T9: =SUM(T7:T8) -> 9596.41 | U9: =SUM(U7:U8) -> 5831.2
B13: TERMS AND SPECIAL CONDITIONS
B14: This project and any amendments are subject to the procedures outlined in the Project Application and Amendment Procedures for Federal and State Programs (Green Book) and the General Assurances for Participation in Federal and State Programs.
B16: As a sub-recipient of Federal funds there is a requirement that you permit the Palm Beach County School District and auditors to have access to your records and financial statements as necessary for the Palm Beach County School District to meet the requirements of section, 200.300 Statutory and national policy requirements through 300.309 Period of performance, and Subpart F-Audit Requirements of this Part.
B18: Pursuant to OMB Uniform Guidance (2 CFR 200.501), "Each non-federal entity that expends $750,000 or more in any fiscal year of such non-federal entity shall be required to have a "Single or program specific audit". For further information, please see link below.
B19: https://www2.ed.gov/policy/fund/guid/uniform-guidance/index.html
B20: Palm Beach County School District Contacts: | C20: Name | D20: Phone#
B22: Stronger Connections Grant | C22: Samantha Palaigos | D22: 561-434-7368
B23: IDEA | C23: Jennifer Zapata | D23: 561-434-8707
B26: *Note - To see Indirect Cost Plan - 2025-26 - The School District of Palm Beach County Website/Choice/Career Programs/Charter Schools/Charter School Fiscal Oversight/ Indirect Cost Plan - 2025-26
R29: ** Required to be recorded as Revenue and
B30: * On-Behalf Payment Detail: | C30: CFDA # | F30: Paid To | G30: On-Behalf Amount | M30: Date Paid | N30: Description | R30: Expenditure under the applicable Federal Award
S52: Total Payments: | T52: =T9 -> 9596.41

Sheet #2941 Palm Beach School Autism 
A1: Palm Beach School for Autism
A2: =('#1461 Inlet Grove Comm HS '!A2) -> Federal Grant Allocations/Reimbursements as of: 12/31/25
A3: Department # 2941
A4: DUNS #150889900 | R4: ='#0040 Palm Beach Prep Char. MS'!R4 -> July 1, 2025 - June 30, 2026
A6: Fund | B6: Grant - Program Title | C6: ALN/Name | D6: FAIN# | E6: TAPS | F6: Award # | G6: Awarding Federal Agency | H6: ='#1461 Inlet Grove Comm HS '!H6 -> FY26 Restricted Indirect Cost Rate+ | I6: ='#1461 Inlet Grove Comm HS '!I6 -> FY26 Unrestricted Indirect Cost Rate+ | J6: Last Date to Incur Expenditures | K6: Last Date to Submit Reimbursement Request/Close out Grants | L6: Federal Award Date | M6: Project Period | N6: Original Allocation Amount | O6: Incr <Decr> in Allocation Amount | P6: Revised Allocation Amount | R6: Cash Payments | S6: On-Behalf Payments * | T6: Total Payments ** | U6: ='#2911 Western Academy'!U6 -> Available Budget as of 12/31/25
A7: 4253 | B7: IDEA Part B, K-12 Entitlement | C7: 84.027A IDEA - Part B, PL 108-446 Section 611 | D7: H027A250024 | E7: 26C001 | F7: 500-2636C-6CB01 | G7: U.S. Dept. of Education | H7: 0.0221 | I7: 0.1634 | J7: 46203 | K7: 46204 | L7: 45839 | M7: 07/01/25 - 06/30/26 | N7: 442512.14 | O7: 0 | P7: =N7+O7 -> 442512.14 | R7: 442512.14 | T7: =R7+S7 -> 442512.14 | U7: =P7-T7 -> 0
P8: =N8+O8 -> 0 | S8: 0 | T8: =R8+S8 -> 0 | U8: =P8-T8 -> 0
P9: =N9+O9 -> 0 | S9: 0 | T9: =R9+S9 -> 0 | U9: =P9-T9 -> 0
M10: TOTAL | N10: =SUM(N7:N9) -> 442512.14 | O10: =SUM(O7:O9) -> 0 | P10: =SUM(P7:P9) -> 442512.14 | R10: =SUM(R7:R9) -> 442512.14 | S10: =SUM(S7:S9) -> 0 | T10: =SUM(T7:T9) -> 442512.14 | U10: =SUM(U7:U9) -> 0
B12: TERMS AND SPECIAL CONDITIONS
B13: This project and any amendments are subject to the procedures outlined in the Project Application and Amendment Procedures for Federal and State Programs (Green Book) and the General Assurances for Participation in Federal and State Programs.
B15: As a sub-recipient of Federal funds there is a requirement that you permit the Palm Beach County School District and auditors to have access to your records and financial statements as necessary for the Palm Beach County School District to meet the requirements of section, 200.300 Statutory and national policy requirements through 300.309 Period of performance, and Subpart F-Audit Requirements of this Part.
B17: Pursuant to OMB Uniform Guidance (2 CFR 200.501), "Each non-federal entity that expends $750,000 or more in any fiscal year of such non-federal entity shall be required to have a "Single or program specific audit". For further information, please see link below.
B18: https://www2.ed.gov/policy/fund/guid/uniform-guidance/index.html
B21: Palm Beach County School District Contacts: | C21: Name | D21: Phone#
B22: IDEA | C22: Jennifer Zapata | D22: 561-434-8707
B27: *Note - To see Indirect Cost Plan - 2025-26 - The School District of Palm Beach County Website/Choice/Career Programs/Charter Schools/Charter School Fiscal Oversight/ Indirect Cost Plan - 2025-26
R30: ** Required to be recorded as Revenue and
B31: * On-Behalf Payment Detail: | C31: CFDA # | F31: Paid To | G31: On-Behalf Amount | M31: Date Paid | N31: Description | R31: Expenditure under the applicable Federal Award
S52: Total Payments: | T52: =T10 -> 442512.14

Sheet #3083 The Learning Acad @ Els 
A1: The Learning Academy @ the Els Center of Excellence
A2: =('#1461 Inlet Grove Comm HS '!A2) -> Federal Grant Allocations/Reimbursements as of: 12/31/25
A3: Department # 3083
A4: DUNS #150889900 | R4: ='#0040 Palm Beach Prep Char. MS'!R4 -> July 1, 2025 - June 30, 2026
A6: Fund | B6: Grant - Program Title | C6: ALN/Name | D6: FAIN# | E6: TAPS | F6: Award # | G6: Awarding Federal Agency | H6: ='#1461 Inlet Grove Comm HS '!H6 -> FY26 Restricted Indirect Cost Rate+ | I6: ='#1461 Inlet Grove Comm HS '!I6 -> FY26 Unrestricted Indirect Cost Rate+ | J6: Last Date to Incur Expenditures | K6: Last Date to Submit Reimbursement Request/Close out Grants | L6: Federal Award Date | M6: Project Period | N6: Original Allocation Amount | O6: Incr <Decr> in Allocation Amount | P6: Revised Allocation Amount | R6: Cash Payments | S6: On-Behalf Payments * | T6: Total Payments ** | U6: ='#2941 Palm Beach School Autism '!U6 -> Available Budget as of 12/31/25
O7: 0 | P7: =N7+O7 -> 0 | S7: 0 | T7: =R7+S7 -> 0 | U7: =P7-T7 -> 0
P8: =N8+O8 -> 0 | T8: =R8+S8 -> 0 | U8: =P8-T8 -> 0
M9: TOTAL | N9: =SUM(N7:N8) -> 0 | O9: =SUM(O7:O8) -> 0 | P9: =SUM(P7:P8) -> 0 | R9: =SUM(R7:R8) -> 0 | S9: =SUM(S7:S8) -> 0 | T9: =SUM(T7:T8) -> 0 | U9: =SUM(U7:U8) -> 0
B13: TERMS AND SPECIAL CONDITIONS
B14: This project and any amendments are subject to the procedures outlined in the Project Application and Amendment Procedures for Federal and State Programs (Green Book) and the General Assurances for Participation in Federal and State Programs.
B16: As a sub-recipient of Federal funds there is a requirement that you permit the Palm Beach County School District and auditors to have access to your records and financial statements as necessary for the Palm Beach County School District to meet the requirements of section, 200.300 Statutory and national policy requirements through 300.309 Period of performance, and Subpart F-Audit Requirements of this Part.
B18: Pursuant to OMB Uniform Guidance (2 CFR 200.501), "Each non-federal entity that expends $750,000 or more in any fiscal year of such non-federal entity shall be required to have a "Single or program specific audit". For further information, please see link below.
B19: https://www2.ed.gov/policy/fund/guid/uniform-guidance/index.html
B21: Palm Beach County School District Contacts: | C21: Name | D21: Phone#
B25: *Note - To see Indirect Cost Plan - 2025-26 - The School District of Palm Beach County Website/Choice/Career Programs/Charter Schools/Charter School Fiscal Oversight/ Indirect Cost Plan - 2025-26
R28: ** Required to be recorded as Revenue and
B29: * On-Behalf Payment Detail: | C29: CFDA # | F29: Paid To | G29: On-Behalf Amount | M29: Date Paid | N29: Description | R29: Expenditure under the applicable Federal Award
S46: Total Payments: | T46: =T9 -> 0

Sheet #3345 Career Academy of the PB 
A1: Career Academy of the Palm Beaches
A2: =('#1461 Inlet Grove Comm HS '!A2) -> Federal Grant Allocations/Reimbursements as of: 12/31/25
A3: Department # 3345
A4: DUNS #150889900 | R4: ='#0040 Palm Beach Prep Char. MS'!R4 -> July 1, 2025 - June 30, 2026
A6: Fund | B6: Grant - Program Title | C6: ALN/Name | D6: FAIN# | E6: TAPS | F6: Award # | G6: Awarding Federal Agency | H6: ='#1461 Inlet Grove Comm HS '!H6 -> FY26 Restricted Indirect Cost Rate+ | I6: ='#1461 Inlet Grove Comm HS '!I6 -> FY26 Unrestricted Indirect Cost Rate+ | J6: Last Date to Incur Expenditures | K6: Last Date to Submit Reimbursement Request/Close out Grants | L6: Federal Award Date | M6: Project Period | N6: Original Allocation Amount | O6: Incr <Decr> in Allocation Amount | P6: Revised Allocation Amount | R6: Cash Payments | S6: On-Behalf Payments * | T6: Total Payments ** | U6: ='#3083 The Learning Acad @ Els '!U6 -> Available Budget as of 12/31/25
A7: 4253 | B7: IDEA Part B, K-12 Entitlement | C7: 84.027A IDEA - Part B, PL 108-446 Section 611 | D7: H027A250024 | E7: 26C001 | F7: 500-2636C-6CB01 | G7: U.S. Dept. of Education | H7: 0.0221 | I7: 0.1634 | J7: 46203 | K7: 46204 | L7: 45839 | M7: 07/01/25 - 06/30/26 | N7: 27795.81 | O7: 0 | P7: =N7+O7 -> 27795.81 | R7: 0 | T7: =R7+S7 -> 0 | U7: =P7-T7 -> 27795.81
M10: Total | N10: =SUM(N7:N9) -> 27795.81 | O10: =SUM(O7:O9) -> 0 | P10: =SUM(P7:P9) -> 27795.81 | R10: =SUM(R7:R9) -> 0 | S10: =SUM(S7:S9) -> 0 | T10: =SUM(T7:T9) -> 0 | U10: =SUM(U7:U9) -> 27795.81
B13: TERMS AND SPECIAL CONDITIONS
B14: This project and any amendments are subject to the procedures outlined in the Project Application and Amendment Procedures for Federal and State Programs (Green Book) and the General Assurances for Participation in Federal and State Programs.
B16: As a sub-recipient of Federal funds there is a requirement that you permit the Palm Beach County School District and auditors to have access to your records and financial statements as necessary for the Palm Beach County School District to meet the requirements of section, 200.300 Statutory and national policy requirements through 300.309 Period of performance, and Subpart F-Audit Requirements of this Part.
B18: Pursuant to OMB Uniform Guidance (2 CFR 200.501), "Each non-federal entity that expends $750,000 or more in any fiscal year of such non-federal entity shall be required to have a "Single or program specific audit". For further information, please see link below.
B19: https://www2.ed.gov/policy/fund/guid/uniform-guidance/index.html
B21: Palm Beach County School District Contacts: | C21: Name | D21: Phone#
B22: IDEA | C22: Jennifer Zapata | D22: 561-434-8707
B25: *Note - To see Indirect Cost Plan - 2025-26 - The School District of Palm Beach County Website/Choice/Career Programs/Charter Schools/Charter School Fiscal Oversight/ Indirect Cost Plan - 2025-26
R28: ** Required to be recorded as Revenue and
B29: * On-Behalf Payment Detail: | C29: CFDA # | F29: Paid To | G29: On-Behalf Amount | M29: Date Paid | N29: Description | R29: Expenditure under the applicable Federal Award
S51: Total Payments: | T51: =T10 -> 0

Sheet #3381 Imagine Schools 
A1: Imagine Schools - Chancellor Campus
A2: =('#1461 Inlet Grove Comm HS '!A2) -> Federal Grant Allocations/Reimbursements as of: 12/31/25
A3: Department # 3381
A4: DUNS #150889900 | R4: ='#0040 Palm Beach Prep Char. MS'!R4 -> July 1, 2025 - June 30, 2026
A6: Fund | B6: Grant - Program Title | C6: ALN/Name | D6: FAIN# | E6: TAPS | F6: Award # | G6: Awarding Federal Agency | H6: ='#1461 Inlet Grove Comm HS '!H6 -> FY26 Restricted Indirect Cost Rate+ | I6: ='#1461 Inlet Grove Comm HS '!I6 -> FY26 Unrestricted Indirect Cost Rate+ | J6: Last Date to Incur Expenditures | K6: Last Date to Submit Reimbursement Request/Close out Grants | L6: Federal Award Date | M6: Project Period | N6: Original Allocation Amount | O6: Incr <Decr> in Allocation Amount | P6: Revised Allocation Amount | R6: Cash Payments | S6: On-Behalf Payments * | T6: Total Payments ** | U6: ='#3345 Career Academy of the PB '!U6 -> Available Budget as of 12/31/25
A7: 4201 | B7: Title I, Part A - Improving the Academic Achievement of the Disadvantaged (TIPA) | C7: 84.010A Title I, Part A, Basic | D7: S010A250009 | E7: 26A001 | F7: 500-2126C-6CB01 | G7: U.S. Dept. of Education | H7: 0.0221 | I7: 0.1634 | J7: 46203 | K7: 46204 | L7: 45839 | M7: 07/01/25 - 06/30/26 | N7: 402196.5 | P7: =N7+O7 -> 402196.5 | R7: 141690.77 | T7: =R7+S7 -> 141690.77 | U7: =P7-T7 -> 260505.73
A8: 4253 | B8: IDEA Part B, K-12 Entitlement | C8: 84.027A IDEA - Part B, PL 108-446 Section 611 | D8: H027A250024 | E8: 26C001 | F8: 500-2636C-6CB01 | G8: U.S. Dept. of Education | H8: 0.0221 | I8: 0.1634 | J8: 46203 | K8: 46204 | L8: 45839 | M8: 07/01/25 - 06/30/26 | N8: 37625.9 | O8: 0 | P8: =N8+O8 -> 37625.9 | T8: =R8+S8 -> 0 | U8: =P8-T8 -> 37625.9
M9: TOTAL | N9: =SUM(N7:N8) -> 439822.4 | O9: =SUM(O7:O8) -> 0 | P9: =SUM(P7:P8) -> 439822.4 | R9: =SUM(R7:R8) -> 141690.77 | S9: =SUM(S7:S8) -> 0 | T9: =SUM(T7:T8) -> 141690.77 | U9: =SUM(U7:U8) -> 298131.63
B12: TERMS AND SPECIAL CONDITIONS
B13: This project and any amendments are subject to the procedures outlined in the Project Application and Amendment Procedures for Federal and State Programs (Green Book) and the General Assurances for Participation in Federal and State Programs.
B15: As a sub-recipient of Federal funds there is a requirement that you permit the Palm Beach County School District and auditors to have access to your records and financial statements as necessary for the Palm Beach County School District to meet the requirements of section, 200.300 Statutory and national policy requirements through 300.309 Period of performance, and Subpart F-Audit Requirements of this Part.
B17: Pursuant to OMB Uniform Guidance (2 CFR 200.501), "Each non-federal entity that expends $750,000 or more in any fiscal year of such non-federal entity shall be required to have a "Single or program specific audit". For further information, please see link below.
B18: https://www2.ed.gov/policy/fund/guid/uniform-guidance/index.html
B20: Palm Beach County School District Contacts: | C20: Name | D20: Phone #
B21: Title I | C21: Nicole Smith | D21: 561-434-8111
B22: IDEA | C22: Jennifer Zapata | D22: 561-434-8707
B25: *Note - To see Indirect Cost Plan - 2025-26 - The School District of Palm Beach County Website/Choice/Career Programs/Charter Schools/Charter School Fiscal Oversight/ Indirect Cost Plan - 2025-26
R28: ** Required to be recorded as Revenue and
B29: * On-Behalf Payment Detail: | C29: CFDA # | F29: Paid To | G29: On-Behalf Amount | M29: Date Paid | N29: Description | R29: Expenditure under the applicable Federal Award
S52: Total Payments: | T52: =T9 -> 141690.77

Sheet #3382 Glades Academy 
A1: Glades Academy Inc.
A2: =('#1461 Inlet Grove Comm HS '!A2) -> Federal Grant Allocations/Reimbursements as of: 12/31/25
A3: Department # 3382
A4: DUNS #150889900 | R4: ='#0040 Palm Beach Prep Char. MS'!R4 -> July 1, 2025 - June 30, 2026
A6: Fund | B6: Grant - Program Title | C6: ALN/Name | D6: FAIN# | E6: TAPS | F6: Award # | G6: Awarding Federal Agency | H6: ='#1461 Inlet Grove Comm HS '!H6 -> FY26 Restricted Indirect Cost Rate+ | I6: ='#1461 Inlet Grove Comm HS '!I6 -> FY26 Unrestricted Indirect Cost Rate+ | J6: Last Date to Incur Expenditures | K6: Last Date to Submit Reimbursement Request/Close out Grants | L6: Federal Award Date | M6: Project Period | N6: Original Allocation Amount | O6: Incr <Decr> in Allocation Amount | P6: Revised Allocation Amount | R6: Cash Payments | S6: On-Behalf Payments * | T6: Total Payments ** | U6: ='#3381 Imagine Schools '!U6 -> Available Budget as of 12/31/25
A7: 4201 | B7: Title I, Part A - Improving the Academic Achievement of the Disadvantaged (TIPA) | C7: 84.010A Title I, Part A, Basic | D7: S010A250009 | E7: 26A001 | F7: 500-2126C-6CB01 | G7: U.S. Dept. of Education | H7: 0.0221 | I7: 0.1634 | J7: 46203 | K7: 46204 | L7: 45839 | M7: 07/01/25 - 06/30/26 | N7: =160921.25+9684.7 -> 170605.95 | P7: =N7+O7 -> 170605.95 | R7: 56313.6 | S7: 0 | T7: =R7+S7 -> 56313.6 | U7: =P7-T7 -> 114292.35
A8: 4445 | B8: Nita M Lowey 21st Century Community Learning Centers (21st CCLC) - Renewability | C8: 84.287C 21st CCLC ESSA Title IV, Part B | D8: S287C240009 | E8: 25B146 | F8: 500-2445C-5CRN4 | G8: U.S. Dept. of Education | H8: 0.0221 | I8: 0.1634 | J8: 45869 | K8: 45870 | L8: 45474 | M8: 08/01/24 - 07/31/25 | N8: 139159.83 | O8: -93190.58 | P8: =N8+O8 -> 45969.25 | R8: 45969.25 | T8: =R8+S8 -> 45969.25 | U8: =P8-T8 -> 0 | V8: * Grant Closed
A9: 4445 | B9: Nita M Lowey 21st Century Community Learning Centers (21st CCLC) - Renewability | C9: 84.287C 21st CCLC ESEA Title IV, Part B USDE | D9: S287C250009 | E9: 26B146 | F9: 500-2446C-6CRN4 | G9: U.S. Dept. of Education | H9: 0.0221 | I9: 0.1634 | J9: 46234 | K9: 46235 | L9: 45839 | M9: 08/01/25 - 07/31/26 | N9: 207274.24 | P9: =N9+O9 -> 207274.24 | T9: =R9+S9 -> 0 | U9: =P9-T9 -> 207274.24
M11: TOTAL | N11: =SUM(N7:N10) -> 517040.02 | O11: =SUM(O7:O10) -> -93190.58 | P11: =SUM(P7:P10) -> 423849.44 | R11: =SUM(R7:R10) -> 102282.85 | S11: =SUM(S7:S10) -> 0 | T11: =SUM(T7:T10) -> 102282.85 | U11: =SUM(U7:U10) -> 321566.59
B13: TERMS AND SPECIAL CONDITIONS
B14: This project and any amendments are subject to the procedures outlined in the Project Application and Amendment Procedures for Federal and State Programs (Green Book) and the General Assurances for Participation in Federal and State Programs.
B16: As a sub-recipient of Federal funds there is a requirement that you permit the Palm Beach County School District and auditors to have access to your records and financial statements as necessary for the Palm Beach County School District to meet the requirements of section, 200.300 Statutory and national policy requirements through 300.309 Period of performance, and Subpart F-Audit Requirements of this Part.
B18: Pursuant to OMB Uniform Guidance (2 CFR 200.501), "Each non-federal entity that expends $750,000 or more in any fiscal year of such non-federal entity shall be required to have a "Single or program specific audit". For further information, please see link below.
B19: https://www2.ed.gov/policy/fund/guid/uniform-guidance/index.html
B20: Palm Beach County School District Contacts: | C20: Name | D20: Phone#
B21: Title I | C21: Nicole Smith | D21: 561-434-8111
B22: 21st CCLC | C22: Simone Oladejo | D22: 561-434-8230
B28: *Note - To see Indirect Cost Plan - 2025-26 - The School District of Palm Beach County Website/Choice/Career Programs/Charter Schools/Charter School Fiscal Oversight/ Indirect Cost Plan - 2025-26
R31: ** Required to be recorded as Revenue and
B32: * On-Behalf Payment Detail: | C32: CFDA # | F32: Paid To | G32: On-Behalf Amount | M32: Date Paid | N32: Description | R32: Expenditure under the applicable Federal Award
S52: Total Payments: | T52: =R11 -> 102282.85

Sheet #3391 Seagull Academy Ind. Liv
A1: Seagull Academy for Independent Living (SAIL)
A2: =('#1461 Inlet Grove Comm HS '!A2) -> Federal Grant Allocations/Reimbursements as of: 12/31/25
A3: Department # 3391
A4: DUNS #150889900 | R4: ='#0040 Palm Beach Prep Char. MS'!R4 -> July 1, 2025 - June 30, 2026
A6: Fund | B6: Grant - Program Title | C6: ALN/Name | D6: FAIN# | E6: TAPS | F6: Award # | G6: Awarding Federal Agency | H6: ='#1461 Inlet Grove Comm HS '!H6 -> FY26 Restricted Indirect Cost Rate+ | I6: ='#1461 Inlet Grove Comm HS '!I6 -> FY26 Unrestricted Indirect Cost Rate+ | J6: Last Date to Incur Expenditures | K6: Last Date to Submit Reimbursement Request/Close out Grants | L6: Federal Award Date | M6: Project Period | N6: Original Allocation Amount | O6: Incr <Decr> in Allocation Amount | P6: Revised Allocation Amount | R6: Cash Payments | S6: On-Behalf Payments * | T6: Total Payments ** | U6: ='#3382 Glades Academy '!U6 -> Available Budget as of 12/31/25
P7: =N7+O7 -> 0 | R7: 0 | S7: 0 | T7: =R7+S7 -> 0 | U7: =P7-T7 -> 0
M10: TOTAL | N10: =SUM(N7:N9) -> 0 | O10: =SUM(O7:O9) -> 0 | P10: =SUM(P7:P9) -> 0 | R10: =SUM(R7:R9) -> 0 | S10: =SUM(S7:S9) -> 0 | T10: =SUM(T7:T9) -> 0 | U10: =SUM(U7:U9) -> 0
B12: TERMS AND SPECIAL CONDITIONS
B13: This project and any amendments are subject to the procedures outlined in the Project Application and Amendment Procedures for Federal and State Programs (Green Book) and the General Assurances for Participation in Federal and State Programs.
B15: As a sub-recipient of Federal funds there is a requirement that you permit the Palm Beach County School District and auditors to have access to your records and financial statements as necessary for the Palm Beach County School District to meet the requirements of section, 200.300 Statutory and national policy requirements through 300.309 Period of performance, and Subpart F-Audit Requirements of this Part.
B17: Pursuant to OMB Uniform Guidance (2 CFR 200.501), "Each non-federal entity that expends $750,000 or more in any fiscal year of such non-federal entity shall be required to have a "Single or program specific audit". For further information, please see link below.
B18: https://www2.ed.gov/policy/fund/guid/uniform-guidance/index.html
B20: Palm Beach County School District Contacts: | C20: Name | D20: Phone#
B25: *Note - To see Indirect Cost Plan - 2025-26 - The School District of Palm Beach County Website/Choice/Career Programs/Charter Schools/Charter School Fiscal Oversight/ Indirect Cost Plan - 2025-26
R28: ** Required to be recorded as Revenue and
B29: * On-Behalf Payment Detail: | C29: CFDA # | F29: Paid To | G29: On-Behalf Amount | M29: Date Paid | N29: Description | R29: Expenditure under the applicable Federal Award
S52: Total Payments: | T52: =T10 -> 0

Sheet #3394 Montessori Acad Early  
A1: Montessori Academy of Early Enrichment
A2: =('#1461 Inlet Grove Comm HS '!A2) -> Federal Grant Allocations/Reimbursements as of: 12/31/25
A3: Department # 3394
A4: DUNS #150889900 | R4: ='#0040 Palm Beach Prep Char. MS'!R4 -> July 1, 2025 - June 30, 2026
A6: Fund | B6: Grant - Program Title | C6: ALN/Name | D6: FAIN# | E6: TAPS | F6: Award # | G6: Awarding Federal Agency | H6: ='#1461 Inlet Grove Comm HS '!H6 -> FY26 Restricted Indirect Cost Rate+ | I6: ='#1461 Inlet Grove Comm HS '!I6 -> FY26 Unrestricted Indirect Cost Rate+ | J6: Last Date to Incur Expenditures | K6: Last Date to Submit Reimbursement Request/Close out Grants | L6: Federal Award Date | M6: Project Period | N6: Original Allocation Amount | O6: Incr <Decr> in Allocation Amount | P6: Revised Allocation Amount | R6: Cash Payments | S6: On-Behalf Payments * | T6: Total Payments ** | U6: ='#3391 Seagull Academy Ind. Liv'!U6 -> Available Budget as of 12/31/25
A7: 4201 | B7: Title I, Part A - Improving the Academic Achievement of the Disadvantaged (TIPA) | C7: 84.010A Title I, Part A, Basic | D7: S010A250009 | E7: 26A001 | F7: 500-2126C-6CB01 | G7: U.S. Dept. of Education | H7: 0.0221 | I7: 0.1634 | J7: 46203 | K7: 46204 | L7: 45839 | M7: 07/01/25 - 06/30/26 | N7: 100177.5 | O7: 0 | P7: =N7+O7 -> 100177.5 | R7: 23497.96 | T7: =R7+S7 -> 23497.96 | U7: =P7-T7 -> 76679.54
N8: 0 | O8: 0 | P8: =N8+O8 -> 0 | R8: 0 | T8: =R8+S8 -> 0 | U8: =P8-T8 -> 0
M9: TOTAL | N9: =SUM(N7:N8) -> 100177.5 | O9: =SUM(O7:O8) -> 0 | P9: =SUM(P7:P8) -> 100177.5 | R9: =SUM(R7:R8) -> 23497.96 | S9: =SUM(S7:S8) -> 0 | T9: =SUM(T7:T8) -> 23497.96 | U9: =SUM(U7:U8) -> 76679.54
B10: TERMS AND SPECIAL CONDITIONS
B11: This project and any amendments are subject to the procedures outlined in the Project Application and Amendment Procedures for Federal and State Programs (Green Book) and the General Assurances for Participation in Federal and State Programs.
B13: As a sub-recipient of Federal funds there is a requirement that you permit the Palm Beach County School District and auditors to have access to your records and financial statements as necessary for the Palm Beach County School District to meet the requirements of section, 200.300 Statutory and national policy requirements through 300.309 Period of performance, and Subpart F-Audit Requirements of this Part.
B15: Pursuant to OMB Uniform Guidance (2 CFR 200.501), "Each non-federal entity that expends $750,000 or more in any fiscal year of such non-federal entity shall be required to have a "Single or program specific audit". For further information, please see link below.
B16: https://www2.ed.gov/policy/fund/guid/uniform-guidance/index.html
B18: Palm Beach County School District Contacts: | C18: Name | D18: Phone#
B19: Title I | C19: Nicole Smith | D19: 561-434-8111
B24: *Note - To see Indirect Cost Plan - 2025-26 - The School District of Palm Beach County Website/Choice/Career Programs/Charter Schools/Charter School Fiscal Oversight/ Indirect Cost Plan - 2025-26
R27: ** Required to be recorded as Revenue and
B28: * On-Behalf Payment Detail: | C28: CFDA # | F28: Paid To | G28: On-Behalf Amount | M28: Date Paid | N28: Description | R28: Expenditure under the applicable Federal Award
S52: Total Payments: | T52: =T9 -> 23497.96

Sheet #3395 Somerset Academy JFK 
A1: Somerset Academy JFK
A2: =('#1461 Inlet Grove Comm HS '!A2) -> Federal Grant Allocations/Reimbursements as of: 12/31/25
A3: Department # 3395
A4: DUNS #150889900 | R4: ='#0040 Palm Beach Prep Char. MS'!R4 -> July 1, 2025 - June 30, 2026
A6: Fund | B6: Grant - Program Title | C6: ALN/Name | D6: FAIN# | E6: TAPS | F6: Award # | G6: Awarding Federal Agency | H6: ='#1461 Inlet Grove Comm HS '!H6 -> FY26 Restricted Indirect Cost Rate+ | I6: ='#1461 Inlet Grove Comm HS '!I6 -> FY26 Unrestricted Indirect Cost Rate+ | J6: Last Date to Incur Expenditures | K6: Last Date to Submit Reimbursement Request/Close out Grants | L6: Federal Award Date | M6: Project Period | N6: Original Allocation Amount | O6: Incr <Decr> in Allocation Amount | P6: Revised Allocation Amount | R6: Cash Payments | S6: On-Behalf Payments * | T6: Total Payments ** | U6: ='#3394 Montessori Acad Early '!U6 -> Available Budget as of 12/31/25
A7: 4201 | B7: Title I, Part A - Improving the Academic Achievement of the Disadvantaged (TIPA) | C7: 84.010A Title I, Part A, Basic | D7: S010A250009 | E7: 26A001 | F7: 500-2126C-6CB01 | G7: U.S. Dept. of Education | H7: 0.0221 | I7: 0.1634 | J7: 46203 | K7: 46204 | L7: 45839 | M7: 07/01/25 - 06/30/26 | N7: 294974.75 | P7: =N7+O7 -> 294974.75 | R7: 49875.99 | S7: 0 | T7: =R7+S7 -> 49875.99 | U7: =P7-T7 -> 245098.76
A8: 4203 | B8: Title II, Part A - Supporting Effective Instruction | C8: 84.367A Title II, A Teacher & Principal Training Fund USDE | D8: S367A250009 | E8: 26A011 | F8: 500-2246C-6CT01 | G8: U.S. Dept. of Education | H8: 0.0221 | I8: 0.1634 | J8: 46203 | K8: 46204 | L8: 45839 | M8: 07/01/25 - 06/30/26 | N8: 19673.5 | P8: =N8+O8 -> 19673.5 | R8: 4918.38 | T8: =R8+S8 -> 4918.38 | U8: =P8-T8 -> 14755.12
P9: =N9+O9 -> 0 | S9: 0 | T9: =R9+S9 -> 0 | U9: =P9-T9 -> 0
P10: =N10+O10 -> 0 | R10: 0 | T10: =R10+S10 -> 0 | U10: =P10-T10 -> 0
M11: TOTAL | N11: =SUM(N7:N10) -> 314648.25 | O11: =SUM(O7:O10) -> 0 | P11: =SUM(P7:P10) -> 314648.25 | R11: =SUM(R7:R10) -> 54794.37 | S11: =SUM(S7:S10) -> 0 | T11: =SUM(T7:T10) -> 54794.37 | U11: =SUM(U7:U10) -> 259853.88
B15: TERMS AND SPECIAL CONDITIONS
B16: This project and any amendments are subject to the procedures outlined in the Project Application and Amendment Procedures for Federal and State Programs (Green Book) and the General Assurances for Participation in Federal and State Programs.
B18: As a sub-recipient of Federal funds there is a requirement that you permit the Palm Beach County School District and auditors to have access to your records and financial statements as necessary for the Palm Beach County School District to meet the requirements of section, 200.300 Statutory and national policy requirements through 300.309 Period of performance, and Subpart F-Audit Requirements of this Part.
B20: Pursuant to OMB Uniform Guidance (2 CFR 200.501), "Each non-federal entity that expends $750,000 or more in any fiscal year of such non-federal entity shall be required to have a "Single or program specific audit". For further information, please see link below.
B21: https://www2.ed.gov/policy/fund/guid/uniform-guidance/index.html
B23: Palm Beach County School District Contacts: | C23: Name | D23: Phone#
B24: Title I | C24: Nicole Smith | D24: 561-434-8111
B25: Title II | C25: Tangela Steele | D25: 561-649-6868
B29: *Note - To see Indirect Cost Plan - 2025-26 - The School District of Palm Beach County Website/Choice/Career Programs/Charter Schools/Charter School Fiscal Oversight/ Indirect Cost Plan - 2025-26
R32: ** Required to be recorded as Revenue and
B33: * On-Behalf Payment Detail: | C33: CFDA # | F33: Paid To | G33: On-Behalf Amount | M33: Date Paid | N33: Description | R33: Expenditure under the applicable Federal Award
S52: Total Payments: | T52: =T11 -> 54794.37

Sheet #3396 G-Star of the Arts 
A1: G-Star School of the Arts for Motion Pictures and Television
A2: =('#1461 Inlet Grove Comm HS '!A2) -> Federal Grant Allocations/Reimbursements as of: 12/31/25
A3: Department # 3396
A4: DUNS #150889900 | R4: ='#0040 Palm Beach Prep Char. MS'!R4 -> July 1, 2025 - June 30, 2026
A6: Fund | B6: Grant - Program Title | C6: ALN/Name | D6: FAIN# | E6: TAPS | F6: Award # | G6: Awarding Federal Agency | H6: ='#1461 Inlet Grove Comm HS '!H6 -> FY26 Restricted Indirect Cost Rate+ | I6: ='#1461 Inlet Grove Comm HS '!I6 -> FY26 Unrestricted Indirect Cost Rate+ | J6: Last Date to Incur Expenditures | K6: Last Date to Submit Reimbursement Request/Close out Grants | L6: Federal Award Date | M6: Project Period | N6: Original Allocation Amount | O6: Incr <Decr> in Allocation Amount | P6: Revised Allocation Amount | R6: Cash Payments | S6: On-Behalf Payments * | T6: Total Payments ** | U6: ='#3395 Somerset Academy JFK '!U6 -> Available Budget as of 12/31/25
A7: 4201 | B7: Title I, Part A - Improving the Academic Achievement of the Disadvantaged (TIPA) | C7: 84.010A Title I, Part A, Basic | D7: S010A250009 | E7: 26A001 | F7: 500-2126C-6CB01 | G7: U.S. Dept. of Education | H7: 0.0221 | I7: 0.1634 | J7: 46203 | K7: 46204 | L7: 45839 | M7: 07/01/25 - 06/30/26 | N7: 190006.5 | P7: =N7+O7 -> 190006.5 | R7: 32410.88 | T7: =S7+R7 -> 32410.88 | U7: =P7-T7 -> 157595.62
P8: =N8+O8 -> 0 | T8: =S8+R8 -> 0 | U8: =P8-T8 -> 0
P9: =N9+O9 -> 0 | T9: =S9+R9 -> 0 | U9: =P9-T9 -> 0
M10: Total | N10: =SUM(N7:N9) -> 190006.5 | O10: =SUM(O7:O9) -> 0 | P10: =SUM(P7:P9) -> 190006.5 | R10: =SUM(R7:R9) -> 32410.88 | S10: =SUM(S7:S9) -> 0 | T10: =SUM(T7:T9) -> 32410.88 | U10: =SUM(U7:U9) -> 157595.62
B12: TERMS AND SPECIAL CONDITIONS
B13: This project and any amendments are subject to the procedures outlined in the Project Application and Amendment Procedures for Federal and State Programs (Green Book) and the General Assurances for Participation in Federal and State Programs.
B15: As a sub-recipient of Federal funds there is a requirement that you permit the Palm Beach County School District and auditors to have access to your records and financial statements as necessary for the Palm Beach County School District to meet the requirements of section, 200.300 Statutory and national policy requirements through 300.309 Period of performance, and Subpart F-Audit Requirements of this Part.
B17: Pursuant to OMB Uniform Guidance (2 CFR 200.501), "Each non-federal entity that expends $750,000 or more in any fiscal year of such non-federal entity shall be required to have a "Single or program specific audit". For further information, please see link below.
B18: https://www2.ed.gov/policy/fund/guid/uniform-guidance/index.html
B20: Palm Beach County School District Contacts: | C20: Name | D20: Phone#
B21: Title I | C21: Nicole Smith | D21: 561-434-8111
B25: *Note - To see Indirect Cost Plan - 2025-26 - The School District of Palm Beach County Website/Choice/Career Programs/Charter Schools/Charter School Fiscal Oversight/ Indirect Cost Plan - 2025-26
R28: ** Required to be recorded as Revenue and
B29: * On-Behalf Payment Detail: | C29: CFDA # | F29: Paid To | G29: On-Behalf Amount | M29: Date Paid | N29: Description | R29: Expenditure under the applicable Federal Award
S52: Total Payments: | T52: =T10 -> 32410.88

Sheet #3398 Everglades Preparatory 
A1: Everglades Preparatory Academy
A2: =('#1461 Inlet Grove Comm HS '!A2) -> Federal Grant Allocations/Reimbursements as of: 12/31/25
A3: Department # 3398
A4: DUNS #150889900 | R4: ='#0040 Palm Beach Prep Char. MS'!R4 -> July 1, 2025 - June 30, 2026
A6: Fund | B6: Grant - Program Title | C6: ALN/Name | D6: FAIN# | E6: TAPS | F6: Award # | G6: Awarding Federal Agency | H6: ='#1461 Inlet Grove Comm HS '!H6 -> FY26 Restricted Indirect Cost Rate+ | I6: ='#1461 Inlet Grove Comm HS '!I6 -> FY26 Unrestricted Indirect Cost Rate+ | J6: Last Date to Incur Expenditures | K6: Last Date to Submit Reimbursement Request/Close out Grants | L6: Federal Award Date | M6: Project Period | N6: Original Allocation Amount | O6: Incr <Decr> in Allocation Amount | P6: Revised Allocation Amount | R6: Cash Payments | S6: On-Behalf Payments * | T6: Total Payments ** | U6: ='#3396 G-Star of the Arts '!U6 -> Available Budget as of 12/31/25
A7: 4201 | B7: Title I, Part A - Improving the Academic Achievement of the Disadvantaged (TIPA) | C7: 84.010A Title I, Part A, Basic | D7: S010A250009 | E7: 26A001 | F7: 500-2126C-6CB01 | G7: U.S. Dept. of Education | H7: 0.0221 | I7: 0.1634 | J7: 46203 | K7: 46204 | L7: 45839 | M7: 07/01/25 - 06/30/26 | N7: 44936.5 | P7: =N7+O7 -> 44936.5 | R7: 26449.42 | T7: =R7+S7 -> 26449.42 | U7: =P7-T7 -> 18487.08
A8: 4221 | B8: Title I, Part A - Unified School Improvement Grant (UniSIG) | C8: 84.010A PL 114-95 ESSA 2015, Title I, Part A | D8: S010A240009 | E8: 25A002 | F8: 500-2265D-5C001 | G8: U.S. Dept. of Education | H8: 0.0221 | I8: 0.1634 | J8: 45869 | K8: 45870 | L8: 45474 | M8: 08/01/24 - 07/31/25 | N8: 71077.29 | O8: -63180.93 | P8: =N8+O8 -> 7896.36 | R8: 7896.36 | T8: =R8+S8 -> 7896.36 | U8: 0 | V8: *Grant is Closed
A9: 4221 | B9: Title I, Part A - Unified School Improvement Grant (UniSIG) | C9: 84.010A Title I Part A School Improvement 1003 USDE | D9: S010A250009 | E9: 26A002 | F9: 500-2266D-6C001 | G9: U.S. Dept. of Education | H9: 0.0221 | I9: 0.1634 | J9: 46234 | K9: 46235 | L9: 45839 | M9: 08/01/25 - 07/31/26 | N9: =237327.29-N8 -> 166250 | P9: =N9+O9 -> 166250 | R9: 11491.63 | T9: =R9+S9 -> 11491.63 | U9: =P9-T9 -> 154758.37
A10: 4253 | B10: IDEA Part B, K-12 Entitlement | C10: 84.027A IDEA - Part B, PL 108-446 Section 611 | D10: H027A250024 | E10: 26C001 | F10: 500-2636C-6CB01 | G10: U.S. Dept. of Education | H10: 0.0221 | I10: 0.1634 | J10: 46203 | K10: 46204 | L10: 45839 | M10: 07/01/25 - 06/30/26 | N10: 4935.09 | P10: =N10+O10 -> 4935.09 | R10: 0 | T10: =R10 -> 0 | U10: =P10-T10 -> 4935.09
P11: =N11+O11 -> 0 | T11: =R11 -> 0 | U11: =P11-T11 -> 0
P12: =N12+O12 -> 0 | U12: =P12-T12 -> 0
M13: TOTAL | N13: =SUM(N7:N12) -> 287198.88 | O13: =SUM(O7:O12) -> -63180.93 | P13: =SUM(P7:P12) -> 224017.95 | R13: =SUM(R7:R12) -> 45837.41 | S13: =SUM(S7:S12) -> 0 | T13: =SUM(T7:T12) -> 45837.41 | U13: =SUM(U7:U12) -> 178180.54
B16: TERMS AND SPECIAL CONDITIONS
B17: This project and any amendments are subject to the procedures outlined in the Project Application and Amendment Procedures for Federal and State Programs (Green Book) and the General Assurances for Participation in Federal and State Programs. | M17: * Budget for closed grants no longer available.
S18: =P8-R8 -> 0
B19: As a sub-recipient of Federal funds there is a requirement that you permit the Palm Beach County School District and auditors to have access to your records and financial statements as necessary for the Palm Beach County School District to meet the requirements of section, 200.300 Statutory and national policy requirements through 300.309 Period of performance, and Subpart F-Audit Requirements of this Part.
B21: Pursuant to OMB Uniform Guidance (2 CFR 200.501), "Each non-federal entity that expends $750,000 or more in any fiscal year of such non-federal entity shall be required to have a "Single or program specific audit". For further information, please see link below.
B22: https://www2.ed.gov/policy/fund/guid/uniform-guidance/index.html
B24: Palm Beach County School District Contacts: | C24: Name | D24: Phone#
B25: Title I | C25: Nicole Smith | D25: 561-434-8111
B26: IDEA | C26: Jennifer Zapata | D26: 561-434-8707
B30: *Note - To see Indirect Cost Plan - 2025-26 - The School District of Palm Beach County Website/Choice/Career Programs/Charter Schools/Charter School Fiscal Oversight/ Indirect Cost Plan - 2025-26
R33: ** Required to be recorded as Revenue and
B34: * On-Behalf Payment Detail: | C34: CFDA # | F34: Paid To | G34: On-Behalf Amount | M34: Date Paid | N34: Description | R34: Expenditure under the applicable Federal Award
S52: Total Payments: | T52: =T13 -> 45837.41

Sheet #3400 Believers Academy 
A1: Believers Academy
A2: =('#1461 Inlet Grove Comm HS '!A2) -> Federal Grant Allocations/Reimbursements as of: 12/31/25
A3: Department # 3400
A4: DUNS #150889900 | R4: ='#0040 Palm Beach Prep Char. MS'!R4 -> July 1, 2025 - June 30, 2026
A6: Fund | B6: Grant - Program Title | C6: ALN/Name | D6: FAIN# | E6: TAPS | F6: Award # | G6: Awarding Federal Agency | H6: ='#1461 Inlet Grove Comm HS '!H6 -> FY26 Restricted Indirect Cost Rate+ | I6: ='#1461 Inlet Grove Comm HS '!I6 -> FY26 Unrestricted Indirect Cost Rate+ | J6: Last Date to Incur Expenditures | K6: Last Date to Submit Reimbursement Request/Close out Grants | L6: Federal Award Date | M6: Project Period | N6: Original Allocation Amount | O6: Incr <Decr> in Allocation Amount | P6: Revised Allocation Amount | R6: Cash Payments | S6: On-Behalf Payments * | T6: Total Payments ** | U6: ='#3398 Everglades Preparatory '!U6 -> Available Budget as of 12/31/25
A7: 4201 | B7: Title I, Part A - Improving the Academic Achievement of the Disadvantaged (TIPA) | C7: 84.010A Title I, Part A, Basic | D7: S010A250009 | E7: 26A001 | F7: 500-2126C-6CB01 | G7: U.S. Dept. of Education | H7: 0.0221 | I7: 0.1634 | J7: 46203 | K7: 46204 | L7: 45839 | M7: 07/01/25 - 06/30/26 | N7: 15817.5 | P7: =N7+O7 -> 15817.5 | R7: 15817.5 | T7: =R7+S7 -> 15817.5 | U7: =P7-T7 -> 0
A8: 4221 | B8: Title I, Part A - Unified School Improvement Grant (UniSIG) | C8: 84.010A PL 114-95 ESSA 2015, Title I, Part A | D8: S010A240009 | E8: 25A002 | F8: 500-2265D-5C001 | G8: U.S. Dept. of Education | H8: 0.0221 | I8: 0.1634 | J8: 45869 | K8: 45870 | L8: 45474 | M8: 08/01/24 - 07/31/25 | N8: 12331.6 | P8: =N8+O8 -> 12331.6 | R8: 12331.6 | T8: =R8+S8 -> 12331.6 | U8: =P8-T8 -> 0 | V8: *Grant is Closed
A9: 4221 | B9: Title I, Part A - Unified School Improvement Grant (UniSIG) | C9: 84.010A Title I Part A School Improvement 1003 USDE | D9: S010A250009 | E9: 26A002 | F9: 500-2266D-6C001 | G9: U.S. Dept. of Education | H9: 0.0221 | I9: 0.1634 | J9: 46234 | K9: 46235 | L9: 45839 | M9: 08/01/25 - 07/31/26 | N9: =178581.6-N8 -> 166250 | P9: =N9+O9 -> 166250 | T9: =R9+S9 -> 0 | U9: =P9-T9 -> 166250
P10: =N10+O10 -> 0 | T10: =R10+S10 -> 0 | U10: =P10-T10 -> 0
M11: TOTAL | N11: =SUM(N7:N10) -> 194399.1 | O11: =SUM(O7:O10) -> 0 | P11: =SUM(P7:P10) -> 194399.1 | R11: =SUM(R7:R10) -> 28149.1 | S11: =SUM(S7:S10) -> 0 | T11: =SUM(T7:T10) -> 28149.1 | U11: =SUM(U7:U10) -> 166250
B14: TERMS AND SPECIAL CONDITIONS
B15: This project and any amendments are subject to the procedures outlined in the Project Application and Amendment Procedures for Federal and State Programs (Green Book) and the General Assurances for Participation in Federal and State Programs.
B17: As a sub-recipient of Federal funds there is a requirement that you permit the Palm Beach County School District and auditors to have access to your records and financial statements as necessary for the Palm Beach County School District to meet the requirements of section, 200.300 Statutory and national policy requirements through 300.309 Period of performance, and Subpart F-Audit Requirements of this Part.
B19: Pursuant to OMB Uniform Guidance (2 CFR 200.501), "Each non-federal entity that expends $750,000 or more in any fiscal year of such non-federal entity shall be required to have a "Single or program specific audit". For further information, please see link below.
B20: https://www2.ed.gov/policy/fund/guid/uniform-guidance/index.html
B22: Palm Beach County School District Contacts: | C22: Name | D22: Phone#
B23: Title I | C23: Nicole Smith | D23: 561-434-8111
B27: *Note - To see Indirect Cost Plan - 2025-26 - The School District of Palm Beach County Website/Choice/Career Programs/Charter Schools/Charter School Fiscal Oversight/ Indirect Cost Plan - 2025-26
R30: ** Required to be recorded as Revenue and
B31: * On-Behalf Payment Detail: | C31: CFDA # | F31: Paid To | G31: On-Behalf Amount | M31: Date Paid | N31: Description | R31: Expenditure under the applicable Federal Award
S52: Total Payments: | T52: =T11 -> 28149.1

Sheet #3401 Quantum High School 
A1: Quantum High School
A2: =('#1461 Inlet Grove Comm HS '!A2) -> Federal Grant Allocations/Reimbursements as of: 12/31/25
A3: Department # 3401
A4: DUNS #150889900 | R4: ='#0040 Palm Beach Prep Char. MS'!R4 -> July 1, 2025 - June 30, 2026
A6: Fund | B6: Grant - Program Title | C6: ALN/Name | D6: FAIN# | E6: TAPS | F6: Award # | G6: Awarding Federal Agency | H6: ='#1461 Inlet Grove Comm HS '!H6 -> FY26 Restricted Indirect Cost Rate+ | I6: ='#1461 Inlet Grove Comm HS '!I6 -> FY26 Unrestricted Indirect Cost Rate+ | J6: Last Date to Incur Expenditures | K6: Last Date to Submit Reimbursement Request/Close out Grants | L6: Federal Award Date | M6: Project Period | N6: Original Allocation Amount | O6: Incr <Decr> in Allocation Amount | P6: Revised Allocation Amount | R6: Cash Payments | S6: On-Behalf Payments * | T6: Total Payments ** | U6: ='#3400 Believers Academy '!U6 -> Available Budget as of 12/31/25
A7: 4201 | B7: Title I, Part A - Improving the Academic Achievement of the Disadvantaged (TIPA) | C7: 84.010A Title I, Part A, Basic | D7: S010A250009 | E7: 26A001 | F7: 500-2126C-6CB01 | G7: U.S. Dept. of Education | H7: 0.0221 | I7: 0.1634 | J7: 46203 | K7: 46204 | L7: 45839 | M7: 07/01/25 - 06/30/26 | N7: 75713.25 | P7: =N7+O7 -> 75713.25 | R7: 14478.92 | S7: 0 | T7: =R7+S7 -> 14478.92 | U7: =P7-T7 -> 61234.33
A8: 4221 | B8: Title I, Part A - Unified School Improvement Grant (UniSIG) | C8: 84.010A PL 114-95 ESSA 2015, Title I, Part A | D8: S010A240009 | E8: 25A002 | F8: 500-2265D-5C001 | G8: U.S. Dept. of Education | H8: 0.0221 | I8: 0.1634 | J8: 45869 | K8: 45870 | L8: 45474 | M8: 08/01/24 - 07/31/25 | N8: 76390.59 | O8: -10900.01 | P8: =N8+O8 -> 65490.58 | R8: 65490.58 | S8: 0 | T8: =R8+S8 -> 65490.58 | U8: 0 | V8: *Grant is Closed
A9: 4221 | B9: Title I, Part A - Unified School Improvement Grant (UniSIG) | C9: 84.010A Title I Part A School Improvement 1003 USDE | D9: S010A250009 | E9: 26A002 | F9: 500-2266D-6C001 | G9: U.S. Dept. of Education | H9: 0.0221 | I9: 0.1634 | J9: 46234 | K9: 46235 | L9: 45839 | M9: 08/01/25 - 07/31/26 | N9: =242640.59-N8 -> 166250 | P9: =N9+O9 -> 166250 | R9: 19926.62 | T9: =R9+S9 -> 19926.62 | U9: =P9-T9 -> 146323.38
P10: =N10+O10 -> 0 | T10: =R10+S10 -> 0 | U10: =P10-T10 -> 0
M11: TOTAL | N11: =SUM(N7:N10) -> 318353.84 | O11: =SUM(O7:O10) -> -10900.01 | P11: =SUM(P7:P10) -> 307453.83 | R11: =SUM(R7:R10) -> 99896.12 | S11: =SUM(S7:S10) -> 0 | T11: =SUM(T7:T10) -> 99896.12 | U11: =SUM(U7:U10) -> 207557.71
B14: TERMS AND SPECIAL CONDITIONS | R14: =P8-R8 -> 0
B15: This project and any amendments are subject to the procedures outlined in the Project Application and Amendment Procedures for Federal and State Programs (Green Book) and the General Assurances for Participation in Federal and State Programs. | N15: * Budget for closed grants no longer available.
B17: As a sub-recipient of Federal funds there is a requirement that you permit the Palm Beach County School District and auditors to have access to your records and financial statements as necessary for the Palm Beach County School District to meet the requirements of section, 200.300 Statutory and national policy requirements through 300.309 Period of performance, and Subpart F-Audit Requirements of this Part.
B19: Pursuant to OMB Uniform Guidance (2 CFR 200.501), "Each non-federal entity that expends $750,000 or more in any fiscal year of such non-federal entity shall be required to have a "Single or program specific audit". For further information, please see link below.
B20: https://www2.ed.gov/policy/fund/guid/uniform-guidance/index.html
B23: Palm Beach County School District Contacts: | C23: Name | D23: Phone#
B24: Title I | C24: Nicole Smith | D24: 561-434-8111
B27: *Note - To see Indirect Cost Plan - 2025-26 - The School District of Palm Beach County Website/Choice/Career Programs/Charter Schools/Charter School Fiscal Oversight/ Indirect Cost Plan - 2025-26
R30: ** Required to be recorded as Revenue and
B31: * On-Behalf Payment Detail: | C31: CFDA # | F31: Paid To | G31: On-Behalf Amount | M31: Date Paid | N31: Description | R31: Expenditure under the applicable Federal Award
S52: Total Payments: | T52: =T11 -> 99896.12

Sheet #3413 Somerset Acad Boca East
A1: Somerset Academy Boca East
A2: =('#1461 Inlet Grove Comm HS '!A2) -> Federal Grant Allocations/Reimbursements as of: 12/31/25
A3: Department # 3413
A4: DUNS #150889900 | R4: ='#0040 Palm Beach Prep Char. MS'!R4 -> July 1, 2025 - June 30, 2026
A6: Fund | B6: Grant - Program Title | C6: ALN/Name | D6: FAIN# | E6: TAPS | F6: Award # | G6: Awarding Federal Agency | H6: ='#1461 Inlet Grove Comm HS '!H6 -> FY26 Restricted Indirect Cost Rate+ | I6: ='#1461 Inlet Grove Comm HS '!I6 -> FY26 Unrestricted Indirect Cost Rate+ | J6: Last Date to Incur Expenditures | K6: Last Date to Submit Reimbursement Request/Close out Grants | L6: Federal Award Date | M6: Project Period | N6: Original Allocation Amount | O6: Incr <Decr> in Allocation Amount | P6: Revised Allocation Amount | R6: Cash Payments | S6: On-Behalf Payments * | T6: Total Payments ** | U6: ='#3401 Quantum High School '!U6 -> Available Budget as of 12/31/25
A7: 4204 | B7: Stronger Connections Grant Program | C7: 84.424F Title II BSCA SSAE Program USDE | D7: S424F220010 | E7: 24A278 | F7: 500-2423A-4CR01 | G7: U.S. Dept. of Education | H7: 0.0221 | I7: 0.1634 | J7: 46295 | K7: 46296 | L7: 44819 | M7: 01/01/24 - 09/30/26 | N7: 2163.69 | P7: =N7+O7 -> 2163.69 | R7: 0 | T7: =R7+S7 -> 0 | U7: =P7-T7 -> 2163.69
A8: 4383 | B8: Title IV, Part A - Student Support and Academic Enrichment (SSAE) | C8: 84.424A Title IV Student Support and Acadmic Enrichment | D8: S424A240010 | E8: 25A120 | F8: 500-2415A-5C001 | G8: U.S. Dept. of Education | H8: 0.0221 | I8: 0.1634 | J8: 46203 | K8: 46204 | L8: 45474 | M8: 07/01/24 - 06/30/26 | N8: 2674.65 | P8: =N8+O8 -> 2674.65 | T8: =R8+S8 -> 0 | U8: =P8-T8 -> 2674.65
N9: 0 | P9: =N9+O9 -> 0 | T9: =R9+S9 -> 0 | U9: =P9-T9 -> 0
N10: =SUM(N7:N9) -> 4838.34 | O10: =SUM(O7:O9) -> 0 | P10: =SUM(P7:P9) -> 4838.34 | R10: =SUM(R7:R9) -> 0 | S10: =SUM(S7:S9) -> 0 | T10: =SUM(T7:T9) -> 0 | U10: =SUM(U7:U9) -> 4838.34
B14: TERMS AND SPECIAL CONDITIONS
B15: This project and any amendments are subject to the procedures outlined in the Project Application and Amendment Procedures for Federal and State Programs (Green Book) and the General Assurances for Participation in Federal and State Programs.
B17: As a sub-recipient of Federal funds there is a requirement that you permit the Palm Beach County School District and auditors to have access to your records and financial statements as necessary for the Palm Beach County School District to meet the requirements of section, 200.300 Statutory and national policy requirements through 300.309 Period of performance, and Subpart F-Audit Requirements of this Part.
B19: Pursuant to OMB Uniform Guidance (2 CFR 200.501), "Each non-federal entity that expends $750,000 or more in any fiscal year of such non-federal entity shall be required to have a "Single or program specific audit". For further information, please see link below.
B20: https://www2.ed.gov/policy/fund/guid/uniform-guidance/index.html
B22: Palm Beach County School District Contacts: | C22: Name | D22: Phone#
B23: Title IV | C23: Tangela Steele | D23: 561-649-6868
B24: Stronger Connections | C24: Samantha Palaigos | D24: 561-434-7368
B26: *Note - To see Indirect Cost Plan - 2025-26 - The School District of Palm Beach County Website/Choice/Career Programs/Charter Schools/Charter School Fiscal Oversight/ Indirect Cost Plan - 2025-26
R29: ** Required to be recorded as Revenue and
B30: * On-Behalf Payment Detail: | C30: CFDA # | F30: Paid To | G30: On-Behalf Amount | M30: Date Paid | N30: Description | R30: Expenditure under the applicable Federal Award
S52: Total Payments: | T52: =T10 -> 0

Sheet #3421 Worthington High School
A1: Worthington High School
A2: =('#1461 Inlet Grove Comm HS '!A2) -> Federal Grant Allocations/Reimbursements as of: 12/31/25
A3: Department # 3421
A4: DUNS #150889900 | R4: ='#0040 Palm Beach Prep Char. MS'!R4 -> July 1, 2025 - June 30, 2026
A6: Fund | B6: Grant - Program Title | C6: ALN/Name | D6: FAIN# | E6: TAPS | F6: Award # | G6: Awarding Federal Agency | H6: ='#1461 Inlet Grove Comm HS '!H6 -> FY26 Restricted Indirect Cost Rate+ | I6: ='#1461 Inlet Grove Comm HS '!I6 -> FY26 Unrestricted Indirect Cost Rate+ | J6: Last Date to Incur Expenditures | K6: Last Date to Submit Reimbursement Request/Close out Grants | L6: Federal Award Date | M6: Project Period | N6: Original Allocation Amount | O6: Incr <Decr> in Allocation Amount | P6: Revised Allocation Amount | R6: Cash Payments | S6: On-Behalf Payments * | T6: Total Payments ** | U6: ='#3413 Somerset Acad Boca East'!U6 -> Available Budget as of 12/31/25
A7: 4201 | B7: Title I, Part A - Improving the Academic Achievement of the Disadvantaged (TIPA) | C7: 84.010A Title I, Part A, Basic | D7: S010A250009 | E7: 26A001 | F7: 500-2126C-6CB01 | G7: U.S. Dept. of Education | H7: 0.0221 | I7: 0.1634 | J7: 46203 | K7: 46204 | L7: 45839 | M7: 07/01/25 - 06/30/26 | N7: 101759.25 | P7: =N7+O7 -> 101759.25 | R7: 13476.94 | T7: =R7+S7 -> 13476.94 | U7: =P7-T7 -> 88282.31
A8: 4221 | B8: Title I, Part A - Unified School Improvement Grant (UniSIG) | C8: 84.010A PL 114-95 ESSA 2015, Title I, Part A | D8: S010A240009 | E8: 25A002 | F8: 500-2265D-5C001 | G8: U.S. Dept. of Education | H8: 0.0221 | I8: 0.1634 | J8: 45869 | K8: 45870 | L8: 45474 | M8: 08/01/24 - 07/31/25 | N8: 43455.63 | O8: -43455.63 | P8: =N8+O8 -> 0 | R8: 0 | T8: =R8+S8 -> 0 | U8: 0 | V8: * Grant is Closed
A9: 4221 | B9: Title I, Part A - Unified School Improvement Grant (UniSIG) | C9: 84.010A Title I Part A School Improvement 1003 USDE | D9: S010A250009 | E9: 26A002 | F9: 500-2266D-6C001 | G9: U.S. Dept. of Education | H9: 0.0221 | I9: 0.1634 | J9: 46234 | K9: 46235 | L9: 45839 | M9: 08/01/25 - 07/31/26 | N9: =257205.63-N8 -> 213750 | P9: =N9+O9 -> 213750 | R9: 22213.11 | T9: =R9+S9 -> 22213.11 | U9: =P9-T9 -> 191536.89
P10: =N10+O10 -> 0 | R10: 0 | T10: =R10+S10 -> 0 | U10: =P10-T10 -> 0
M11: TOTAL | N11: =SUM(N7:N10) -> 358964.88 | O11: =SUM(O7:O10) -> -43455.63 | P11: =SUM(P7:P10) -> 315509.25 | R11: =SUM(R7:R10) -> 35690.05 | S11: =SUM(S7:S10) -> 0 | T11: =SUM(T7:T10) -> 35690.05 | U11: =SUM(U7:U10) -> 279819.2
B14: TERMS AND SPECIAL CONDITIONS
B15: This project and any amendments are subject to the procedures outlined in the Project Application and Amendment Procedures for Federal and State Programs (Green Book) and the General Assurances for Participation in Federal and State Programs. | P15: * Budget for closed grants no longer available.
B17: As a sub-recipient of Federal funds there is a requirement that you permit the Palm Beach County School District and auditors to have access to your records and financial statements as necessary for the Palm Beach County School District to meet the requirements of section, 200.300 Statutory and national policy requirements through 300.309 Period of performance, and Subpart F-Audit Requirements of this Part.
B19: Pursuant to OMB Uniform Guidance (2 CFR 200.501), "Each non-federal entity that expends $750,000 or more in any fiscal year of such non-federal entity shall be required to have a "Single or program specific audit". For further information, please see link below.
B20: https://www2.ed.gov/policy/fund/guid/uniform-guidance/index.html
B23: Palm Beach County School District Contacts: | C23: Name | D23: Phone#
B24: Title I | C24: Nicole Smith | D24: 561-434-8111
B28: *Note - To see Indirect Cost Plan - 2025-26 - The School District of Palm Beach County Website/Choice/Career Programs/Charter Schools/Charter School Fiscal Oversight/ Indirect Cost Plan - 2025-26
R31: ** Required to be recorded as Revenue and
B32: * On-Behalf Payment Detail: | C32: CFDA # | F32: Paid To | G32: On-Behalf Amount | M32: Date Paid | N32: Description | R32: Expenditure under the applicable Federal Award
S52: Total Payments: | T52: =T11 -> 35690.05

Sheet  #3431 Renaissance CS @ WPB
A1: Renaissance Charter School at West Palm Beach
A2: =('#1461 Inlet Grove Comm HS '!A2) -> Federal Grant Allocations/Reimbursements as of: 12/31/25
A3: Department # 3431
A4: DUNS #150889900 | R4: ='#0040 Palm Beach Prep Char. MS'!R4 -> July 1, 2025 - June 30, 2026
A6: Fund | B6: Grant - Program Title | C6: ALN/Name | D6: FAIN# | E6: TAPS | F6: Award # | G6: Awarding Federal Agency | H6: ='#1461 Inlet Grove Comm HS '!H6 -> FY26 Restricted Indirect Cost Rate+ | I6: ='#1461 Inlet Grove Comm HS '!I6 -> FY26 Unrestricted Indirect Cost Rate+ | J6: Last Date to Incur Expenditures | K6: Last Date to Submit Reimbursement Request/Close out Grants | L6: Federal Award Date | M6: Project Period | N6: Original Allocation Amount | O6: Incr <Decr> in Allocation Amount | P6: Revised Allocation Amount | R6: Cash Payments | S6: On-Behalf Payments * | T6: Total Payments ** | U6: ='#3421 Worthington High School'!U6 -> Available Budget as of 12/31/25
A7: 4201 | B7: Title I, Part A - Improving the Academic Achievement of the Disadvantaged (TIPA) | C7: 84.010A Title I, Part A, Basic | D7: S010A250009 | E7: 26A001 | F7: 500-2126C-6CB01 | G7: U.S. Dept. of Education | H7: 0.0221 | I7: 0.1634 | J7: 46203 | K7: 46204 | L7: 45839 | M7: 07/01/25 - 06/30/26 | N7: 522504.75 | P7: =N7+O7 -> 522504.75 | R7: 85467.93 | T7: =R7+S7 -> 85467.93 | U7: =P7-T7 -> 437036.82
N8: 0 | O8: 0 | P8: =N8+O8 -> 0 | T8: =R8+S8 -> 0 | U8: =P8-T8 -> 0
M9: TOTAL | N9: =SUM(N7:N8) -> 522504.75 | O9: =SUM(O7:O8) -> 0 | P9: =SUM(P7:P8) -> 522504.75 | R9: =SUM(R7:R8) -> 85467.93 | S9: =SUM(S7:S8) -> 0 | T9: =SUM(T7:T8) -> 85467.93 | U9: =SUM(U7:U8) -> 437036.82
B12: TERMS AND SPECIAL CONDITIONS
B13: This project and any amendments are subject to the procedures outlined in the Project Application and Amendment Procedures for Federal and State Programs (Green Book) and the General Assurances for Participation in Federal and State Programs.
B15: As a sub-recipient of Federal funds there is a requirement that you permit the Palm Beach County School District and auditors to have access to your records and financial statements as necessary for the Palm Beach County School District to meet the requirements of section, 200.300 Statutory and national policy requirements through 300.309 Period of performance, and Subpart F-Audit Requirements of this Part.
B17: Pursuant to OMB Uniform Guidance (2 CFR 200.501), "Each non-federal entity that expends $750,000 or more in any fiscal year of such non-federal entity shall be required to have a "Single or program specific audit". For further information, please see link below.
B18: https://www2.ed.gov/policy/fund/guid/uniform-guidance/index.html
B20: Palm Beach County School District Contacts: | C20: Name | D20: Phone#
B21: Title I | C21: Nicole Smith | D21: 561-434-8111
B27: *Note - To see Indirect Cost Plan - 2025-26 - The School District of Palm Beach County Website/Choice/Career Programs/Charter Schools/Charter School Fiscal Oversight/ Indirect Cost Plan - 2025-26
R30: ** Required to be recorded as Revenue and
B31: * On-Behalf Payment Detail: | C31: CFDA # | F31: Paid To | G31: On-Behalf Amount | M31: Date Paid | N31: Description | R31: Expenditure under the applicable Federal Award
S52: Total Payments: | T52: =T9 -> 85467.93

Sheet #3441 South Tech Prep Acd 
A1: South Tech Preparatory Academy
A2: =('#1461 Inlet Grove Comm HS '!A2) -> Federal Grant Allocations/Reimbursements as of: 12/31/25
A3: Department # 3441
A4: DUNS #064706796 | R4: ='#0040 Palm Beach Prep Char. MS'!R4 -> July 1, 2025 - June 30, 2026
A6: Fund | B6: Grant - Program Title | C6: ALN/Name | D6: FAIN# | E6: TAPS | F6: Award # | G6: Awarding Federal Agency | H6: ='#1461 Inlet Grove Comm HS '!H6 -> FY26 Restricted Indirect Cost Rate+ | I6: ='#1461 Inlet Grove Comm HS '!I6 -> FY26 Unrestricted Indirect Cost Rate+ | J6: Last Date to Incur Expenditures | K6: Last Date to Submit Reimbursement Request/Close out Grants | L6: Federal Award Date | M6: Project Period | N6: Original Allocation Amount | O6: Incr <Decr> in Allocation Amount | P6: Revised Allocation Amount | R6: Cash Payments | S6: On-Behalf Payments * | T6: Total Payments ** | U6: =' #3431 Renaissance CS @ WPB'!U6 -> Available Budget as of 12/31/25
A7: 4451 | B7: Strengthening Career & Technical Education for the 21st Century Act - Perkins V | C7: 84.048 Perkins V, Title I; WIA, Sect 503 USDE | D7: V048A250009 | E7: 26B004 | F7: 500-1616S-6CS01 | G7: U.S. Dept. of Education | H7: 0.0221 | I7: 0.1634 | J7: 46203 | K7: 46204 | L7: 45839 | M7: 07/01/25 - 06/30/26 | N7: 839 | O7: 0 | P7: =N7+O7 -> 839 | R7: 0 | S7: 0 | T7: =R7+S7 -> 0 | U7: =P7-T7 -> 839
M9: TOTAL | N9: =SUM(N7:N8) -> 839 | O9: =SUM(O7:O8) -> 0 | P9: =SUM(P7:P8) -> 839 | R9: =SUM(R7:R8) -> 0 | S9: =SUM(S7:S8) -> 0 | T9: =SUM(T7:T8) -> 0 | U9: =SUM(U7:U8) -> 839
B11: TERMS AND SPECIAL CONDITIONS
B12: This project and any amendments are subject to the procedures outlined in the Project Application and Amendment Procedures for Federal and State Programs (Green Book) and the General Assurances for Participation in Federal and State Programs.
B14: As a sub-recipient of Federal funds there is a requirement that you permit the Palm Beach County School District and auditors to have access to your records and financial statements as necessary for the Palm Beach County School District to meet the requirements of section, 200.300 Statutory and national policy requirements through 300.309 Period of performance, and Subpart F-Audit Requirements of this Part.
B16: Pursuant to OMB Uniform Guidance (2 CFR 200.501), "Each non-federal entity that expends $750,000 or more in any fiscal year of such non-federal entity shall be required to have a "Single or program specific audit". For further information, please see link below.
B17: https://www2.ed.gov/policy/fund/guid/uniform-guidance/index.html
B19: Palm Beach County School District Contacts: | C19: Name | D19: Phone#
B20: Carl D Perkins - Secondary | C20: Fred Passelli | D20: 561-434-8636
B22: *Note - To see Indirect Cost Plan - 2025-26 - The School District of Palm Beach County Website/Choice/Career Programs/Charter Schools/Charter School Fiscal Oversight/ Indirect Cost Plan - 2025-26
R25: ** Required to be recorded as Revenue and
B26: * On-Behalf Payment Detail: | C26: CFDA # | F26: Paid To | G26: On-Behalf Amount | M26: Date Paid | N26: Description | R26: Expenditure under the applicable Federal Award
S52: Total Payments: | T52: =T9 -> 0

Sheet #3924 PB Maritime Acd Second 
A1: Palm Beach Maritime Academy Secondary
A2: =('#1461 Inlet Grove Comm HS '!A2) -> Federal Grant Allocations/Reimbursements as of: 12/31/25
A3: Department # 3924
A4: DUNS #150889900 | R4: ='#0040 Palm Beach Prep Char. MS'!R4 -> July 1, 2025 - June 30, 2026
A6: Fund | B6: Grant - Program Title | C6: ALN/Name | D6: FAIN# | E6: TAPS | F6: Award # | G6: Awarding Federal Agency | H6: ='#1461 Inlet Grove Comm HS '!H6 -> FY26 Restricted Indirect Cost Rate+ | I6: ='#1461 Inlet Grove Comm HS '!I6 -> FY26 Unrestricted Indirect Cost Rate+ | J6: Last Date to Incur Expenditures | K6: Last Date to Submit Reimbursement Request/Close out Grants | L6: Federal Award Date | M6: Project Period | N6: Original Allocation Amount | O6: Incr <Decr> in Allocation Amount | P6: Revised Allocation Amount | R6: Cash Payments | S6: On-Behalf Payments * | T6: Total Payments ** | U6: ='#3441 South Tech Prep Acd '!U6 -> Available Budget as of 12/31/25
A7: 4201 | B7: Title I, Part A - Improving the Academic Achievement of the Disadvantaged (TIPA) | C7: 84.010A Title I, Part A, Basic | D7: S010A250009 | E7: 26A001 | F7: 500-2126C-6CB01 | G7: U.S. Dept. of Education | H7: 0.0221 | I7: 0.1634 | J7: 46203 | K7: 46204 | L7: 45839 | M7: 07/01/25 - 06/30/26 | N7: 183737.25 | P7: =N7+O7 -> 183737.25 | R7: 15276.57 | T7: =S7+R7 -> 15276.57 | U7: =P7-T7 -> 168460.68
A8: 4204 | B8: Stronger Connections Grant Program | C8: 84.424F Title II BSCA SSAE Program | D8: S424F220010 | E8: 24A278 | F8: 500-2423A-4CR01 | G8: U.S. Dept. of Education | H8: 0.0221 | I8: 0.1634 | J8: 46295 | K8: 46296 | L8: 44819 | M8: 01/01/24 - 09/30/26 | N8: 3274.3 | O8: 2689.09 | P8: =N8+O8 -> 5963.39 | R8: 0 | T8: =S8+R8 -> 0 | U8: =P8-T8 -> 5963.39
U9: =P9-T9 -> 0
U10: =P10-T10 -> 0
M11: TOTAL | N11: =SUM(N7:N10) -> 187011.55 | O11: =SUM(O7:O10) -> 2689.09 | P11: =SUM(P7:P10) -> 189700.64 | R11: =SUM(R7:R10) -> 15276.57 | S11: =SUM(S7:S10) -> 0 | T11: =SUM(T7:T10) -> 15276.57 | U11: =SUM(U7:U10) -> 174424.07
B14: TERMS AND SPECIAL CONDITIONS
B15: This project and any amendments are subject to the procedures outlined in the Project Application and Amendment Procedures for Federal and State Programs (Green Book) and the General Assurances for Participation in Federal and State Programs.
B17: As a sub-recipient of Federal funds there is a requirement that you permit the Palm Beach County School District and auditors to have access to your records and financial statements as necessary for the Palm Beach County School District to meet the requirements of section, 200.300 Statutory and national policy requirements through 300.309 Period of performance, and Subpart F-Audit Requirements of this Part.
B19: Pursuant to OMB Uniform Guidance (2 CFR 200.501), "Each non-federal entity that expends $750,000 or more in any fiscal year of such non-federal entity shall be required to have a "Single or program specific audit". For further information, please see link below.
B20: https://www2.ed.gov/policy/fund/guid/uniform-guidance/index.html
B22: Palm Beach County School District Contacts: | C22: Name | D22: Phone#
B23: Title I | C23: Nicole Smith | D23: 561-434-8111
B24: Stronger Connections | C24: Samantha Palaigos | D24: 561-434-7368
B26: *Note - To see Indirect Cost Plan - 2025-26 - The School District of Palm Beach County Website/Choice/Career Programs/Charter Schools/Charter School Fiscal Oversight/ Indirect Cost Plan - 2025-26
R29: ** Required to be recorded as Revenue and
B30: * On-Behalf Payment Detail: | C30: CFDA # | F30: Paid To | G30: On-Behalf Amount | M30: Date Paid | N30: Description | R30: Expenditure under the applicable Federal Award
S52: Total Payments: | T52: =T11 -> 15276.57

Sheet #3941 Ben Gamla 
A1: Ben Gamla
A2: =('#1461 Inlet Grove Comm HS '!A2) -> Federal Grant Allocations/Reimbursements as of: 12/31/25
A3: Department # 3941
A4: DUNS #150889900 | R4: ='#0040 Palm Beach Prep Char. MS'!R4 -> July 1, 2025 - June 30, 2026
A6: Fund | B6: Grant - Program Title | C6: ALN/Name | D6: FAIN# | E6: TAPS | F6: Award # | G6: Awarding Federal Agency | H6: ='#1461 Inlet Grove Comm HS '!H6 -> FY26 Restricted Indirect Cost Rate+ | I6: ='#1461 Inlet Grove Comm HS '!I6 -> FY26 Unrestricted Indirect Cost Rate+ | J6: Last Date to Incur Expenditures | K6: Last Date to Submit Reimbursement Request/Close out Grants | L6: Federal Award Date | M6: Project Period | N6: Original Allocation Amount | O6: Incr <Decr> in Allocation Amount | P6: Revised Allocation Amount | R6: Cash Payments | S6: On-Behalf Payments * | T6: Total Payments ** | U6: ='#3924 PB Maritime Acd Second '!U6 -> Available Budget as of 12/31/25
N7: 0 | P7: =N7+O7 -> 0 | R7: 0 | T7: =SUM(R7:S7) -> 0 | U7: =P7-T7 -> 0
P8: =N8+O8 -> 0 | T8: =SUM(R8:S8) -> 0 | U8: =P8-T8 -> 0
P9: =N9+O9 -> 0 | T9: =SUM(R9:S9) -> 0 | U9: =P9-T9 -> 0
M10: TOTAL | N10: =SUM(N7:N9) -> 0 | O10: =SUM(O7:O9) -> 0 | P10: =SUM(P7:P9) -> 0 | R10: =SUM(R7:R9) -> 0 | S10: =SUM(S7:S9) -> 0 | T10: =SUM(T7:T9) -> 0 | U10: =SUM(U7:U9) -> 0
B13: TERMS AND SPECIAL CONDITIONS
B14: This project and any amendments are subject to the procedures outlined in the Project Application and Amendment Procedures for Federal and State Programs (Green Book) and the General Assurances for Participation in Federal and State Programs.
B16: As a sub-recipient of Federal funds there is a requirement that you permit the Palm Beach County School District and auditors to have access to your records and financial statements as necessary for the Palm Beach County School District to meet the requirements of section, 200.300 Statutory and national policy requirements through 300.309 Period of performance, and Subpart F-Audit Requirements of this Part.
B18: Pursuant to OMB Uniform Guidance (2 CFR 200.501), "Each non-federal entity that expends $750,000 or more in any fiscal year of such non-federal entity shall be required to have a "Single or program specific audit". For further information, please see link below.
B19: https://www2.ed.gov/policy/fund/guid/uniform-guidance/index.html
B21: Palm Beach County School District Contacts: | C21: Name | D21: Phone#
B26: *Note - To see Indirect Cost Plan - 2025-26 - The School District of Palm Beach County Website/Choice/Career Programs/Charter Schools/Charter School Fiscal Oversight/ Indirect Cost Plan - 2025-26
R29: ** Required to be recorded as Revenue and
B30: * On-Behalf Payment Detail: | C30: CFDA # | F30: Paid To | G30: On-Behalf Amount | M30: Date Paid | N30: Description | R30: Expenditure under the applicable Federal Award
S52: Total Payments: | T52: =T10 -> 0

Sheet #3961 Gardens Schl Tech Arts
A1: Gardens School of Technology Arts
A2: =('#1461 Inlet Grove Comm HS '!A2) -> Federal Grant Allocations/Reimbursements as of: 12/31/25 | L2: Closed for FY 26
A3: Department # 3961
A4: DUNS #150889900 | R4: ='#0040 Palm Beach Prep Char. MS'!R4 -> July 1, 2025 - June 30, 2026
A6: Fund | B6: Grant - Program Title | C6: ALN/Name | D6: FAIN# | E6: TAPS | F6: Award # | G6: Awarding Federal Agency | H6: ='#1461 Inlet Grove Comm HS '!H6 -> FY26 Restricted Indirect Cost Rate+ | I6: ='#1461 Inlet Grove Comm HS '!I6 -> FY26 Unrestricted Indirect Cost Rate+ | J6: Last Date to Incur Expenditures | K6: Last Date to Submit Reimbursement Request/Close out Grants | L6: Federal Award Date | M6: Project Period | N6: Original Allocation Amount | O6: Incr <Decr> in Allocation Amount | P6: Revised Allocation Amount | R6: Cash Payments | S6: On-Behalf Payments * | T6: Total Payments ** | U6: ='#3941 Ben Gamla '!U6 -> Available Budget as of 12/31/25
P7: =N7+O7 -> 0 | T7: =R7+S7 -> 0 | U7: =P7-T7 -> 0
P8: =N8+O8 -> 0 | T8: =R8+S8 -> 0 | U8: =P8-T8 -> 0
M9: TOTAL | N9: =SUM(N7:N8) -> 0 | O9: =SUM(O7:O8) -> 0 | P9: =SUM(P7:P8) -> 0 | R9: =SUM(R7:R8) -> 0 | S9: =SUM(S7:S8) -> 0 | T9: =SUM(T7:T8) -> 0 | U9: =SUM(U7:U8) -> 0
B12: TERMS AND SPECIAL CONDITIONS
B13: This project and any amendments are subject to the procedures outlined in the Project Application and Amendment Procedures for Federal and State Programs (Green Book) and the General Assurances for Participation in Federal and State Programs.
B15: As a sub-recipient of Federal funds there is a requirement that you permit the Palm Beach County School District and auditors to have access to your records and financial statements as necessary for the Palm Beach County School District to meet the requirements of section, 200.300 Statutory and national policy requirements through 300.309 Period of performance, and Subpart F-Audit Requirements of this Part.
B17: Pursuant to OMB Uniform Guidance (2 CFR 200.501), "Each non-federal entity that expends $750,000 or more in any fiscal year of such non-federal entity shall be required to have a "Single or program specific audit". For further information, please see link below.
B18: https://www2.ed.gov/policy/fund/guid/uniform-guidance/index.html
B21: Palm Beach County School District Contacts: | C21: Name | D21: Phone#
B26: *Note - To see Indirect Cost Plan - 2025-26 - The School District of Palm Beach County Website/Choice/Career Programs/Charter Schools/Charter School Fiscal Oversight/ Indirect Cost Plan - 2025-26
R29: ** Required to be recorded as Revenue and
B30: * On-Behalf Payment Detail: | C30: CFDA # | F30: Paid To | G30: On-Behalf Amount | M30: Date Paid | N30: Description | R30: Expenditure under the applicable Federal Award
Y48: Total Payments: | Z48: =T9 -> 0

Sheet #3971 Palm Beach Preparatory  
A1: Palm Beach Preparatory Charter Academy
A2: =('#1461 Inlet Grove Comm HS '!A2) -> Federal Grant Allocations/Reimbursements as of: 12/31/25
A3: Department # 3971
A4: DUNS #150889900 | R4: ='#0040 Palm Beach Prep Char. MS'!R4 -> July 1, 2025 - June 30, 2026
A6: Fund | B6: Grant - Program Title | C6: ALN/Name | D6: FAIN# | E6: TAPS | F6: Award # | G6: Awarding Federal Agency | H6: ='#1461 Inlet Grove Comm HS '!H6 -> FY26 Restricted Indirect Cost Rate+ | I6: ='#1461 Inlet Grove Comm HS '!I6 -> FY26 Unrestricted Indirect Cost Rate+ | J6: Last Date to Incur Expenditures | K6: Last Date to Submit Reimbursement Request/Close out Grants | L6: Federal Award Date | M6: Project Period | N6: Original Allocation Amount | O6: Incr <Decr> in Allocation Amount | P6: Revised Allocation Amount | R6: Cash Payments | S6: On-Behalf Payments * | T6: Total Payments ** | U6: ='#3961 Gardens Schl Tech Arts'!U6 -> Available Budget as of 12/31/25
A7: 4201 | B7: Title I, Part A - Improving the Academic Achievement of the Disadvantaged (TIPA) | C7: 84.010A Title I, Part A, Basic | D7: S010A250009 | E7: 26A001 | F7: 500-2126C-6CB01 | G7: U.S. Dept. of Education | H7: 0.0221 | I7: 0.1634 | J7: 46203 | K7: 46204 | L7: 45839 | M7: 07/01/25 - 06/30/26 | N7: 155280.25 | P7: =N7+O7 -> 155280.25 | T7: =R7+S7 -> 0 | U7: =P7-T7 -> 155280.25
A8: 4221 | B8: Title I, Part A - Unified School Improvement Grant (UniSIG) | C8: 84.010A PL 114-95 ESSA 2015, Title I, Part A | D8: S010A240009 | E8: 25A002 | F8: 500-2265D-5C001 | G8: U.S. Dept. of Education | H8: 0.0221 | I8: 0.1634 | J8: 45869 | K8: 45870 | L8: 45474 | M8: 08/01/24 - 07/31/25 | N8: 138796.84 | O8: -138796.84 | P8: =N8+O8 -> 0 | T8: =R8+S8 -> 0 | U8: 0 | V8: * Grant is Closed
A9: 4221 | B9: Title I, Part A - Unified School Improvement Grant (UniSIG) | C9: 84.010A Title I Part A School Improvement 1003 USDE | D9: S010A250009 | E9: 26A002 | F9: 500-2266D-6C001 | G9: U.S. Dept. of Education | H9: 0.0221 | I9: 0.1634 | J9: 46234 | K9: 46235 | L9: 45839 | M9: 08/01/25 - 07/31/26 | N9: =352546.84-N8 -> 213750 | P9: =N9+O9 -> 213750 | T9: =R9+S9 -> 0 | U9: =P9-T9 -> 213750
N10: 0 | P10: =N10+O10 -> 0 | T10: =R10+S10 -> 0 | U10: =P10-T10 -> 0
M11: TOTAL | N11: =SUM(N7:N10) -> 507827.09 | O11: =SUM(O7:O10) -> -138796.84 | P11: =SUM(P7:P10) -> 369030.25 | R11: =SUM(R7:R10) -> 0 | S11: =SUM(S7:S10) -> 0 | T11: =SUM(T7:T10) -> 0 | U11: =SUM(U7:U10) -> 369030.25
B13: TERMS AND SPECIAL CONDITIONS
B14: This project and any amendments are subject to the procedures outlined in the Project Application and Amendment Procedures for Federal and State Programs (Green Book) and the General Assurances for Participation in Federal and State Programs. | P14: * Budget for closed grants no longer available.
B16: As a sub-recipient of Federal funds there is a requirement that you permit the Palm Beach County School District and auditors to have access to your records and financial statements as necessary for the Palm Beach County School District to meet the requirements of section, 200.300 Statutory and national policy requirements through 300.309 Period of performance, and Subpart F-Audit Requirements of this Part.
B18: Pursuant to OMB Uniform Guidance (2 CFR 200.501), "Each non-federal entity that expends $750,000 or more in any fiscal year of such non-federal entity shall be required to have a "Single or program specific audit". For further information, please see link below.
B19: https://www2.ed.gov/policy/fund/guid/uniform-guidance/index.html
B22: Palm Beach County School District Contacts: | C22: Name | D22: Phone#
B23: Title I | C23: Nicole Smith | D23: 561-434-8111
B27: *Note - To see Indirect Cost Plan - 2025-26 - The School District of Palm Beach County Website/Choice/Career Programs/Charter Schools/Charter School Fiscal Oversight/ Indirect Cost Plan - 2025-26
R30: ** Required to be recorded as Revenue and
B31: * On-Behalf Payment Detail: | C31: CFDA # | F31: Paid To | G31: On-Behalf Amount | M31: Date Paid | N31: Description | R31: Expenditure under the applicable Federal Award
S52: Total Payments: | T52: =T11 -> 0

Sheet #4001 Renaissance CS @ Well
A1: Renaissance Charter School at Wellington
A2: =('#1461 Inlet Grove Comm HS '!A2) -> Federal Grant Allocations/Reimbursements as of: 12/31/25
A3: Department # 4001
A4: DUNS #150889900 | R4: ='#0040 Palm Beach Prep Char. MS'!R4 -> July 1, 2025 - June 30, 2026
A6: Fund | B6: Grant - Program Title | C6: ALN/Name | D6: FAIN# | E6: TAPS | F6: Award # | G6: Awarding Federal Agency | H6: ='#1461 Inlet Grove Comm HS '!H6 -> FY26 Restricted Indirect Cost Rate+ | I6: ='#1461 Inlet Grove Comm HS '!I6 -> FY26 Unrestricted Indirect Cost Rate+ | J6: Last Date to Incur Expenditures | K6: Last Date to Submit Reimbursement Request/Close out Grants | L6: Federal Award Date | M6: Project Period | N6: Original Allocation Amount | O6: Incr <Decr> in Allocation Amount | P6: Revised Allocation Amount | R6: Cash Payments | S6: On-Behalf Payments * | T6: Total Payments ** | U6: ='#3971 Palm Beach Preparatory '!U6 -> Available Budget as of 12/31/25
A7: 4201 | B7: Title I, Part A - Improving the Academic Achievement of the Disadvantaged (TIPA) | C7: 84.010A Title I, Part A, Basic | D7: S010A250009 | E7: 26A001 | F7: 500-2126C-6CB01 | G7: U.S. Dept. of Education | H7: 0.0221 | I7: 0.1634 | J7: 46203 | K7: 46204 | L7: 45839 | M7: 07/01/25 - 06/30/26 | N7: 411715.5 | P7: =N7+O7 -> 411715.5 | R7: 42522.25 | T7: =R7+S7 -> 42522.25 | U7: =P7-T7 -> 369193.25
A8: 4253 | B8: IDEA Part B, K-12 Entitlement | C8: 84.027A IDEA - Part B, PL 108-446 Section 611 | D8: H027A250024 | E8: 26C001 | F8: 500-2636C-6CB01 | G8: U.S. Dept. of Education | H8: 0.0221 | I8: 0.1634 | J8: 46203 | K8: 46204 | L8: 45839 | M8: 07/01/25 - 06/30/26 | N8: 18643.67 | P8: =N8+O8 -> 18643.67 | R8: 0 | T8: =R8+S8 -> 0 | U8: =P8-T8 -> 18643.67
P9: =N9+O9 -> 0 | R9: 0 | T9: =R9+S9 -> 0 | U9: =P9-T9 -> 0
M10: TOTAL | N10: =SUM(N7:N9) -> 430359.17 | O10: =SUM(O7:O9) -> 0 | P10: =SUM(P7:P9) -> 430359.17 | R10: =SUM(R7:R9) -> 42522.25 | S10: =SUM(S7:S9) -> 0 | T10: =SUM(T7:T9) -> 42522.25 | U10: =SUM(U7:U9) -> 387836.92
B13: TERMS AND SPECIAL CONDITIONS
B14: This project and any amendments are subject to the procedures outlined in the Project Application and Amendment Procedures for Federal and State Programs (Green Book) and the General Assurances for Participation in Federal and State Programs.
B16: As a sub-recipient of Federal funds there is a requirement that you permit the Palm Beach County School District and auditors to have access to your records and financial statements as necessary for the Palm Beach County School District to meet the requirements of section, 200.300 Statutory and national policy requirements through 300.309 Period of performance, and Subpart F-Audit Requirements of this Part.
B18: Pursuant to OMB Uniform Guidance (2 CFR 200.501), "Each non-federal entity that expends $750,000 or more in any fiscal year of such non-federal entity shall be required to have a "Single or program specific audit". For further information, please see link below.
B19: https://www2.ed.gov/policy/fund/guid/uniform-guidance/index.html
B22: Palm Beach County School District Contacts: | C22: Name | D22: Phone#
B23: Title I | C23: Nicole Smith | D23: 561-434-8111
B24: IDEA | C24: Jennifer Zapata | D24: 561-434-8707
B27: *Note - To see Indirect Cost Plan - 2025-26 - The School District of Palm Beach County Website/Choice/Career Programs/Charter Schools/Charter School Fiscal Oversight/ Indirect Cost Plan - 2025-26
R30: ** Required to be recorded as Revenue and
B31: * On-Behalf Payment Detail: | C31: CFDA # | F31: Paid To | G31: On-Behalf Amount | M31: Date Paid | N31: Description | R31: Expenditure under the applicable Federal Award
S52: Total Payments: | T52: =T10 -> 42522.25

Sheet #4002 Renaissance CS @ Summit 
A1: Renaissance Charter School at Summit
A2: =('#1461 Inlet Grove Comm HS '!A2) -> Federal Grant Allocations/Reimbursements as of: 12/31/25
A3: Department # 4002
A4: DUNS #150889900 | R4: ='#0040 Palm Beach Prep Char. MS'!R4 -> July 1, 2025 - June 30, 2026
A6: Fund | B6: Grant - Program Title | C6: ALN/Name | D6: FAIN# | E6: TAPS | F6: Award # | G6: Awarding Federal Agency | H6: ='#1461 Inlet Grove Comm HS '!H6 -> FY26 Restricted Indirect Cost Rate+ | I6: ='#1461 Inlet Grove Comm HS '!I6 -> FY26 Unrestricted Indirect Cost Rate+ | J6: Last Date to Incur Expenditures | K6: Last Date to Submit Reimbursement Request/Close out Grants | L6: Federal Award Date | M6: Project Period | N6: Original Allocation Amount | O6: Incr <Decr> in Allocation Amount | P6: Revised Allocation Amount | R6: Cash Payments | S6: On-Behalf Payments * | T6: Total Payments ** | U6: ='#4001 Renaissance CS @ Well'!U6 -> Available Budget as of 12/31/25
A7: 4201 | B7: Title I, Part A - Improving the Academic Achievement of the Disadvantaged (TIPA) | C7: 84.010A Title I, Part A, Basic | D7: S010A250009 | E7: 26A001 | F7: 500-2126C-6CB01 | G7: U.S. Dept. of Education | H7: 0.0221 | I7: 0.1634 | J7: 46203 | K7: 46204 | L7: 45839 | M7: 07/01/25 - 06/30/26 | N7: 463924.5 | P7: =N7+O7 -> 463924.5 | R7: 0 | T7: =R7+S7 -> 0 | U7: =P7-T7 -> 463924.5
P8: =N8+O8 -> 0 | T8: =S8+R8 -> 0 | U8: =P8-T8 -> 0
P9: =N9+O9 -> 0 | T9: =S9+R9 -> 0 | U9: =P9-T9 -> 0
M10: TOTAL | N10: =SUM(N7:N9) -> 463924.5 | O10: =SUM(O7:O9) -> 0 | P10: =SUM(P7:P9) -> 463924.5 | R10: =SUM(R7:R9) -> 0 | S10: =SUM(S7:S9) -> 0 | T10: =SUM(T7:T9) -> 0 | U10: =SUM(U7:U9) -> 463924.5
B12: TERMS AND SPECIAL CONDITIONS
B13: This project and any amendments are subject to the procedures outlined in the Project Application and Amendment Procedures for Federal and State Programs (Green Book) and the General Assurances for Participation in Federal and State Programs.
B15: As a sub-recipient of Federal funds there is a requirement that you permit the Palm Beach County School District and auditors to have access to your records and financial statements as necessary for the Palm Beach County School District to meet the requirements of section, 200.300 Statutory and national policy requirements through 300.309 Period of performance, and Subpart F-Audit Requirements of this Part.
B17: Pursuant to OMB Uniform Guidance (2 CFR 200.501), "Each non-federal entity that expends $750,000 or more in any fiscal year of such non-federal entity shall be required to have a "Single or program specific audit". For further information, please see link below.
B18: https://www2.ed.gov/policy/fund/guid/uniform-guidance/index.html
B21: Palm Beach County School District Contacts: | C21: Name | D21: Phone#
B22: Title I | C22: Nicole Smith | D22: 561-434-8111
B25: *Note - To see Indirect Cost Plan - 2025-26 - The School District of Palm Beach County Website/Choice/Career Programs/Charter Schools/Charter School Fiscal Oversight/ Indirect Cost Plan - 2025-26
R28: ** Required to be recorded as Revenue and
B29: * On-Behalf Payment Detail: | C29: CFDA # | F29: Paid To | G29: On-Behalf Amount | M29: Date Paid | N29: Description | R29: Expenditure under the applicable Federal Award
S52: Total Payments: | T52: =T10 -> 0

Sheet #4012 Somerset Canyons Middle  
A1: Somerset Academy Canyons Middle School
A2: =('#1461 Inlet Grove Comm HS '!A2) -> Federal Grant Allocations/Reimbursements as of: 12/31/25
A3: Department # 4012
A4: DUNS #150889900 | R4: ='#0040 Palm Beach Prep Char. MS'!R4 -> July 1, 2025 - June 30, 2026
A6: Fund | B6: Grant - Program Title | C6: ALN/Name | D6: FAIN# | E6: TAPS | F6: Award # | G6: Awarding Federal Agency | H6: ='#1461 Inlet Grove Comm HS '!H6 -> FY26 Restricted Indirect Cost Rate+ | I6: ='#1461 Inlet Grove Comm HS '!I6 -> FY26 Unrestricted Indirect Cost Rate+ | J6: Last Date to Incur Expenditures | K6: Last Date to Submit Reimbursement Request/Close out Grants | L6: Federal Award Date | M6: Project Period | N6: Original Allocation Amount | O6: Incr <Decr> in Allocation Amount | P6: Revised Allocation Amount | R6: Cash Payments | S6: On-Behalf Payments * | T6: Total Payments ** | U6: ='#4002 Renaissance CS @ Summit '!U6 -> Available Budget as of 12/31/25
A7: 4201 | B7: Title I, Part A - Improving the Academic Achievement of the Disadvantaged (TIPA) | C7: 84.010A Title I, Part A, Basic | D7: S010A250009 | E7: 26A001 | F7: 500-2126C-6CB01 | G7: U.S. Dept. of Education | H7: 0.0221 | I7: 0.1634 | J7: 46203 | K7: 46204 | L7: 45839 | M7: 07/01/25 - 06/30/26 | N7: 209296.5 | P7: =N7+O7 -> 209296.5 | R7: 139885.6 | T7: =SUM(R7:S7) -> 139885.6 | U7: =P7-T7 -> 69410.9
N8: 0 | P8: =N8+O8 -> 0 | T8: =SUM(R8:S8) -> 0 | U8: =P8-T8 -> 0
M9: TOTAL | N9: =SUM(N7:N8) -> 209296.5 | O9: =SUM(O7:O8) -> 0 | P9: =SUM(P7:P8) -> 209296.5 | R9: =SUM(R7:R8) -> 139885.6 | S9: =SUM(S7:S8) -> 0 | T9: =SUM(T7:T8) -> 139885.6 | U9: =SUM(U7:U8) -> 69410.9
B13: TERMS AND SPECIAL CONDITIONS
B14: This project and any amendments are subject to the procedures outlined in the Project Application and Amendment Procedures for Federal and State Programs (Green Book) and the General Assurances for Participation in Federal and State Programs.
B16: As a sub-recipient of Federal funds there is a requirement that you permit the Palm Beach County School District and auditors to have access to your records and financial statements as necessary for the Palm Beach County School District to meet the requirements of section, 200.300 Statutory and national policy requirements through 300.309 Period of performance, and Subpart F-Audit Requirements of this Part.
B18: Pursuant to OMB Uniform Guidance (2 CFR 200.501), "Each non-federal entity that expends $750,000 or more in any fiscal year of such non-federal entity shall be required to have a "Single or program specific audit". For further information, please see link below.
B19: https://www2.ed.gov/policy/fund/guid/uniform-guidance/index.html
B21: Palm Beach County School District Contacts: | C21: Name | D21: Phone#
B22: Title I | C22: Nicole Smith | D22: 561-434-8111
B24: *Note - To see Indirect Cost Plan - 2025-26 - The School District of Palm Beach County Website/Choice/Career Programs/Charter Schools/Charter School Fiscal Oversight/ Indirect Cost Plan - 2025-26
R27: ** Required to be recorded as Revenue and
B28: * On-Behalf Payment Detail: | C28: CFDA # | D28: Paid To | F28: On-Behalf Amount | G28: Date Paid | H28: Description | R28: Expenditure under the applicable Federal Award
S52: Total Payments: | T52: =T9 -> 139885.6

Sheet #4013 Somerset Acad Canyons HS 
A1: Somerset Academy Canyons High School
A2: =('#1461 Inlet Grove Comm HS '!A2) -> Federal Grant Allocations/Reimbursements as of: 12/31/25
A3: Department # 4013
A4: DUNS #150889900 | R4: ='#0040 Palm Beach Prep Char. MS'!R4 -> July 1, 2025 - June 30, 2026
A6: Fund | B6: Grant - Program Title | C6: ALN/Name | D6: FAIN# | E6: TAPS | F6: Award # | G6: Awarding Federal Agency | H6: ='#1461 Inlet Grove Comm HS '!H6 -> FY26 Restricted Indirect Cost Rate+ | I6: ='#1461 Inlet Grove Comm HS '!I6 -> FY26 Unrestricted Indirect Cost Rate+ | J6: Last Date to Incur Expenditures | K6: Last Date to Submit Reimbursement Request/Close out Grants | L6: Federal Award Date | M6: Project Period | N6: Original Allocation Amount | O6: Incr <Decr> in Allocation Amount | P6: Revised Allocation Amount | R6: Cash Payments | S6: On-Behalf Payments * | T6: Total Payments ** | U6: ='#4012 Somerset Canyons Middle '!U6 -> Available Budget as of 12/31/25
A7: 4451 | B7: Strengthening Career & Technical Education for the 21st Century Act - Perkins V | C7: 84.048 Perkins V, Title I; WIA, Sect 503 USDE | D7: V048A250009 | E7: 26B004 | F7: 500-1616S-6CS01 | G7: U.S. Dept. of Education | H7: 0.0221 | I7: 0.1634 | J7: 46203 | K7: 46204 | L7: 45839 | M7: 07/01/25 - 06/30/26 | N7: 2937 | P7: =N7+O7 -> 2937 | R7: 0 | T7: =SUM(R7:S7) -> 0 | U7: =P7-T7 -> 2937
P8: =N8+O8 -> 0 | T8: =SUM(R8:S8) -> 0 | U8: =P8-T8 -> 0
P9: =N9+O9 -> 0 | R9: 0 | T9: =SUM(R9:S9) -> 0 | U9: =P9-T9 -> 0
M10: TOTAL | N10: =SUM(N7:N9) -> 2937 | O10: =SUM(O7:O9) -> 0 | P10: =SUM(P7:P9) -> 2937 | R10: =SUM(R7:R9) -> 0 | S10: =SUM(S7:S9) -> 0 | T10: =SUM(T7:T9) -> 0 | U10: =SUM(U7:U9) -> 2937
B14: TERMS AND SPECIAL CONDITIONS
B15: This project and any amendments are subject to the procedures outlined in the Project Application and Amendment Procedures for Federal and State Programs (Green Book) and the General Assurances for Participation in Federal and State Programs.
B17: As a sub-recipient of Federal funds there is a requirement that you permit the Palm Beach County School District and auditors to have access to your records and financial statements as necessary for the Palm Beach County School District to meet the requirements of section, 200.300 Statutory and national policy requirements through 300.309 Period of performance, and Subpart F-Audit Requirements of this Part.
B19: Pursuant to OMB Uniform Guidance (2 CFR 200.501), "Each non-federal entity that expends $750,000 or more in any fiscal year of such non-federal entity shall be required to have a "Single or program specific audit". For further information, please see link below.
B20: https://www2.ed.gov/policy/fund/guid/uniform-guidance/index.html
B22: Palm Beach County School District Contacts: | C22: Name | D22: Phone#
B23: Carl D Perkins - Secondary | C23: Fred Passelli | D23: 561-434-8636
B26: *Note - To see Indirect Cost Plan - 2025-26 - The School District of Palm Beach County Website/Choice/Career Programs/Charter Schools/Charter School Fiscal Oversight/ Indirect Cost Plan - 2025-26
R29: ** Required to be recorded as Revenue and
B30: * On-Behalf Payment Detail: | C30: CFDA # | D30: Paid To | F30: On-Behalf Amount | G30: Date Paid | H30: Description | R30: Expenditure under the applicable Federal Award
S52: Total Payments: | T52: =T10 -> 0

Sheet #4020 Franklin Acd Boynton Bch 
A1: Franklin Academy - Boynton Beach
A2: =('#1461 Inlet Grove Comm HS '!A2) -> Federal Grant Allocations/Reimbursements as of: 12/31/25
A3: Department # 4020
A4: DUNS #150889900 | R4: ='#0040 Palm Beach Prep Char. MS'!R4 -> July 1, 2025 - June 30, 2026
A6: Fund | B6: Grant - Program Title | C6: ALN/Name | D6: FAIN# | E6: TAPS | F6: Award # | G6: Awarding Federal Agency | H6: ='#1461 Inlet Grove Comm HS '!H6 -> FY26 Restricted Indirect Cost Rate+ | I6: ='#1461 Inlet Grove Comm HS '!I6 -> FY26 Unrestricted Indirect Cost Rate+ | J6: Last Date to Incur Expenditures | K6: Last Date to Submit Reimbursement Request/Close out Grants | L6: Federal Award Date | M6: Project Period | N6: Original Allocation Amount | O6: Incr <Decr> in Allocation Amount | P6: Revised Allocation Amount | R6: Cash Payments | S6: On-Behalf Payments * | T6: Total Payments ** | U6: ='#4013 Somerset Acad Canyons HS '!U6 -> Available Budget as of 12/31/25
A7: 4201 | B7: Title I, Part A - Improving the Academic Achievement of the Disadvantaged (TIPA) | C7: 84.010A Title I, Part A, Basic | D7: S010A250009 | E7: 26A001 | F7: 500-2126C-6CB01 | G7: U.S. Dept. of Education | H7: 0.0221 | I7: 0.1634 | J7: 46203 | K7: 46204 | L7: 45839 | M7: 07/01/25 - 06/30/26 | N7: 492859.5 | P7: =N7+O7 -> 492859.5 | R7: 56887.15 | S7: 0 | T7: =R7+S7 -> 56887.15 | U7: =P7-T7 -> 435972.35
P8: =N8+O8 -> 0 | T8: =R8+S8 -> 0 | U8: =P8-T8 -> 0
M9: TOTAL | N9: =SUM(N7:N8) -> 492859.5 | O9: =SUM(O7:O8) -> 0 | P9: =SUM(P7:P8) -> 492859.5 | R9: =SUM(R7:R8) -> 56887.15 | S9: =SUM(S7:S8) -> 0 | T9: =SUM(T7:T8) -> 56887.15 | U9: =SUM(U7:U8) -> 435972.35
B11: TERMS AND SPECIAL CONDITIONS
B12: This project and any amendments are subject to the procedures outlined in the Project Application and Amendment Procedures for Federal and State Programs (Green Book) and the General Assurances for Participation in Federal and State Programs.
B14: As a sub-recipient of Federal funds there is a requirement that you permit the Palm Beach County School District and auditors to have access to your records and financial statements as necessary for the Palm Beach County School District to meet the requirements of section, 200.300 Statutory and national policy requirements through 300.309 Period of performance, and Subpart F-Audit Requirements of this Part.
B16: Pursuant to OMB Uniform Guidance (2 CFR 200.501), "Each non-federal entity that expends $750,000 or more in any fiscal year of such non-federal entity shall be required to have a "Single or program specific audit". For further information, please see link below.
B17: https://www2.ed.gov/policy/fund/guid/uniform-guidance/index.html
B20: Palm Beach County School District Contacts: | C20: Name | D20: Phone#
B21: Title I | C21: Nicole Smith | D21: 561-434-8111
B23: *Note - To see Indirect Cost Plan - 2025-26 - The School District of Palm Beach County Website/Choice/Career Programs/Charter Schools/Charter School Fiscal Oversight/ Indirect Cost Plan - 2025-26
R26: ** Required to be recorded as Revenue and
B27: * On-Behalf Payment Detail: | C27: CFDA # | F27: Paid To | G27: On-Behalf Amount | M27: Date Paid | N27: Description | R27: Expenditure under the applicable Federal Award
S52: Total Payments: | T52: =T9 -> 56887.15

Sheet #4030 Olympus International Acd
A1: Olympus International Academy
A2: =('#1461 Inlet Grove Comm HS '!A2) -> Federal Grant Allocations/Reimbursements as of: 12/31/25
A3: Department # 4030
A4: DUNS # 117026631 | R4: ='#0040 Palm Beach Prep Char. MS'!R4 -> July 1, 2025 - June 30, 2026
A6: Fund | B6: Grant - Program Title | C6: ALN/Name | D6: FAIN# | E6: TAPS | F6: Award # | G6: Awarding Federal Agency | H6: ='#1461 Inlet Grove Comm HS '!H6 -> FY26 Restricted Indirect Cost Rate+ | I6: ='#1461 Inlet Grove Comm HS '!I6 -> FY26 Unrestricted Indirect Cost Rate+ | J6: Last Date to Incur Expenditures | K6: Last Date to Submit Reimbursement Request/Close out Grants | L6: Federal Award Date | M6: Project Period | N6: Original Allocation Amount | O6: Incr <Decr> in Allocation Amount | P6: Revised Allocation Amount | R6: Cash Payments | S6: On-Behalf Payments * | T6: Total Payments ** | U6: ='#4020 Franklin Acd Boynton Bch '!U6 -> Available Budget as of 12/31/25
N7: 0 | P7: =N7+O7 -> 0 | T7: =R7+S7 -> 0 | U7: =P7-T7 -> 0
M8: TOTAL | N8: =SUM(N7:N7) -> 0 | O8: =SUM(O7:O7) -> 0 | P8: =SUM(P7:P7) -> 0 | R8: =SUM(R7:R7) -> 0 | S8: =SUM(S7:S7) -> 0 | T8: =SUM(T7:T7) -> 0 | U8: =SUM(U7:U7) -> 0
B11: TERMS AND SPECIAL CONDITIONS
B12: This project and any amendments are subject to the procedures outlined in the Project Application and Amendment Procedures for Federal and State Programs (Green Book) and the General Assurances for Participation in Federal and State Programs.
B14: As a sub-recipient of Federal funds there is a requirement that you permit the Palm Beach County School District and auditors to have access to your records and financial statements as necessary for the Palm Beach County School District to meet the requirements of section, 200.300 Statutory and national policy requirements through 300.309 Period of performance, and Subpart F-Audit Requirements of this Part.
B16: Pursuant to OMB Uniform Guidance (2 CFR 200.501), "Each non-federal entity that expends $750,000 or more in any fiscal year of such non-federal entity shall be required to have a "Single or program specific audit". For further information, please see link below.
B17: https://www2.ed.gov/policy/fund/guid/uniform-guidance/index.html
B19: Palm Beach County School District Contacts: | C19: Name | D19: Phone#
B22: *Note - To see Indirect Cost Plan - 2025-26 - The School District of Palm Beach County Website/Choice/Career Programs/Charter Schools/Charter School Fiscal Oversight/ Indirect Cost Plan - 2025-26
R25: ** Required to be recorded as Revenue and
B26: * On-Behalf Payment Detail: | C26: CFDA # | F26: Paid To | G26: On-Behalf Amount | M26: Date Paid | N26: Description | R26: Expenditure under the applicable Federal Award
S52: Total Payments: | T52: =T8 -> 0

Sheet #4031 Somerset Academy of Arts
A1: Somerset Academy of the Arts
A2: =('#1461 Inlet Grove Comm HS '!A2) -> Federal Grant Allocations/Reimbursements as of: 12/31/25
A3: Department # 4031
A4: DUNS # 968049465 | R4: ='#0040 Palm Beach Prep Char. MS'!R4 -> July 1, 2025 - June 30, 2026
A6: Fund | B6: Grant - Program Title | C6: ALN/Name | D6: FAIN# | E6: TAPS | F6: Award # | G6: Awarding Federal Agency | H6: ='#1461 Inlet Grove Comm HS '!H6 -> FY26 Restricted Indirect Cost Rate+ | I6: ='#1461 Inlet Grove Comm HS '!I6 -> FY26 Unrestricted Indirect Cost Rate+ | J6: Last Date to Incur Expenditures | K6: Last Date to Submit Reimbursement Request/Close out Grants | L6: Federal Award Date | M6: Project Period | N6: Original Allocation Amount | O6: Incr <Decr> in Allocation Amount | P6: Revised Allocation Amount | R6: Cash Payments | S6: On-Behalf Payments * | T6: Total Payments ** | U6: ='#4030 Olympus International Acd'!U6 -> Available Budget as of 12/31/25
A7: 4201 | B7: Title I, Part A - Improving the Academic Achievement of the Disadvantaged (TIPA) | C7: 84.010A Title I, Part A, Basic | D7: S010A250009 | E7: 26A001 | F7: 500-2126C-6CB01 | G7: U.S. Dept. of Education | H7: 0.0221 | I7: 0.1634 | J7: 46203 | K7: 46204 | L7: 45839 | M7: 07/01/25 - 06/30/26 | N7: 171198.75 | P7: =N7+O7 -> 171198.75 | R7: 26973.4 | T7: =R7+S7 -> 26973.4 | U7: =P7-T7 -> 144225.35
P8: =N8+O8 -> 0 | T8: =R8+S8 -> 0 | U8: =P8-T8 -> 0
P9: =N9+O9 -> 0 | R9: 0 | T9: =R9+S9 -> 0 | U9: =P9-T9 -> 0
M10: TOTAL | N10: =SUM(N7:N9) -> 171198.75 | O10: =SUM(O7:O9) -> 0 | P10: =SUM(P7:P9) -> 171198.75 | R10: =SUM(R7:R9) -> 26973.4 | S10: =SUM(S7:S9) -> 0 | T10: =SUM(T7:T9) -> 26973.4 | U10: =SUM(U7:U9) -> 144225.35
B12: TERMS AND SPECIAL CONDITIONS
B13: This project and any amendments are subject to the procedures outlined in the Project Application and Amendment Procedures for Federal and State Programs (Green Book) and the General Assurances for Participation in Federal and State Programs.
B15: As a sub-recipient of Federal funds there is a requirement that you permit the Palm Beach County School District and auditors to have access to your records and financial statements as necessary for the Palm Beach County School District to meet the requirements of section, 200.300 Statutory and national policy requirements through 300.309 Period of performance, and Subpart F-Audit Requirements of this Part.
B17: Pursuant to OMB Uniform Guidance (2 CFR 200.501), "Each non-federal entity that expends $750,000 or more in any fiscal year of such non-federal entity shall be required to have a "Single or program specific audit". For further information, please see link below.
B18: https://www2.ed.gov/policy/fund/guid/uniform-guidance/index.html
B20: Palm Beach County School District Contacts: | C20: Name | D20: Phone#
B21: Title I | C21: Nicole Smith | D21: 561-434-8111
B23: *Note - To see Indirect Cost Plan - 2025-26 - The School District of Palm Beach County Website/Choice/Career Programs/Charter Schools/Charter School Fiscal Oversight/ Indirect Cost Plan - 2025-26
R26: ** Required to be recorded as Revenue and
B27: * On-Behalf Payment Detail: | C27: CFDA # | F27: Paid To | G27: On-Behalf Amount | M27: Date Paid | N27: Description | R27: Expenditure under the applicable Federal Award
S52: Total Payments: | T52: =T10 -> 26973.4

Sheet #4041 Somerset Acad Boca Middle
A1: Somerset Academy Boca Middle School
A2: =('#1461 Inlet Grove Comm HS '!A2) -> Federal Grant Allocations/Reimbursements as of: 12/31/25
A3: Department # 4041
A4: DUNS #150889900 | R4: ='#0040 Palm Beach Prep Char. MS'!R4 -> July 1, 2025 - June 30, 2026
A6: Fund | B6: Grant - Program Title | C6: ALN/Name | D6: FAIN# | E6: TAPS | F6: Award # | G6: Awarding Federal Agency | H6: ='#1461 Inlet Grove Comm HS '!H6 -> FY26 Restricted Indirect Cost Rate+ | I6: ='#1461 Inlet Grove Comm HS '!I6 -> FY26 Unrestricted Indirect Cost Rate+ | J6: Last Date to Incur Expenditures | K6: Last Date to Submit Reimbursement Request/Close out Grants | L6: Federal Award Date | M6: Project Period | N6: Original Allocation Amount | O6: Incr <Decr> in Allocation Amount | P6: Revised Allocation Amount | R6: Cash Payments | S6: On-Behalf Payments * | T6: Total Payments ** | U6: ='#4031 Somerset Academy of Arts'!U6 -> Available Budget as of 12/31/25
A7: 4204 | B7: Stronger Connections Grant Program | C7: 84.424F Title II BSCA SSAE Program USDE | D7: S424F220010 | E7: 24A278 | F7: 500-2423A-4CR01 | G7: U.S. Dept. of Education | H7: 0.0221 | I7: 0.1634 | J7: 46295 | K7: 46296 | L7: 44819 | M7: 01/01/24 - 09/30/26 | N7: 525.06 | P7: =N7+O7 -> 525.06 | R7: 0 | T7: =R7+S7 -> 0 | U7: =P7-T7 -> 525.06
A8: 4383 | B8: Title IV, Part A - Student Support and Academic Enrichment (SSAE) | C8: 84.424A Title IV Student Support and Acadmic Enrichment | D8: S424A240010 | E8: 25A120 | F8: 500-2415A-5C001 | G8: U.S. Dept. of Education | H8: 0.0221 | I8: 0.1634 | J8: 46203 | K8: 46204 | L8: 45474 | M8: 07/01/24 - 06/30/26 | N8: 1356.55 | P8: =N8+O8 -> 1356.55 | R8: 0 | T8: =R8+S8 -> 0 | U8: =P8-T8 -> 1356.55
P9: =N9+O9 -> 0 | T9: =R9+S9 -> 0 | U9: =P9-T9 -> 0
P10: =N10+O10 -> 0 | T10: =R10+S10 -> 0 | U10: =P10-T10 -> 0
M11: TOTAL | N11: =SUM(N7:N10) -> 1881.61 | O11: =SUM(O7:O10) -> 0 | P11: =SUM(P7:P10) -> 1881.61 | R11: =SUM(R7:R10) -> 0 | S11: =SUM(S7:S10) -> 0 | T11: =SUM(T7:T10) -> 0 | U11: =SUM(U7:U10) -> 1881.61
B14: TERMS AND SPECIAL CONDITIONS
B15: This project and any amendments are subject to the procedures outlined in the Project Application and Amendment Procedures for Federal and State Programs (Green Book) and the General Assurances for Participation in Federal and State Programs.
B17: As a sub-recipient of Federal funds there is a requirement that you permit the Palm Beach County School District and auditors to have access to your records and financial statements as necessary for the Palm Beach County School District to meet the requirements of section, 200.300 Statutory and national policy requirements through 300.309 Period of performance, and Subpart F-Audit Requirements of this Part.
B19: Pursuant to OMB Uniform Guidance (2 CFR 200.501), "Each non-federal entity that expends $750,000 or more in any fiscal year of such non-federal entity shall be required to have a "Single or program specific audit". For further information, please see link below.
B20: https://www2.ed.gov/policy/fund/guid/uniform-guidance/index.html
B23: Palm Beach County School District Contacts: | C23: Name | D23: Phone#
B24: Title IV | C24: Tangela Steele | D24: 561-649-6868
B25: Stronger Connections | C25: Samantha Palaigos | D25: 561-434-7368
B27: *Note - To see Indirect Cost Plan - 2025-26 - The School District of Palm Beach County Website/Choice/Career Programs/Charter Schools/Charter School Fiscal Oversight/ Indirect Cost Plan - 2025-26
R30: ** Required to be recorded as Revenue and
B31: * On-Behalf Payment Detail: | C31: CFDA # | F31: Paid To | G31: On-Behalf Amount | M31: Date Paid | N31: Description | R31: Expenditure under the applicable Federal Award
S53: Total Payments: | T53: =T11 -> 0

Sheet #4050 Renaissance CS @ Cypress
A1: Renaissance Charter School at Cypress
A2: =('#1461 Inlet Grove Comm HS '!A2) -> Federal Grant Allocations/Reimbursements as of: 12/31/25
A3: Department # 4050
A4: DUNS #150889900 | R4: ='#0040 Palm Beach Prep Char. MS'!R4 -> July 1, 2025 - June 30, 2026
A6: Fund | B6: Grant - Program Title | C6: ALN/Name | D6: FAIN# | E6: TAPS | F6: Award # | G6: Awarding Federal Agency | H6: ='#1461 Inlet Grove Comm HS '!H6 -> FY26 Restricted Indirect Cost Rate+ | I6: ='#1461 Inlet Grove Comm HS '!I6 -> FY26 Unrestricted Indirect Cost Rate+ | J6: Last Date to Incur Expenditures | K6: Last Date to Submit Reimbursement Request/Close out Grants | L6: Federal Award Date | M6: Project Period | N6: Original Allocation Amount | O6: Incr <Decr> in Allocation Amount | P6: Revised Allocation Amount | R6: Cash Payments | S6: On-Behalf Payments * | T6: Total Payments ** | U6: ='#4041 Somerset Acad Boca Middle'!U6 -> Available Budget as of 12/31/25
A7: 4201 | B7: Title I, Part A - Improving the Academic Achievement of the Disadvantaged (TIPA) | C7: 84.010A Title I, Part A, Basic | D7: S010A250009 | E7: 26A001 | F7: 500-2126C-6CB01 | G7: U.S. Dept. of Education | H7: 0.0221 | I7: 0.1634 | J7: 46203 | K7: 46204 | L7: 45839 | M7: 07/01/25 - 06/30/26 | N7: 413311 | P7: =N7+O7 -> 413311 | R7: 59023.78 | S7: 0 | T7: =R7+S7 -> 59023.78 | U7: =P7-T7 -> 354287.22
P8: =N8+O8 -> 0 | S8: 0 | T8: =R8+S8 -> 0 | U8: =P8-T8 -> 0
P9: =N9+O9 -> 0 | S9: 0 | T9: =R9+S9 -> 0 | U9: =P9-T9 -> 0
M10: TOTAL | N10: =SUM(N7:N9) -> 413311 | O10: =SUM(O7:O9) -> 0 | P10: =SUM(P7:P9) -> 413311 | R10: =SUM(R7:R9) -> 59023.78 | S10: =SUM(S7:S9) -> 0 | T10: =SUM(T7:T9) -> 59023.78 | U10: =SUM(U7:U9) -> 354287.22
B12: TERMS AND SPECIAL CONDITIONS
B13: This project and any amendments are subject to the procedures outlined in the Project Application and Amendment Procedures for Federal and State Programs (Green Book) and the General Assurances for Participation in Federal and State Programs.
B15: As a sub-recipient of Federal funds there is a requirement that you permit the Palm Beach County School District and auditors to have access to your records and financial statements as necessary for the Palm Beach County School District to meet the requirements of section, 200.300 Statutory and national policy requirements through 300.309 Period of performance, and Subpart F-Audit Requirements of this Part.
B17: Pursuant to OMB Uniform Guidance (2 CFR 200.501), "Each non-federal entity that expends $750,000 or more in any fiscal year of such non-federal entity shall be required to have a "Single or program specific audit". For further information, please see link below.
B18: https://www2.ed.gov/policy/fund/guid/uniform-guidance/index.html
B20: Palm Beach County School District Contacts: | C20: Name | D20: Phone#
B21: Title I | C21: Nicole Smith | D21: 561-434-8111
B25: *Note - To see Indirect Cost Plan - 2025-26 - The School District of Palm Beach County Website/Choice/Career Programs/Charter Schools/Charter School Fiscal Oversight/ Indirect Cost Plan - 2025-26
R28: ** Required to be recorded as Revenue and
B29: * On-Behalf Payment Detail: | C29: CFDA # | F29: Paid To | G29: On-Behalf Amount | M29: Date Paid | N29: Description | R29: Expenditure under the applicable Federal Award
S52: Total Payments: | T52: =T10 -> 59023.78

Sheet #4051 Renaissance CS @ Central 
A1: Renaissance Charter School at Central Palm
A2: =('#1461 Inlet Grove Comm HS '!A2) -> Federal Grant Allocations/Reimbursements as of: 12/31/25
A3: Department # 4051
A4: DUNS #150889900 | R4: ='#0040 Palm Beach Prep Char. MS'!R4 -> July 1, 2025 - June 30, 2026
A6: Fund | B6: Grant - Program Title | C6: ALN/Name | D6: FAIN# | E6: TAPS | F6: Award # | G6: Awarding Federal Agency | H6: ='#1461 Inlet Grove Comm HS '!H6 -> FY26 Restricted Indirect Cost Rate+ | I6: ='#1461 Inlet Grove Comm HS '!I6 -> FY26 Unrestricted Indirect Cost Rate+ | J6: Last Date to Incur Expenditures | K6: Last Date to Submit Reimbursement Request/Close out Grants | L6: Federal Award Date | M6: Project Period | N6: Original Allocation Amount | O6: Incr <Decr> in Allocation Amount | P6: Revised Allocation Amount | R6: Cash Payments | S6: On-Behalf Payments * | T6: Total Payments ** | U6: ='#4050 Renaissance CS @ Cypress'!U6 -> Available Budget as of 12/31/25
A7: 4201 | B7: Title I, Part A - Improving the Academic Achievement of the Disadvantaged (TIPA) | C7: 84.010A Title I, Part A, Basic | D7: S010A250009 | E7: 26A001 | F7: 500-2126C-6CB01 | G7: U.S. Dept. of Education | H7: 0.0221 | I7: 0.1634 | J7: 46203 | K7: 46204 | L7: 45839 | M7: 07/01/25 - 06/30/26 | N7: 338539.5 | P7: =N7+O7 -> 338539.5 | R7: 110792.96 | T7: =R7+S7 -> 110792.96 | U7: =P7-T7 -> 227746.54
P8: =N8+O8 -> 0 | T8: =R8+S8 -> 0 | U8: =P8-T8 -> 0
P9: =N9+O9 -> 0 | T9: =R9+S9 -> 0 | U9: =P9-T9 -> 0
P10: =N10+O10 -> 0 | T10: =R10+S10 -> 0 | U10: =P10-T10 -> 0
M11: TOTAL | N11: =SUM(N7:N10) -> 338539.5 | O11: =SUM(O7:O10) -> 0 | P11: =SUM(P7:P10) -> 338539.5 | R11: =SUM(R7:R10) -> 110792.96 | S11: =SUM(S7:S10) -> 0 | T11: =SUM(T7:T10) -> 110792.96 | U11: =SUM(U7:U10) -> 227746.54
B13: TERMS AND SPECIAL CONDITIONS
B14: This project and any amendments are subject to the procedures outlined in the Project Application and Amendment Procedures for Federal and State Programs (Green Book) and the General Assurances for Participation in Federal and State Programs.
B16: As a sub-recipient of Federal funds there is a requirement that you permit the Palm Beach County School District and auditors to have access to your records and financial statements as necessary for the Palm Beach County School District to meet the requirements of section, 200.300 Statutory and national policy requirements through 300.309 Period of performance, and Subpart F-Audit Requirements of this Part.
B18: Pursuant to OMB Uniform Guidance (2 CFR 200.501), "Each non-federal entity that expends $750,000 or more in any fiscal year of such non-federal entity shall be required to have a "Single or program specific audit". For further information, please see link below.
B19: https://www2.ed.gov/policy/fund/guid/uniform-guidance/index.html
B21: Palm Beach County School District Contacts: | C21: Name | D21: Phone#
B22: Title I | C22: Nicole Smith | D22: 561-434-8111
B25: *Note - To see Indirect Cost Plan - 2025-26 - The School District of Palm Beach County Website/Choice/Career Programs/Charter Schools/Charter School Fiscal Oversight/ Indirect Cost Plan - 2025-26
R28: ** Required to be recorded as Revenue and
B29: * On-Behalf Payment Detail: | C29: CFDA # | F29: Paid To | G29: On-Behalf Amount | M29: Date Paid | N29: Description | R29: Expenditure under the applicable Federal Award
S52: Total Payments: | T52: =T11 -> 110792.96

Sheet #4061 Franklin Academy - PBG
A1: Franklin Academy - Palm Beach Gardens
A2: =('#1461 Inlet Grove Comm HS '!A2) -> Federal Grant Allocations/Reimbursements as of: 12/31/25
A3: Department # 4061
A4: DUNS #150889900 | R4: ='#0040 Palm Beach Prep Char. MS'!R4 -> July 1, 2025 - June 30, 2026
A6: Fund | B6: Grant - Program Title | C6: ALN/Name | D6: FAIN# | E6: TAPS | F6: Award # | G6: Awarding Federal Agency | H6: ='#1461 Inlet Grove Comm HS '!H6 -> FY26 Restricted Indirect Cost Rate+ | I6: ='#1461 Inlet Grove Comm HS '!I6 -> FY26 Unrestricted Indirect Cost Rate+ | J6: Last Date to Incur Expenditures | K6: Last Date to Submit Reimbursement Request/Close out Grants | L6: Federal Award Date | M6: Project Period | N6: Original Allocation Amount | O6: Incr <Decr> in Allocation Amount | P6: Revised Allocation Amount | R6: Cash Payments | S6: On-Behalf Payments * | T6: Total Payments ** | U6: ='#4051 Renaissance CS @ Central '!U6 -> Available Budget as of 12/31/25
P7: =N7+O7 -> 0 | T7: =R7+S7 -> 0 | U7: =P7-T7 -> 0
P8: =N8+O8 -> 0 | T8: =R8+S8 -> 0 | U8: =P8-T8 -> 0
M9: TOTAL | N9: =SUM(N7:N8) -> 0 | O9: =SUM(O7:O8) -> 0 | P9: =SUM(P7:P8) -> 0 | R9: =SUM(R7:R8) -> 0 | S9: =SUM(S7:S8) -> 0 | T9: =SUM(T7:T8) -> 0 | U9: =SUM(U7:U8) -> 0
B12: TERMS AND SPECIAL CONDITIONS
B13: This project and any amendments are subject to the procedures outlined in the Project Application and Amendment Procedures for Federal and State Programs (Green Book) and the General Assurances for Participation in Federal and State Programs.
B15: As a sub-recipient of Federal funds there is a requirement that you permit the Palm Beach County School District and auditors to have access to your records and financial statements as necessary for the Palm Beach County School District to meet the requirements of section, 200.300 Statutory and national policy requirements through 300.309 Period of performance, and Subpart F-Audit Requirements of this Part.
B17: Pursuant to OMB Uniform Guidance (2 CFR 200.501), "Each non-federal entity that expends $750,000 or more in any fiscal year of such non-federal entity shall be required to have a "Single or program specific audit". For further information, please see link below.
B18: https://www2.ed.gov/policy/fund/guid/uniform-guidance/index.html
B21: Palm Beach County School District Contacts: | C21: Name | D21: Phone#
B24: *Note - To see Indirect Cost Plan - 2025-26 - The School District of Palm Beach County Website/Choice/Career Programs/Charter Schools/Charter School Fiscal Oversight/ Indirect Cost Plan - 2025-26
R27: ** Required to be recorded as Revenue and
B28: * On-Behalf Payment Detail: | C28: CFDA # | F28: Paid To | G28: On-Behalf Amount | M28: Date Paid | N28: Description | R28: Expenditure under the applicable Federal Award
S52: Total Payments: | T52: =T9 -> 0

Sheet #4080 University Prep Academy
A1: University Prep Academy
A2: =('#1461 Inlet Grove Comm HS '!A2) -> Federal Grant Allocations/Reimbursements as of: 12/31/25
A3: Department # 4080 | C3: Voluntarily closed 7/11/25
A4: DUNS #150889900 | R4: ='#0040 Palm Beach Prep Char. MS'!R4 -> July 1, 2025 - June 30, 2026
A6: Fund | B6: Grant - Program Title | C6: ALN/Name | D6: FAIN# | E6: TAPS | F6: Award # | G6: Awarding Federal Agency | H6: ='#1461 Inlet Grove Comm HS '!H6 -> FY26 Restricted Indirect Cost Rate+ | I6: ='#1461 Inlet Grove Comm HS '!I6 -> FY26 Unrestricted Indirect Cost Rate+ | J6: Last Date to Incur Expenditures | K6: Last Date to Submit Reimbursement Request/Close out Grants | L6: Federal Award Date | M6: Project Period | N6: Original Allocation Amount | O6: Incr <Decr> in Allocation Amount | P6: Revised Allocation Amount | R6: Cash Payments | S6: On-Behalf Payments * | T6: Total Payments ** | U6: ='#4061 Franklin Academy - PBG'!U6 -> Available Budget as of 12/31/25
A7: 4201 | B7: Title I, Part A - Improving the Academic Achievement of the Disadvantaged (TIPA) | C7: 84.010A Title I, Part A, Basic | D7: S010A250009 | E7: 26A001 | F7: 500-2126C-6CB01 | G7: U.S. Dept. of Education | H7: 0.0221 | I7: 0.1634 | J7: 46203 | K7: 46204 | L7: 45839 | M7: 07/01/25 - 06/30/26 | N7: 146347.25 | P7: =N7+O7 -> 146347.25 | R7: 0 | S7: 0 | T7: =R7+S7 -> 0 | U7: =P7-T7 -> 146347.25
A8: 4221 | B8: Title I, Part A - Unified School Improvement Grant (UniSIG) | C8: 84.010A PL 114-95 ESSA 2015, Title I, Part A | D8: S010A240009 | E8: 25A002 | F8: 500-2265D-5C001 | G8: U.S. Dept. of Education | H8: 0.0221 | I8: 0.1634 | J8: 45869 | K8: 45870 | L8: 45474 | M8: 08/01/24 - 07/31/25 | N8: 104736.16 | O8: -104736.16 | P8: =N8+O8 -> 0 | R8: 0 | S8: 0 | T8: =R8+S8 -> 0 | U8: 0 | V8: * Grant is closed
P9: =N9+O9 -> 0 | T9: =R9+S9 -> 0 | U9: =P9-T9 -> 0
P10: =N10+O10 -> 0 | R10: 0 | T10: =R10+S10 -> 0 | U10: =P10-T10 -> 0
M11: TOTAL | N11: =SUM(N7:N10) -> 251083.41 | O11: =SUM(O7:O10) -> -104736.16 | P11: =SUM(P7:P10) -> 146347.25 | R11: =SUM(R7:R10) -> 0 | S11: =SUM(S7:S10) -> 0 | T11: =SUM(T7:T10) -> 0 | U11: =SUM(U7:U10) -> 146347.25
B14: TERMS AND SPECIAL CONDITIONS | P14: * Budget for closed grants no longer available.
B15: This project and any amendments are subject to the procedures outlined in the Project Application and Amendment Procedures for Federal and State Programs (Green Book) and the General Assurances for Participation in Federal and State Programs.
B17: As a sub-recipient of Federal funds there is a requirement that you permit the Palm Beach County School District and auditors to have access to your records and financial statements as necessary for the Palm Beach County School District to meet the requirements of section, 200.300 Statutory and national policy requirements through 300.309 Period of performance, and Subpart F-Audit Requirements of this Part.
B19: Pursuant to OMB Uniform Guidance (2 CFR 200.501), "Each non-federal entity that expends $750,000 or more in any fiscal year of such non-federal entity shall be required to have a "Single or program specific audit". For further information, please see link below.
B20: https://www2.ed.gov/policy/fund/guid/uniform-guidance/index.html
B22: Palm Beach County School District Contacts: | C22: Name | D22: Phone#
B23: Title I | C23: Nicole Smith | D23: 561-434-8111
B26: *Note - To see Indirect Cost Plan - 2025-26 - The School District of Palm Beach County Website/Choice/Career Programs/Charter Schools/Charter School Fiscal Oversight/ Indirect Cost Plan - 2025-26
R29: ** Required to be recorded as Revenue and
B30: * On-Behalf Payment Detail: | C30: CFDA # | F30: Paid To | G30: On-Behalf Amount | M30: Date Paid | N30: Description | R30: Expenditure under the applicable Federal Award
S52: Total Payments: | T52: =T11 -> 0

Sheet #4081 Florida Futures Acd N
A1: Florida Futures Academy - North Campus
A2: =('#1461 Inlet Grove Comm HS '!A2) -> Federal Grant Allocations/Reimbursements as of: 12/31/25
A3: Department # 4081
A4: DUNS #150889900 | R4: ='Master Grant List'!#REF! -> #REF!
A6: Fund | B6: Grant - Program Title | C6: ALN/Name | D6: FAIN# | E6: TAPS | F6: Award # | G6: Awarding Federal Agency | H6: ='#1461 Inlet Grove Comm HS '!H6 -> FY26 Restricted Indirect Cost Rate+ | I6: ='#1461 Inlet Grove Comm HS '!I6 -> FY26 Unrestricted Indirect Cost Rate+ | J6: Last Date to Incur Expenditures | K6: Last Date to Submit Reimbursement Request/Close out Grants | L6: Federal Award Date | M6: Project Period | N6: Original Allocation Amount | O6: Incr <Decr> in Allocation Amount | P6: Revised Allocation Amount | R6: Cash Payments | S6: On-Behalf Payments * | T6: Total Payments ** | U6: ='#4080 University Prep Academy'!U6 -> Available Budget as of 12/31/25
N7: 0 | P7: =N7+O7 -> 0 | R7: 0 | T7: =R7+S7 -> 0 | U7: =P7-T7 -> 0
P8: =N8+O8 -> 0 | R8: 0 | T8: =R8+S8 -> 0 | U8: =P8-T8 -> 0
M9: TOTAL | N9: =SUM(N7:N8) -> 0 | O9: =SUM(O7:O8) -> 0 | P9: =SUM(P7:P8) -> 0 | R9: =SUM(R7:R8) -> 0 | S9: =SUM(S7:S8) -> 0 | T9: =SUM(T7:T8) -> 0 | U9: =SUM(U7:U8) -> 0
B12: TERMS AND SPECIAL CONDITIONS
B13: This project and any amendments are subject to the procedures outlined in the Project Application and Amendment Procedures for Federal and State Programs (Green Book) and the General Assurances for Participation in Federal and State Programs.
B15: As a sub-recipient of Federal funds there is a requirement that you permit the Palm Beach County School District and auditors to have access to your records and financial statements as necessary for the Palm Beach County School District to meet the requirements of section, 200.300 Statutory and national policy requirements through 300.309 Period of performance, and Subpart F-Audit Requirements of this Part.
B17: Pursuant to OMB Uniform Guidance (2 CFR 200.501), "Each non-federal entity that expends $750,000 or more in any fiscal year of such non-federal entity shall be required to have a "Single or program specific audit". For further information, please see link below.
B18: https://www2.ed.gov/policy/fund/guid/uniform-guidance/index.html
B20: Palm Beach County School District Contacts: | C20: Name | D20: Phone#
B23: *Note - To see Indirect Cost Plan - 2025-26 - The School District of Palm Beach County Website/Choice/Career Programs/Charter Schools/Charter School Fiscal Oversight/ Indirect Cost Plan - 2025-26
R26: ** Required to be recorded as Revenue and
B27: * On-Behalf Payment Detail: | C27: CFDA # | F27: Paid To | G27: On-Behalf Amount | M27: Date Paid | N27: Description | R27: Expenditure under the applicable Federal Award
S52: Total Payments: | T52: =T9 -> 0

Sheet #4090 SLAM MS
A1: Sports Leadership and Management (SLAM) Middle
A2: =('#1461 Inlet Grove Comm HS '!A2) -> Federal Grant Allocations/Reimbursements as of: 12/31/25
A3: Department # 4090
A4: DUNS #150889900 | R4: ='#0040 Palm Beach Prep Char. MS'!R4 -> July 1, 2025 - June 30, 2026
A6: Fund | B6: Grant - Program Title | C6: ALN/Name | D6: FAIN# | E6: TAPS | F6: Award # | G6: Awarding Federal Agency | H6: ='#1461 Inlet Grove Comm HS '!H6 -> FY26 Restricted Indirect Cost Rate+ | I6: ='#1461 Inlet Grove Comm HS '!I6 -> FY26 Unrestricted Indirect Cost Rate+ | J6: Last Date to Incur Expenditures | K6: Last Date to Submit Reimbursement Request/Close out Grants | L6: Federal Award Date | M6: Project Period | N6: Original Allocation Amount | O6: Incr <Decr> in Allocation Amount | P6: Revised Allocation Amount | R6: Cash Payments | S6: On-Behalf Payments * | T6: Total Payments ** | U6: ='#4081 Florida Futures Acd N'!U6 -> Available Budget as of 12/31/25
A7: 4201 | B7: Title I, Part A - Improving the Academic Achievement of the Disadvantaged (TIPA) | C7: 84.010A Title I, Part A, Basic | D7: S010A250009 | E7: 26A001 | F7: 500-2126C-6CB01 | G7: U.S. Dept. of Education | H7: 0.0221 | I7: 0.1634 | J7: 46203 | K7: 46204 | L7: 45839 | M7: 07/01/25 - 06/30/26 | N7: 167665.5 | P7: =N7+O7 -> 167665.5 | R7: 52960.91 | T7: =R7+S7 -> 52960.91 | U7: =P7-T7 -> 114704.59
A8: 4204 | B8: Stronger Connections Grant Program | C8: 84.424F Title II BSCA SSAE Program USDE | D8: S424F220010 | E8: 24A278 | F8: 500-2423A-4CR01 | G8: U.S. Dept. of Education | H8: 0.0221 | I8: 0.1634 | J8: 46295 | K8: 46296 | L8: 44819 | M8: 01/01/24 - 09/30/26 | N8: 1927.12 | P8: =N8+O8 -> 1927.12 | R8: 0 | T8: =R8+S8 -> 0 | U8: =P8-T8 -> 1927.12
A9: 4383 | B9: Title IV, Part A - Student Support and Academic Enrichment (SSAE) | C9: 84.424A Title IV Student Support and Acadmic Enrichment | D9: S424A240010 | E9: 25A120 | F9: 500-2415A-5C001 | G9: U.S. Dept. of Education | H9: 0.0221 | I9: 0.1634 | J9: 46203 | K9: 46204 | L9: 45474 | M9: 07/01/24 - 06/30/26 | N9: 1447.8 | O9: =9493.2-1447.8 -> 8045.4 | P9: =N9+O9 -> 9493.2 | R9: 8045 | T9: =R9+S9 -> 8045 | U9: =P9-T9 -> 1448.2
P10: =N10+O10 -> 0 | T10: =R10+S10 -> 0 | U10: =P10-T10 -> 0
P11: =N11+O11 -> 0 | T11: =R11+S11 -> 0 | U11: =P11-T11 -> 0
M12: TOTAL | N12: =SUM(N7:N11) -> 171040.42 | O12: =SUM(O7:O11) -> 8045.4 | P12: =SUM(P7:P11) -> 179085.82 | R12: =SUM(R7:R11) -> 61005.91 | S12: =SUM(S7:S11) -> 0 | T12: =SUM(T7:T11) -> 61005.91 | U12: =SUM(U7:U11) -> 118079.91
B15: TERMS AND SPECIAL CONDITIONS
B16: This project and any amendments are subject to the procedures outlined in the Project Application and Amendment Procedures for Federal and State Programs (Green Book) and the General Assurances for Participation in Federal and State Programs.
B18: As a sub-recipient of Federal funds there is a requirement that you permit the Palm Beach County School District and auditors to have access to your records and financial statements as necessary for the Palm Beach County School District to meet the requirements of section, 200.300 Statutory and national policy requirements through 300.309 Period of performance, and Subpart F-Audit Requirements of this Part.
B20: Pursuant to OMB Uniform Guidance (2 CFR 200.501), "Each non-federal entity that expends $750,000 or more in any fiscal year of such non-federal entity shall be required to have a "Single or program specific audit". For further information, please see link below.
B21: https://www2.ed.gov/policy/fund/guid/uniform-guidance/index.html
B24: Palm Beach County School District Contacts: | C24: Name | D24: Phone#
B25: Title I | C25: Nicole Smith | D25: 561-434-8111
B26: Title IV | C26: Tangela Steele | D26: 561-649-6868
B27: Stronger Connections | C27: Samantha Palaigos | D27: 561-434-7368
B29: *Note - To see Indirect Cost Plan - 2025-26 - The School District of Palm Beach County Website/Choice/Career Programs/Charter Schools/Charter School Fiscal Oversight/ Indirect Cost Plan - 2025-26
R32: ** Required to be recorded as Revenue and
B33: * On-Behalf Payment Detail: | C33: CFDA # | F33: Paid To | G33: On-Behalf Amount | M33: Date Paid | N33: Description | R33: Expenditure under the applicable Federal Award
S52: Total Payments: | T52: =T12 -> 61005.91

Sheet #4091 Somerset Acd Lakes
A1: Somerset Academy Lakes
A2: =('#1461 Inlet Grove Comm HS '!A2) -> Federal Grant Allocations/Reimbursements as of: 12/31/25
A3: Department # 4091
A4: DUNS #150889900 | R4: ='#0040 Palm Beach Prep Char. MS'!R4 -> July 1, 2025 - June 30, 2026
A6: Fund | B6: Grant - Program Title | C6: ALN/Name | D6: FAIN# | E6: TAPS | F6: Award # | G6: Awarding Federal Agency | H6: ='#1461 Inlet Grove Comm HS '!H6 -> FY26 Restricted Indirect Cost Rate+ | I6: ='#1461 Inlet Grove Comm HS '!I6 -> FY26 Unrestricted Indirect Cost Rate+ | J6: Last Date to Incur Expenditures | K6: Last Date to Submit Reimbursement Request/Close out Grants | L6: Federal Award Date | M6: Project Period | N6: Original Allocation Amount | O6: Incr <Decr> in Allocation Amount | P6: Revised Allocation Amount | R6: Cash Payments | S6: On-Behalf Payments * | T6: Total Payments ** | U6: ='#4090 SLAM MS'!U6 -> Available Budget as of 12/31/25
A7: 4201 | B7: Title I, Part A - Improving the Academic Achievement of the Disadvantaged (TIPA) | C7: 84.010A Title I, Part A, Basic | D7: S010A250009 | E7: 26A001 | F7: 500-2126C-6CB01 | G7: U.S. Dept. of Education | H7: 0.0221 | I7: 0.1634 | J7: 46203 | K7: 46204 | L7: 45839 | M7: 07/01/25 - 06/30/26 | N7: 205627.5 | P7: =N7+O7 -> 205627.5 | R7: 39100.62 | S7: 0 | T7: =R7+S7 -> 39100.62 | U7: =P7-T7 -> 166526.88
A8: 4204 | B8: Stronger Connections Grant Program | C8: 84.424F Title II BSCA SSAE Program USDE | D8: S424F220010 | E8: 24A278 | F8: 500-2423A-4CR01 | G8: U.S. Dept. of Education | H8: 0.0221 | I8: 0.1634 | J8: 46295 | K8: 46296 | L8: 44819 | M8: 01/01/24 - 09/30/26 | N8: 2394.48 | P8: =N8+O8 -> 2394.48 | R8: 0 | U8: =P8-T8 -> 2394.48
P9: =N9+O9 -> 0 | T9: =R9+S9 -> 0 | U9: =P9-T9 -> 0
M10: TOTAL | N10: =SUM(N7:N9) -> 208021.98 | O10: =SUM(O7:O9) -> 0 | P10: =SUM(P7:P9) -> 208021.98 | R10: =SUM(R7:R9) -> 39100.62 | S10: =SUM(S7:S9) -> 0 | T10: =SUM(T7:T9) -> 39100.62 | U10: =SUM(U7:U9) -> 168921.36
B12: TERMS AND SPECIAL CONDITIONS
B13: This project and any amendments are subject to the procedures outlined in the Project Application and Amendment Procedures for Federal and State Programs (Green Book) and the General Assurances for Participation in Federal and State Programs.
B15: As a sub-recipient of Federal funds there is a requirement that you permit the Palm Beach County School District and auditors to have access to your records and financial statements as necessary for the Palm Beach County School District to meet the requirements of section, 200.300 Statutory and national policy requirements through 300.309 Period of performance, and Subpart F-Audit Requirements of this Part.
B17: Pursuant to OMB Uniform Guidance (2 CFR 200.501), "Each non-federal entity that expends $750,000 or more in any fiscal year of such non-federal entity shall be required to have a "Single or program specific audit". For further information, please see link below.
B18: https://www2.ed.gov/policy/fund/guid/uniform-guidance/index.html
B20: Palm Beach County School District Contacts: | C20: Name | D20: Phone#
B21: Title I | C21: Nicole Smith | D21: 561-434-8111
B22: Stronger Connections | C22: Samantha Palaigos | D22: 561-434-7368
B24: *Note - To see Indirect Cost Plan - 2025-26 - The School District of Palm Beach County Website/Choice/Career Programs/Charter Schools/Charter School Fiscal Oversight/ Indirect Cost Plan - 2025-26
R27: ** Required to be recorded as Revenue and
B28: * On-Behalf Payment Detail: | C28: CFDA # | F28: Paid To | G28: On-Behalf Amount | M28: Date Paid | N28: Description | R28: Expenditure under the applicable Federal Award
S52: Total Payments | T52: =T10 -> 39100.62

Sheet #4100 Connections Ed. Center PB
A1: Connections Education Center PB
A2: =('#1461 Inlet Grove Comm HS '!A2) -> Federal Grant Allocations/Reimbursements as of: 12/31/25
A3: Department # 4100
A4: DUNS #150889900 | R4: ='#0040 Palm Beach Prep Char. MS'!R4 -> July 1, 2025 - June 30, 2026
A6: Fund | B6: Grant - Program Title | C6: ALN/Name | D6: FAIN# | E6: TAPS | F6: Award # | G6: Awarding Federal Agency | H6: ='#1461 Inlet Grove Comm HS '!H6 -> FY26 Restricted Indirect Cost Rate+ | I6: ='#1461 Inlet Grove Comm HS '!I6 -> FY26 Unrestricted Indirect Cost Rate+ | J6: Last Date to Incur Expenditures | K6: Last Date to Submit Reimbursement Request/Close out Grants | L6: Federal Award Date | M6: Project Period | N6: Original Allocation Amount | O6: Incr <Decr> in Allocation Amount | P6: Revised Allocation Amount | R6: Cash Payments | S6: On-Behalf Payments * | T6: Total Payments ** | U6: ='#4091 Somerset Acd Lakes'!U6 -> Available Budget as of 12/31/25
A7: 4201 | B7: Title I, Part A - Improving the Academic Achievement of the Disadvantaged (TIPA) | C7: 84.010A Title I, Part A, Basic | D7: S010A250009 | E7: 26A001 | F7: 500-2126C-6CB01 | G7: U.S. Dept. of Education | H7: 0.0221 | I7: 0.1634 | J7: 46203 | K7: 46204 | L7: 45839 | M7: 07/01/25 - 06/30/26 | N7: 29899.5 | P7: =N7+O7 -> 29899.5 | R7: 8925.87 | S7: 0 | T7: =R7+S7 -> 8925.87 | U7: =P7-T7 -> 20973.63
A8: 4221 | B8: Title I, Part A - Unified School Improvement Grant (UniSIG) | C8: 84.010A Title I Part A School Improvement 1003 USDE | D8: S010A250009 | E8: 26A002 | F8: 500-2266D-6C001 | G8: U.S. Dept. of Education | H8: 0.0221 | I8: 0.1634 | J8: 46234 | K8: 46235 | L8: 45839 | M8: 08/01/25 - 07/31/26 | N8: 118750 | P8: =N8+O8 -> 118750 | R8: 17669.94 | T8: =R8+S8 -> 17669.94 | U8: =P8-T8 -> 101080.06
A9: 4253 | B9: IDEA Part B, K-12 Entitlement | C9: 84.027A IDEA - Part B, PL 108-446 Section 611 | D9: H027A250024 | E9: 26C001 | F9: 500-2636C-6CB01 | G9: U.S. Dept. of Education | H9: 0.0221 | I9: 0.1634 | J9: 46203 | K9: 46204 | L9: 45839 | M9: 07/01/25 - 06/30/26 | N9: 55183.54 | O9: =116576.82-55183.54 -> 61393.28 | P9: =N9+O9 -> 116576.82 | R9: 55183.54 | T9: =R9+S9 -> 55183.54 | U9: =P9-T9 -> 61393.28
A10: 4255 | B10: IDEA Part B, Preschool Entitlement | C10: 84.173A IDEA, Part B - Preschool Section 619 USDE | D10: H173A250027 | E10: 26C002 | F10: 500-2676C-6CP01 | G10: U.S. Dept. of Education | H10: 0.0221 | I10: 0.1634 | J10: 46203 | K10: 46204 | L10: 45839 | M10: 07/01/25 - 06/30/26 | N10: 1679.75 | O10: =3711.64-1679.75 -> 2031.89 | P10: =N10+O10 -> 3711.64 | R10: 1679.75 | T10: =R10+S10 -> 1679.75 | U10: =P10-T10 -> 2031.89
P11: =N11+O11 -> 0 | T11: =R11+S11 -> 0 | U11: =P11-T11 -> 0
M12: TOTAL | N12: =SUM(N7:N11) -> 205512.79 | O12: =SUM(O7:O11) -> 63425.17 | P12: =SUM(P7:P11) -> 268937.96 | R12: =SUM(R7:R11) -> 83459.1 | S12: =SUM(S7:S11) -> 0 | T12: =SUM(T7:T11) -> 83459.1 | U12: =SUM(U7:U11) -> 185478.86
B15: TERMS AND SPECIAL CONDITIONS
B16: This project and any amendments are subject to the procedures outlined in the Project Application and Amendment Procedures for Federal and State Programs (Green Book) and the General Assurances for Participation in Federal and State Programs.
B18: As a sub-recipient of Federal funds there is a requirement that you permit the Palm Beach County School District and auditors to have access to your records and financial statements as necessary for the Palm Beach County School District to meet the requirements of section, 200.300 Statutory and national policy requirements through 300.309 Period of performance, and Subpart F-Audit Requirements of this Part.
B20: Pursuant to OMB Uniform Guidance (2 CFR 200.501), "Each non-federal entity that expends $750,000 or more in any fiscal year of such non-federal entity shall be required to have a "Single or program specific audit". For further information, please see link below.
B21: https://www2.ed.gov/policy/fund/guid/uniform-guidance/index.html
B24: Palm Beach County School District Contacts: | C24: Name | D24: Phone#
B25: Title I | C25: Nicole Smith | D25: 561-434-8111
B26: IDEA | C26: Jennifer Zapata | D26: 561-434-8707
B29: *Note - To see Indirect Cost Plan - 2025-26 - The School District of Palm Beach County Website/Choice/Career Programs/Charter Schools/Charter School Fiscal Oversight/ Indirect Cost Plan - 2025-26
R32: ** Required to be recorded as Revenue and
B33: * On-Behalf Payment Detail: | C33: CFDA # | F33: Paid To | G33: On-Behalf Amount | M33: Date Paid | N33: Description | R33: Expenditure under the applicable Federal Award
S52: Total Payments | T52: =T12 -> 83459.1

Sheet #4102 Bridge Prep Academy
A1: Bridge Prep Academy of Palm Beach
A2: =('#1461 Inlet Grove Comm HS '!A2) -> Federal Grant Allocations/Reimbursements as of: 12/31/25
A3: Department # 4102
A4: DUNS #150889900 | R4: ='#0040 Palm Beach Prep Char. MS'!R4 -> July 1, 2025 - June 30, 2026
A6: Fund | B6: Grant - Program Title | C6: ALN/Name | D6: FAIN# | E6: TAPS | F6: Award # | G6: Awarding Federal Agency | H6: ='#1461 Inlet Grove Comm HS '!H6 -> FY26 Restricted Indirect Cost Rate+ | I6: ='#1461 Inlet Grove Comm HS '!I6 -> FY26 Unrestricted Indirect Cost Rate+ | J6: Last Date to Incur Expenditures | K6: Last Date to Submit Reimbursement Request/Close out Grants | L6: Federal Award Date | M6: Project Period | N6: Original Allocation Amount | O6: Incr <Decr> in Allocation Amount | P6: Revised Allocation Amount | R6: Cash Payments | S6: On-Behalf Payments * | T6: Total Payments ** | U6: ='#4100 Connections Ed. Center PB'!U6 -> Available Budget as of 12/31/25
A7: 4204 | B7: Stronger Connections Grant Program | C7: 84.424F Title II BSCA SSAE Program | D7: S424F220010 | E7: 24A278 | F7: 500-2423A-4CR01 | G7: U.S. Dept. of Education | H7: 0.0221 | I7: 0.1634 | J7: 46295 | K7: 46296 | L7: 44819 | M7: 01/01/24 - 09/30/26 | N7: 955.47 | O7: 784.7 | P7: =N7+O7 -> 1740.17 | R7: 0 | T7: =R7+S7 -> 0 | U7: =P7-T7 -> 1740.17
P8: =N8+O8 -> 0 | R8: 0 | T8: =R8+S8 -> 0 | U8: =P8-T8 -> 0
M9: TOTAL | N9: =SUM(N7:N8) -> 955.47 | O9: =SUM(O7:O8) -> 784.7 | P9: =SUM(P7:P8) -> 1740.17 | R9: =SUM(R7:R8) -> 0 | S9: =SUM(S7:S8) -> 0 | T9: =SUM(T7:T8) -> 0 | U9: =SUM(U7:U8) -> 1740.17
B11: TERMS AND SPECIAL CONDITIONS
B12: This project and any amendments are subject to the procedures outlined in the Project Application and Amendment Procedures for Federal and State Programs (Green Book) and the General Assurances for Participation in Federal and State Programs.
B14: As a sub-recipient of Federal funds there is a requirement that you permit the Palm Beach County School District and auditors to have access to your records and financial statements as necessary for the Palm Beach County School District to meet the requirements of section, 200.300 Statutory and national policy requirements through 300.309 Period of performance, and Subpart F-Audit Requirements of this Part.
B16: Pursuant to OMB Uniform Guidance (2 CFR 200.501), "Each non-federal entity that expends $750,000 or more in any fiscal year of such non-federal entity shall be required to have a "Single or program specific audit". For further information, please see link below.
B17: https://www2.ed.gov/policy/fund/guid/uniform-guidance/index.html
B19: Palm Beach County School District Contacts: | C19: Name | D19: Phone#
B20: Stronger Connections Grant | C20: Samantha Palaigos | D20: 561-434-7368
B22: *Note - To see Indirect Cost Plan - 2025-26 - The School District of Palm Beach County Website/Choice/Career Programs/Charter Schools/Charter School Fiscal Oversight/ Indirect Cost Plan - 2025-26
R25: ** Required to be recorded as Revenue and
B26: * On-Behalf Payment Detail: | C26: CFDA # | F26: Paid To | G26: On-Behalf Amount | M26: Date Paid | N26: Description | R26: Expenditure under the applicable Federal Award
S52: Total Payments: | T52: =T9 -> 0

Sheet #4103 SLAM Boca MiddleHigh
A1: SLAM Boca Middle/High
A2: =('#1461 Inlet Grove Comm HS '!A2) -> Federal Grant Allocations/Reimbursements as of: 12/31/25
A3: Department # 4103
A4: DUNS #150889900 | R4: ='#0040 Palm Beach Prep Char. MS'!R4 -> July 1, 2025 - June 30, 2026
A6: Fund | B6: Grant - Program Title | C6: ALN/Name | D6: FAIN# | E6: TAPS | F6: Award # | G6: Awarding Federal Agency | H6: ='#1461 Inlet Grove Comm HS '!H6 -> FY26 Restricted Indirect Cost Rate+ | I6: ='#1461 Inlet Grove Comm HS '!I6 -> FY26 Unrestricted Indirect Cost Rate+ | J6: Last Date to Incur Expenditures | K6: Last Date to Submit Reimbursement Request/Close out Grants | L6: Federal Award Date | M6: Project Period | N6: Original Allocation Amount | O6: Incr <Decr> in Allocation Amount | P6: Revised Allocation Amount | R6: Cash Payments | S6: On-Behalf Payments * | T6: Total Payments ** | U6: ='#4102 Bridge Prep Academy'!U6 -> Available Budget as of 12/31/25
A7: 4203 | B7: Title II, Part A - Supporting Effective Instruction | C7: 84.367A Title II, A Teacher & Principal Training Fund USDE | D7: S367A250009 | E7: 26A011 | F7: 500-2246C-6CT01 | G7: U.S. Dept. of Education | H7: 0.0221 | I7: 0.1634 | J7: 46203 | K7: 46204 | L7: 45839 | M7: 07/01/25 - 06/30/26 | N7: 31416 | P7: =N7+O7 -> 31416 | R7: 7854 | T7: =R7+S7 -> 7854 | U7: =P7-T7 -> 23562
A8: 4204 | B8: Stronger Connections Grant Program | C8: 84.424F Title II BSCA SSAE Program USDE | D8: S424F220010 | E8: 24A278 | F8: 500-2423A-4CR01 | G8: U.S. Dept. of Education | H8: 0.0221 | I8: 0.1634 | J8: 46295 | K8: 46296 | L8: 44819 | M8: 01/01/24 - 09/30/26 | N8: 5924.81 | P8: =N8+O8 -> 5924.81 | R8: 5356.12 | T8: =R8+S8 -> 5356.12 | U8: =P8-T8 -> 568.69
A9: 4382 | B9: Title III, Part A - English Language Acquisition, Language Ehancement, and Academic Achievement | C9: 84.365A Title III Part A, English Language Acquisition | D9: T365A240009 | E9: 25A014 | F9: 500-1025B-5C001 | G9: U.S. Dept. of Education | H9: 0.0221 | I9: 0.1634 | J9: 46203 | K9: 46204 | L9: 45474 | M9: 07/01/24 - 06/30/26 | N9: 3830.5 | P9: =N9+O9 -> 3830.5 | R9: 3830.5 | T9: =R9+S9 -> 3830.5 | U9: =P9-T9 -> 0
A10: 4383 | B10: Title IV, Part A - Student Support and Academic Enrichment (SSAE) | C10: 84.424A Title IV Student Support and Acadmic Enrichment USDE | D10: S424A240010 | E10: 25A120 | F10: 500-2415A-5C001 | G10: U.S. Dept. of Education | H10: 0.0221 | I10: 0.1634 | J10: 46203 | K10: 46204 | L10: 45474 | M10: 07/01/24 - 06/30/26 | N10: 20644.8 | P10: =N10+O10 -> 20644.8 | R10: 5161.2 | S10: 0 | T10: =R10+S10 -> 5161.2 | U10: =P10-T10 -> 15483.6
P11: =N11+O11 -> 0 | S11: 0 | T11: =R11+S11 -> 0 | U11: =P11-T11 -> 0
P12: =N12+O12 -> 0 | T12: =R12+S12 -> 0 | U12: =P12-T12 -> 0
P13: =N13+O13 -> 0 | S13: 0 | T13: =R13+S13 -> 0 | U13: =P13-T13 -> 0
M14: TOTAL | N14: =SUM(N7:N13) -> 61816.11 | O14: =SUM(O7:O13) -> 0 | P14: =SUM(P7:P13) -> 61816.11 | R14: =SUM(R7:R13) -> 22201.82 | S14: =SUM(S7:S13) -> 0 | T14: =SUM(T7:T13) -> 22201.82 | U14: =SUM(U7:U13) -> 39614.29
B17: TERMS AND SPECIAL CONDITIONS
B18: This project and any amendments are subject to the procedures outlined in the Project Application and Amendment Procedures for Federal and State Programs (Green Book) and the General Assurances for Participation in Federal and State Programs.
B20: As a sub-recipient of Federal funds there is a requirement that you permit the Palm Beach County School District and auditors to have access to your records and financial statements as necessary for the Palm Beach County School District to meet the requirements of section, 200.300 Statutory and national policy requirements through 300.309 Period of performance, and Subpart F-Audit Requirements of this Part.
B22: Pursuant to OMB Uniform Guidance (2 CFR 200.501), "Each non-federal entity that expends $750,000 or more in any fiscal year of such non-federal entity shall be required to have a "Single or program specific audit". For further information, please see link below.
B23: https://www2.ed.gov/policy/fund/guid/uniform-guidance/index.html
B25: Palm Beach County School District Contacts: | C25: Name | D25: Phone#
B26: Title II | C26: Tangela Steele | D26: 561-649-6868
B27: Stronger Connections | C27: Samantha Palaigos | D27: 561-434-7368
B28: Title III | C28: Katty Chois | D28: 561-434-8774
B29: Title IV | C29: Tangela Steele | D29: 561-649-6868
B30: *Note - To see Indirect Cost Plan - 2025-26 - The School District of Palm Beach County Website/Choice/Career Programs/Charter Schools/Charter School Fiscal Oversight/ Indirect Cost Plan - 2025-26
R33: ** Required to be recorded as Revenue and
B34: * On-Behalf Payment Detail: | C34: CFDA # | F34: Paid To | G34: On-Behalf Amount | M34: Date Paid | N34: Description | R34: Expenditure under the applicable Federal Award
S52: Total Payments: | T52: =T14 -> 22201.82

Sheet #4111 SLAM HS PB
A1: SLAM High School Palm Beach
A2: =('#1461 Inlet Grove Comm HS '!A2) -> Federal Grant Allocations/Reimbursements as of: 12/31/25
A3: Department # 4111
A4: DUNS # 080139612 | R4: ='#0040 Palm Beach Prep Char. MS'!R4 -> July 1, 2025 - June 30, 2026
A6: Fund | B6: Grant - Program Title | C6: ALN/Name | D6: FAIN# | E6: TAPS | F6: Award # | G6: Awarding Federal Agency | H6: ='#1461 Inlet Grove Comm HS '!H6 -> FY26 Restricted Indirect Cost Rate+ | I6: ='#1461 Inlet Grove Comm HS '!I6 -> FY26 Unrestricted Indirect Cost Rate+ | J6: Last Date to Incur Expenditures | K6: Last Date to Submit Reimbursement Request/Close out Grants | L6: Federal Award Date | M6: Project Period | N6: Original Allocation Amount | O6: Incr <Decr> in Allocation Amount | P6: Revised Allocation Amount | R6: Cash Payments | S6: On-Behalf Payments * | T6: Total Payments ** | U6: ='#4103 SLAM Boca MiddleHigh'!U6 -> Available Budget as of 12/31/25
A7: 4201 | B7: Title I, Part A - Improving the Academic Achievement of the Disadvantaged (TIPA) | C7: 84.010A Title I, Part A, Basic | D7: S010A250009 | E7: 26A001 | F7: 500-2126C-6CB01 | G7: U.S. Dept. of Education | H7: 0.0221 | I7: 0.1634 | J7: 46203 | K7: 46204 | L7: 45839 | M7: 07/01/25 - 06/30/26 | N7: 123376.5 | P7: =N7+O7 -> 123376.5 | R7: 21327.03 | T7: =R7+S7 -> 21327.03 | U7: =P7-T7 -> 102049.47
A8: 4204 | B8: Stronger Connections Grant Program | C8: 84.424F Title II BSCA SSAE Program USDE | D8: S424F220010 | E8: 24A278 | F8: 500-2423A-4CR01 | G8: U.S. Dept. of Education | H8: 0.0221 | I8: 0.1634 | J8: 46295 | K8: 46296 | L8: 44819 | M8: 01/01/24 - 09/30/26 | N8: 1793.72 | P8: =N8+O8 -> 1793.72 | R8: 0 | T8: =R8+S8 -> 0 | U8: =P8-T8 -> 1793.72
A9: 4383 | B9: Title IV, Part A - Student Support and Academic Enrichment (SSAE) | C9: 84.424A Title IV Student Support and Acadmic Enrichment USDE | D9: S424A240010 | E9: 25A120 | F9: 500-2415A-5C001 | G9: U.S. Dept. of Education | H9: 0.0221 | I9: 0.1634 | J9: 46203 | K9: 46204 | L9: 45474 | M9: 07/01/24 - 06/30/26 | N9: 5920.2 | P9: =N9+O9 -> 5920.2 | R9: 5100 | T9: =R9+S9 -> 5100 | U9: =P9-T9 -> 820.2
M10: TOTAL | N10: =SUM(N7:N9) -> 131090.42 | O10: =SUM(O7:O9) -> 0 | P10: =SUM(P7:P9) -> 131090.42 | R10: =SUM(R7:R9) -> 26427.03 | S10: =SUM(S7:S9) -> 0 | T10: =SUM(T7:T9) -> 26427.03 | U10: =SUM(U7:U9) -> 104663.39
B13: TERMS AND SPECIAL CONDITIONS
B14: This project and any amendments are subject to the procedures outlined in the Project Application and Amendment Procedures for Federal and State Programs (Green Book) and the General Assurances for Participation in Federal and State Programs.
B16: As a sub-recipient of Federal funds there is a requirement that you permit the Palm Beach County School District and auditors to have access to your records and financial statements as necessary for the Palm Beach County School District to meet the requirements of section, 200.300 Statutory and national policy requirements through 300.309 Period of performance, and Subpart F-Audit Requirements of this Part.
B18: Pursuant to OMB Uniform Guidance (2 CFR 200.501), "Each non-federal entity that expends $750,000 or more in any fiscal year of such non-federal entity shall be required to have a "Single or program specific audit". For further information, please see link below.
B19: https://www2.ed.gov/policy/fund/guid/uniform-guidance/index.html
B21: Palm Beach County School District Contacts: | C21: Name | D21: Phone#
B22: Title I | C22: Nicole Smith | D22: 561-434-8111
B23: Stronger Connections | C23: Samantha Palaigos | D23: 561-434-7368
B25: *Note - To see Indirect Cost Plan - 2025-26 - The School District of Palm Beach County Website/Choice/Career Programs/Charter Schools/Charter School Fiscal Oversight/ Indirect Cost Plan - 2025-26
R28: ** Required to be recorded as Revenue and
B29: * On-Behalf Payment Detail: | C29: CFDA # | F29: Paid To | G29: On-Behalf Amount | M29: Date Paid | N29: Description | R29: Expenditure under the applicable Federal Award
S52: Total Payments: | T52: =T10 -> 26427.03

Sheet #4131 Somerset Academy Well HS
A1: Somerset Academy Wellington High School
A2: =('#1461 Inlet Grove Comm HS '!A2) -> Federal Grant Allocations/Reimbursements as of: 12/31/25
A3: Department # 4131
A4: DUNS # 968049465 | R4: ='#0040 Palm Beach Prep Char. MS'!R4 -> July 1, 2025 - June 30, 2026
A6: Fund | B6: Grant - Program Title | C6: ALN/Name | D6: FAIN# | E6: TAPS | F6: Award # | G6: Awarding Federal Agency | H6: ='#1461 Inlet Grove Comm HS '!H6 -> FY26 Restricted Indirect Cost Rate+ | I6: ='#1461 Inlet Grove Comm HS '!I6 -> FY26 Unrestricted Indirect Cost Rate+ | J6: Last Date to Incur Expenditures | K6: Last Date to Submit Reimbursement Request/Close out Grants | L6: Federal Award Date | M6: Project Period | N6: Original Allocation Amount | O6: Incr <Decr> in Allocation Amount | P6: Revised Allocation Amount | R6: Cash Payments | S6: On-Behalf Payments * | T6: Total Payments ** | U6: ='#4111 SLAM HS PB'!U6 -> Available Budget as of 12/31/25
A7: 4221 | B7: Title I, Part A - Unified School Improvement Grant (UniSIG) | C7: 84.010A PL 114-95 ESSA 2015, Title I, Part A | D7: S010A240009 | E7: 25A002 | F7: 500-2265D-5C001 | G7: U.S. Dept. of Education | H7: 0.0221 | I7: 0.1634 | J7: 45869 | K7: 45870 | L7: 45474 | M7: 08/01/24 - 07/31/25 | N7: 21644.23 | O7: -2468.54 | P7: =N7+O7 -> 19175.69 | R7: 19175.69 | T7: =R7+S7 -> 19175.69 | U7: 0 | V7: * Grant is Closed
A8: 4410 | B8: 2022-2025 Public Charter School Program (CSP) Planning, Program Design and Implementation | C8: 84.282A Title IV Part C ESSA 2015 20 USC 7221-7221j USDE | D8: S282A200017 | E8: 23C091 | F8: 500-2981F-3C101 | G8: U.S. Dept. of Education | H8: 0.0221 | I8: 0.1634 | J8: 46203 | K8: 46204 | L8: 44105 | M8: 09/07/22 - 06/30/26 | N8: 170113 | O8: 0 | P8: =N8+O8 -> 170113 | R8: 130703.52 | T8: =R8+S8 -> 130703.52 | U8: =P8-T8 -> 39409.48
L9: TOTAL | N9: =SUM(N7:N8) -> 191757.23 | O9: =SUM(O7:O8) -> -2468.54 | P9: =SUM(P7:P8) -> 189288.69 | R9: =SUM(R7:R8) -> 149879.21 | S9: =SUM(S7:S8) -> 0 | T9: =SUM(T7:T8) -> 149879.21 | U9: =SUM(U7:U8) -> 39409.48
B11: TERMS AND SPECIAL CONDITIONS | P11: * Budget for closed grants no longer available.
B12: This project and any amendments are subject to the procedures outlined in the Project Application and Amendment Procedures for Federal and State Programs (Green Book) and the General Assurances for Participation in Federal and State Programs.
R13: =P7-R7 -> 0
B14: As a sub-recipient of Federal funds there is a requirement that you permit the Palm Beach County School District and auditors to have access to your records and financial statements as necessary for the Palm Beach County School District to meet the requirements of section, 200.300 Statutory and national policy requirements through 300.309 Period of performance, and Subpart F-Audit Requirements of this Part.
B16: Pursuant to OMB Uniform Guidance (2 CFR 200.501), "Each non-federal entity that expends $750,000 or more in any fiscal year of such non-federal entity shall be required to have a "Single or program specific audit". For further information, please see link below.
B18: https://www2.ed.gov/policy/fund/guid/uniform-guidance/index.html
B20: Palm Beach County School District Contacts: | C20: Name | D20: Phone#
B21: Title I | C21: Nicole Smith | D21: 561-434-8111
B22: CSP Grant | C22: Simone Oladejo | D22: 561-434-8230
B26: *Note - To see Indirect Cost Plan - 2025-26 - The School District of Palm Beach County Website/Choice/Career Programs/Charter Schools/Charter School Fiscal Oversight/ Indirect Cost Plan - 2025-26
R29: ** Required to be recorded as Revenue and
B30: * On-Behalf Payment Detail: | C30: CFDA # | E30: Paid To | F30: On-Behalf Amount | L30: Date Paid | M30: Description | R30: Expenditure under the applicable Federal Award
S52: Total | T52: =T9 -> 149879.21

Sheet #4121 South Tech Success
B1: South Tech Success | Q1: July 1, 2019 - June 30, 2020
B2: Federal Grant Allocations/Reimbursements as of : | C2: 43738 | Q2: Reimbursements as of 09/30/2019
A3: Fund | B3: Department # 4121
B4: DUNS # 179459669 | M4: Award | N4: Award | O4: Award | Q4: Cash | R4: On-Behalf | S4: Total
G5: FY20 | H5: FY20 | M5: Original | N5: Incr<Decr> | O5: Revised | Q5: Payments | R5: Payments | S5: Payments
B6: Program Title | C6: CFDA#/Name | D6: FAIN# | E6: Award # | F6: Awarding Federal Agency | G6: Restricted Indirect Cost Rate+ | H6: Unrestricted Indirect Cost Rate+ | I6: Last Date to Incur Expenditures | J6: Last Date to Submit Reimbursement Request/Close out Grants | K6: Federal Award Date | L6: Project Period | M6: Amount | N6: Amount | O6: Amount | R6: * | S6: **
F7: U.S. Dept. of Education | G7: 0.0277 | H7: 0.1506 | I7: 43646 | J7: 43647 | K7: 43282 | L7: 07/01/18 - 06/30/19
O8: =M8+N8 -> 0 | S8: =Q8+R8 -> 0
L10: TOTAL | M10: =SUM(M8:M8) -> 0 | N10: =SUM(N8:N8) -> 0 | O10: =SUM(O8:O8) -> 0 | Q10: =SUM(Q8:Q8) -> 0 | R10: =SUM(R8:R8) -> 0 | S10: =SUM(S8:S8) -> 0
B13: TERMS AND SPECIAL CONDITIONS
B14: This project and any amendments are subject to the procedures outlined in the Project Application and Amendment Procedures for Federal and State Programs (Green Book) and the General Assurances for Participation in Federal and State Programs.
B16: As a sub-recipient of Federal funds there is a requirement that you permit the Palm Beach County School District and auditors to have access to your records and financial statements as necessary for the Palm Beach County School District to meet the requirements of section, 200.300 Statutory and national policy requirements through 300.309 Period of performance, and Subpart F-Audit Requirements of this Part.
B18: Pursuant to OMB Uniform Guidance (2 CFR 200.501), "Each non-federal entity that expends $750,000 or more in any fiscal year of such non-federal entity shall be required to have a "Single or program specific audit". For further information, please see link below.
B19: https://www2.ed.gov/policy/fund/guid/uniform-guidance/index.html
B21: Palm Beach County School District Contacts: | C21: Name | D21: Phone#
B22: IDEA | C22: Linda Guzman | D22: 561-434-8674
B24: *Note - To see Indirect Cost Plan - 2019-20 - The School District of Palm Beach County Website/Student & Parents/School Choice/Charter Schools/Charter School Fiscal Oversight
B25: Indirect Cost Plan - 2019-20
Q27: ** Required to be recorded as Revenue and
B28: * On-Behalf Payment Detail: | C28: CFDA # | E28: Paid To | F28: On-Behalf Amount | L28: Date Paid | M28: Description | Q28: Expenditure under the applicable Federal Award
